Workbook
Name аааааппппппрррппппппп: #REF!
Name аараооооооооооооо: #REF!
Name автом: #REF!
Name алшрльоплварл: #REF!
Name аолвлддддддддддддддддввввввввв: #REF!
Name апарв: #REF!
Name апрлдджаоырыфрпопрлпрлпрлп: #REF!
Name арлггаджаш: #REF!
Name ароррбллтблпроорапииас: #REF!
Name арррррблллпдрлдддддддддд: #REF!
Name варпаааааааааа: #REF!
Name ввпьььььлднд: #REF!
Name вед: #REF!
Name вертикальная: #REF!
Name вертикплан: #REF!
Name волен: #REF!
Name вп: #REF!
Name впырпфдыпл: #REF!
Name впьглорьтитттттттттт: #REF!
Name всввввввввввввввввввввввввв: #REF!
Name выб: #REF!
Name выпуск: #REF!
Name выьлепвввввпмп: #REF!
Name еваопродолжэрщэрзшщщх: #REF!
Name измен: #REF!
Name итого: #REF!
Name итого_сантех: #REF!
Name итого_стр: #REF!
Name итого_строит: #REF!
Name итого_технол: #REF!
Name итого_электр: #REF!
Name квота: #REF!
Name кккккккккк: #REF!
Name корек: #REF!
Name корект: #REF!
Name корректир: #REF!
Name лен: #REF!
Name лот: #REF!
Name мамиааааааааааааааааааааааааааааа: #REF!
Name ммпоослччччччччччрччапппппппппр: #REF!
Name мрол: #REF!
Name оз: #REF!
Name озелен: #REF!
Name озеленение: #REF!
Name озеленение2: #REF!
Name ОСР: #REF!
Name ОСР110: #REF!
Name ОСР111: #REF!
Name план: #REF!
Name планировка: #REF!
Name плдщхэж.юрббдлююбо: #REF!
Name площадки: #REF!
Name пос: #REF!
Name прав: #REF!
Name прлппппппппппппппрррррррр: #REF!
Name провбп: #REF!
Name проект: #REF!
Name пропппп: #REF!
Name рпоолллллбрюююююююююююю: #REF!
Name сааповвыыыыыеееееггггггггг: #REF!

Sheet СМР
A1: Расчет начальной (максимальной) цены на
A2: на выполнение работ по " Строительству кормокухни и вольеров для содержания служебных собак на кинологическом городке войсковой части 3275".
A4: Наименование глав ССР, объектный сметных расчетов, локальных сметных расчетов, видов прочих работ | B4: Сметная стоимость строительства в базисном уровне цен на 01.01.2000г. по ССР | F4: Остаток сметной стоимости в базисном уровне цен на 01.01.2015 | J4: Сметная стоимость строительства в базисном уровне цен на 01.01.2000г., выставленная на конкурс | N4: Текущая стоимость на момент определения начальной (максимальной) цены | O4: № обосновывающего расчета | P4: 2015 год | S4: 2016 год
B5: Всего | C5: СМР | D5: Оборудование | E5: Прочие | F5: Всего | G5: СМР | H5: Оборудование | I5: Прочие | J5: Всего | K5: СМР | L5: Оборудование | M5: Прочие | P5: СМР | Q5: Оборудование | R5: Прочие | S5: СМР | T5: Оборудование | U5: Прочие
A6: 1 | B6: 2 | C6: 3 | D6: 4 | E6: 5 | F6: 6 | G6: 7 | H6: 8 | I6: 9 | J6: 10 | K6: 11 | L6: 12 | M6: 13 | N6: 14 | O6: 15 | P6: 16 | Q6: 17 | R6: 18 | S6: 19 | T6: 20 | U6: 21
A7: Раздел: Архитектурно-строительные работы. | B7: ='[2]25841'!E17 -> 2917465 | C7: ='[2]25841'!F17 -> 2917465 | D7: ='[2]25841'!G17 -> 0 | E7: ='[2]25841'!H17 -> 0 | F7: =SUM(G7:I7) -> 2917465 | G7: =C7 -> 2917465 | H7: =D7 -> 0 | I7: =E7 -> 0 | J7: =SUM(K7:M7) -> 2917465 | K7: =G7 -> 2917465 | L7: =Q7 -> 0 | M7: =E7 -> 0 | N7: =SUM(P7:R7) -> 16746249 | O7: ='[2]25841'!B17 -> 25826 | P7: =ROUND(C7*5.74,0) -> 16746249 | Q7: =D7 -> 0 | R7: =E7 -> 0
A8: Раздел: Вольеры на 48 собак. Архитектурно-строительные решения | B8: ='[2]25841'!E18 -> 1277724 | C8: ='[2]25841'!F18 -> 1277724 | D8: ='[2]25841'!G18 -> 0 | E8: ='[2]25841'!H18 -> 0 | F8: =SUM(G8:I8) -> 1277724 | G8: =C8 -> 1277724 | H8: =D8 -> 0 | I8: =E8 -> 0 | J8: =SUM(K8:M8) -> 1277724 | K8: =G8 -> 1277724 | L8: =Q8 -> 0 | M8: =E8 -> 0 | N8: =SUM(S8:U8) -> 7334136 | O8: ='[2]25841'!B18 -> 25827 | Q8: =H8 -> 0 | R8: =I8 -> 0 | S8: =ROUND(C8*5.74,0) -> 7334136 | T8: =D8 -> 0 | U8: =E8 -> 0
A9: Раздел: Генеральный план. Благоустройство | B9: ='[2]25841'!E19 -> 202092 | C9: ='[2]25841'!F19 -> 202092 | D9: ='[2]25841'!G19 -> 0 | E9: ='[2]25841'!H19 -> 0 | F9: =SUM(G9:I9) -> 202092 | G9: =C9 -> 202092 | H9: =D9 -> 0 | I9: =E9 -> 0 | J9: =SUM(K9:M9) -> 202092 | K9: =G9 -> 202092 | L9: =Q9 -> 0 | M9: =E9 -> 0 | N9: =SUM(S9:U9) -> 1160008 | O9: ='[2]25841'!B19 -> 25828 | Q9: =H9 -> 0 | R9: =I9 -> 0 | S9: =ROUND(C9*5.74,0) -> 1160008 | T9: =D9 -> 0 | U9: =E9 -> 0
A10: Раздел: Генеральный план. Водоотведение. | B10: ='[2]25841'!E20 -> 894163 | C10: ='[2]25841'!F20 -> 894163 | D10: ='[2]25841'!G20 -> 0 | E10: ='[2]25841'!H20 -> 0 | F10: =SUM(G10:I10) -> 894163 | G10: =C10 -> 894163 | H10: =D10 -> 0 | I10: =E10 -> 0 | J10: =SUM(K10:M10) -> 894163 | K10: =G10 -> 894163 | L10: =Q10 -> 0 | M10: =E10 -> 0 | N10: =SUM(S10:U10) -> 5132496 | O10: ='[2]25841'!B20 -> 25884 | Q10: =H10 -> 0 | R10: =I10 -> 0 | S10: =ROUND(C10*5.74,0) -> 5132496 | T10: =D10 -> 0 | U10: =E10 -> 0
A11: Раздел: Теплосеть | B11: ='[2]25841'!E22 -> 6717 | C11: ='[2]25841'!F22 -> 6717 | D11: ='[2]25841'!G22 -> 0 | E11: ='[2]25841'!H22 -> 0 | F11: =SUM(G11:I11) -> 6717 | G11: =C11 -> 6717 | H11: =D11 -> 0 | I11: =E11 -> 0 | J11: =SUM(K11:M11) -> 6717 | K11: =G11 -> 6717 | L11: =H11 -> 0 | M11: =E11 -> 0 | N11: =SUM(S11:U11) -> 38556 | O11: ='[2]25841'!B22 -> 25830 | R11: =I11 -> 0 | S11: =ROUND(C11*5.74,0) -> 38556 | T11: =D11 -> 0 | U11: =E11 -> 0
A12: Раздел: Отопление и вентиляция | B12: ='[2]25841'!E23 -> 322172 | C12: ='[2]25841'!F23 -> 171704 | D12: ='[2]25841'!G23 -> 150468 | E12: ='[2]25841'!H23 -> 0 | F12: =SUM(G12:I12) -> 322172 | G12: =C12 -> 171704 | H12: =D12 -> 150468 | I12: =E12 -> 0 | J12: =SUM(K12:M12) -> 322172 | K12: =G12 -> 171704 | L12: =H12 -> 150468 | M12: =E12 -> 0 | N12: =SUM(S12:U12) -> 1551341 | O12: ='[2]25841'!B23 -> 25831 | R12: =I12 -> 0 | S12: =ROUND(C12*5.74,0) -> 985581 | T12: =ROUND(D12*3.76,0) -> 565760 | U12: =E12 -> 0
A13: Раздел: Водопровод и канализация. | B13: ='[2]25841'!E24 -> 57917 | C13: ='[2]25841'!F24 -> 57917 | D13: ='[2]25841'!G24 -> 0 | E13: ='[2]25841'!H24 -> 0 | F13: =SUM(G13:I13) -> 57917 | G13: =C13 -> 57917 | H13: =D13 -> 0 | I13: =E13 -> 0 | J13: =SUM(K13:M13) -> 57917 | K13: =G13 -> 57917 | L13: =H13 -> 0 | M13: =E13 -> 0 | N13: =SUM(S13:U13) -> 332444 | O13: ='[2]25841'!B24 -> 25832 | R13: =I13 -> 0 | S13: =ROUND(C13*5.74,0) -> 332444 | T13: =ROUND(D13*3.76,0) -> 0 | U13: =E13 -> 0
A14: Раздел: Наружные сети водопровода и канализации | B14: ='[2]25841'!E25 -> 74795 | C14: ='[2]25841'!F25 -> 74795 | D14: ='[2]25841'!G25 -> 0 | E14: ='[2]25841'!H25 -> 0 | F14: =SUM(G14:I14) -> 74795 | G14: =C14 -> 74795 | H14: =D14 -> 0 | I14: =E14 -> 0 | J14: =SUM(K14:M14) -> 74795 | K14: =G14 -> 74795 | L14: =H14 -> 0 | M14: =E14 -> 0 | N14: =SUM(S14:U14) -> 429323 | O14: ='[2]25841'!B25 -> 25833 | R14: =I14 -> 0 | S14: =ROUND(C14*5.74,0) -> 429323 | T14: =ROUND(D14*3.76,0) -> 0 | U14: =E14 -> 0
A15: Раздел: Электроснабжение | B15: ='[2]25841'!E26 -> 60020 | C15: ='[2]25841'!F26 -> 57700 | D15: ='[2]25841'!G26 -> 2320 | E15: ='[2]25841'!H26 -> 0 | F15: =SUM(G15:I15) -> 60020 | G15: =C15 -> 57700 | H15: =D15 -> 2320 | I15: =E15 -> 0 | J15: =SUM(K15:M15) -> 60020 | K15: =G15 -> 57700 | L15: =H15 -> 2320 | M15: =E15 -> 0 | N15: =SUM(S15:U15) -> 339921 | O15: ='[2]25841'!B26 -> 25834 | R15: =I15 -> 0 | S15: =ROUND(C15*5.74,0) -> 331198 | T15: =ROUND(D15*3.76,0) -> 8723 | U15: =E15 -> 0
A16: Раздел: Cиловое электрооборудование. | B16: ='[2]25841'!E27 -> 170303 | C16: ='[2]25841'!F27 -> 149696 | D16: ='[2]25841'!G27 -> 20607 | E16: ='[2]25841'!H27 -> 0 | F16: =SUM(G16:I16) -> 170303 | G16: =C16 -> 149696 | H16: =D16 -> 20607 | I16: =E16 -> 0 | J16: =SUM(K16:M16) -> 170303 | K16: =G16 -> 149696 | L16: =H16 -> 20607 | M16: =E16 -> 0 | N16: =SUM(S16:U16) -> 936737 | O16: ='[2]25841'!B27 -> 25835 | R16: =I16 -> 0 | S16: =ROUND(C16*5.74,0) -> 859255 | T16: =ROUND(D16*3.76,0) -> 77482 | U16: =E16 -> 0
A17: Раздел: Молниезащита и заземление. | B17: ='[2]25841'!E28 -> 38807 | C17: ='[2]25841'!F28 -> 38129 | D17: ='[2]25841'!G28 -> 0 | E17: ='[2]25841'!H28 -> 678 | F17: =SUM(G17:I17) -> 38807 | G17: =C17 -> 38129 | H17: =D17 -> 0 | I17: =E17 -> 678 | J17: =SUM(K17:M17) -> 38807 | K17: =G17 -> 38129 | L17: =H17 -> 0 | M17: =E17 -> 678 | N17: =SUM(S17:U17) -> 225674 | O17: ='[2]25841'!B28 -> 25836 | Q17: =H17 -> 0 | S17: =ROUND(C17*5.74,0) -> 218860 | T17: =ROUND(D17*3.76,0) -> 0 | U17: =ROUND(E17*10.05,0) -> 6814
A18: Раздел: Электроосвещение | B18: ='[2]25841'!E29 -> 129284 | C18: ='[2]25841'!F29 -> 127202 | D18: ='[2]25841'!G29 -> 2082 | E18: ='[2]25841'!H29 -> 0 | F18: =SUM(G18:I18) -> 129284 | G18: =C18 -> 127202 | H18: =D18 -> 2082 | I18: =E18 -> 0 | J18: =SUM(K18:M18) -> 129284 | K18: =G18 -> 127202 | L18: =H18 -> 2082 | M18: =E18 -> 0 | N18: =SUM(S18:U18) -> 737967 | O18: ='[2]25841'!B29 -> 25837 | R18: =I18 -> 0 | S18: =ROUND(C18*5.74,0) -> 730139 | T18: =ROUND(D18*3.76,0) -> 7828 | U18: =ROUND(E18*10.05,0) -> 0
A19: Раздел: Наружное освещение. | B19: ='[2]25841'!E30 -> 49229 | C19: ='[2]25841'!F30 -> 49229 | D19: ='[2]25841'!G30 -> 0 | E19: ='[2]25841'!H30 -> 0 | F19: =SUM(G19:I19) -> 49229 | G19: =C19 -> 49229 | H19: =D19 -> 0 | I19: =E19 -> 0 | J19: =SUM(K19:M19) -> 49229 | K19: =G19 -> 49229 | L19: =H19 -> 0 | M19: =E19 -> 0 | N19: =SUM(S19:U19) -> 282574 | O19: ='[2]25841'!B30 -> 25838 | Q19: =H19 -> 0 | R19: =I19 -> 0 | S19: =ROUND(C19*5.74,0) -> 282574 | T19: =ROUND(D19*3.76,0) -> 0 | U19: =ROUND(E19*10.05,0) -> 0
A20: Раздел: Cети связи. | B20: ='[2]25841'!E31 -> 40807 | C20: ='[2]25841'!F31 -> 40807 | D20: ='[2]25841'!G31 -> 0 | E20: ='[2]25841'!H31 -> 0 | F20: =SUM(G20:I20) -> 40807 | G20: =C20 -> 40807 | H20: =D20 -> 0 | I20: =E20 -> 0 | J20: =SUM(K20:M20) -> 40807 | K20: =G20 -> 40807 | L20: =H20 -> 0 | M20: =E20 -> 0 | N20: =SUM(S20:U20) -> 234232 | O20: ='[2]25841'!B31 -> 25839 | R20: =I20 -> 0 | S20: =ROUND(C20*5.74,0) -> 234232 | T20: =ROUND(D20*3.76,0) -> 0 | U20: =ROUND(E20*10.05,0) -> 0
A21: Раздел: Пожарная сигнализация | B21: ='[2]25841'!E32 -> 56766 | C21: ='[2]25841'!F32 -> 41432 | D21: ='[2]25841'!G32 -> 15334 | E21: ='[2]25841'!H32 -> 0 | F21: =SUM(G21:I21) -> 56766 | G21: =C21 -> 41432 | H21: =D21 -> 15334 | I21: =E21 -> 0 | J21: =SUM(K21:M21) -> 56766 | K21: =G21 -> 41432 | L21: =H21 -> 15334 | M21: =E21 -> 0 | N21: =SUM(S21:U21) -> 295476 | O21: ='[2]25841'!B32 -> 25840 | R21: =I21 -> 0 | S21: =ROUND(C21*5.74,0) -> 237820 | T21: =ROUND(D21*3.76,0) -> 57656 | U21: =ROUND(E21*10.05,0) -> 0
A22: Раздел: Пусконаладочные работы | B22: ='[2]25841'!E33 -> 8762 | C22: ='[2]25841'!F33 -> 0 | D22: ='[2]25841'!G33 -> 0 | E22: ='[2]25841'!H33 -> 8762 | F22: =SUM(G22:I22) -> 8762 | G22: =C22 -> 0 | H22: =D22 -> 0 | I22: =E22 -> 8762 | J22: =SUM(K22:M22) -> 8762 | K22: =G22 -> 0 | L22: =Q22 -> 0 | M22: =E22 -> 8762 | N22: =SUM(S22:U22) -> 88058 | O22: ='[2]25841'!B33 -> 25829 | Q22: =H22 -> 0 | S22: =ROUND(C22*5.74,0) -> 0 | T22: =ROUND(D22*3.76,0) -> 0 | U22: =ROUND(E22*10.05,0) -> 88058
A23: Раздел: Электроосвещение. ПНР. | B23: ='[2]25841'!E34 -> 2792 | C23: ='[2]25841'!F34 -> 0 | D23: ='[2]25841'!G34 -> 0 | E23: ='[2]25841'!H34 -> 2792 | F23: =SUM(G23:I23) -> 2792 | G23: =C23 -> 0 | H23: =D23 -> 0 | I23: =E23 -> 2792 | J23: =SUM(K23:M23) -> 2792 | K23: =G23 -> 0 | L23: =Q23 -> 0 | M23: =E23 -> 2792 | N23: =SUM(S23:U23) -> 28060 | O23: ='[2]25841'!B34 -> 25885 | Q23: =H23 -> 0 | S23: =ROUND(C23*5.74,0) -> 0 | T23: =ROUND(D23*3.76,0) -> 0 | U23: =ROUND(E23*10.05,0) -> 28060
A24: Раздел: Cиловое электрооборудование. ПНР. | B24: ='[2]25841'!E35 -> 4549 | C24: ='[2]25841'!F35 -> 0 | D24: ='[2]25841'!G35 -> 0 | E24: ='[2]25841'!H35 -> 4549 | F24: =SUM(G24:I24) -> 4549 | G24: =C24 -> 0 | H24: =D24 -> 0 | I24: =E24 -> 4549 | J24: =SUM(K24:M24) -> 4549 | K24: =G24 -> 0 | L24: =Q24 -> 0 | M24: =E24 -> 4549 | N24: =SUM(S24:U24) -> 45717 | O24: ='[2]25841'!B35 -> 25876 | Q24: =H24 -> 0 | S24: =ROUND(C24*5.74,0) -> 0 | T24: =ROUND(D24*3.76,0) -> 0 | U24: =ROUND(E24*10.05,0) -> 45717
A25: Раздел: ПНР. Электроснабжение. | B25: ='[2]25841'!E36 -> 404 | C25: ='[2]25841'!F36 -> 0 | D25: ='[2]25841'!G36 -> 0 | E25: ='[2]25841'!H36 -> 404 | F25: =SUM(G25:I25) -> 404 | G25: =C25 -> 0 | H25: =D25 -> 0 | I25: =E25 -> 404 | J25: =SUM(K25:M25) -> 404 | K25: =G25 -> 0 | L25: =Q25 -> 0 | M25: =E25 -> 404 | N25: =SUM(S25:U25) -> 4060 | O25: ='[2]25841'!B36 -> 25875 | Q25: =H25 -> 0 | S25: =ROUND(C25*5.74,0) -> 0 | T25: =ROUND(D25*3.76,0) -> 0 | U25: =ROUND(E25*10.05,0) -> 4060
A26: Раздел: ПНР. Пожарная сигнализация. | B26: ='[2]25841'!E37 -> 2595 | C26: ='[2]25841'!F37 -> 0 | D26: ='[2]25841'!G37 -> 0 | E26: ='[2]25841'!H37 -> 2595 | F26: =SUM(G26:I26) -> 2595 | G26: =C26 -> 0 | H26: =D26 -> 0 | I26: =E26 -> 2595 | J26: =SUM(K26:M26) -> 2595 | K26: =G26 -> 0 | L26: =Q26 -> 0 | M26: =E26 -> 2595 | N26: =SUM(S26:U26) -> 26080 | O26: ='[2]25841'!B37 -> 25874 | Q26: =H26 -> 0 | S26: =ROUND(C26*5.74,0) -> 0 | T26: =ROUND(D26*3.76,0) -> 0 | U26: =ROUND(E26*10.05,0) -> 26080
A27: Раздел: ПНР. Наружное освещение. | B27: ='[2]25841'!E38 -> 2194 | C27: ='[2]25841'!F38 -> 0 | D27: ='[2]25841'!G38 -> 0 | E27: ='[2]25841'!H38 -> 2194 | F27: =SUM(G27:I27) -> 2194 | G27: =C27 -> 0 | H27: =D27 -> 0 | I27: =E27 -> 2194 | J27: =SUM(K27:M27) -> 2194 | K27: =G27 -> 0 | L27: =Q27 -> 0 | M27: =E27 -> 2194 | N27: =SUM(S27:U27) -> 22050 | O27: ='[2]25841'!B38 -> 25886 | Q27: =H27 -> 0 | S27: =ROUND(C27*5.74,0) -> 0 | T27: =ROUND(D27*3.76,0) -> 0 | U27: =ROUND(E27*10.05,0) -> 22050
A28: Итого в ценах 2000 года: | B28: =SUM(B7:B27) -> 6319557 | C28: =SUM(C7:C27) -> 6106772 | D28: =SUM(D7:D27) -> 190811 | E28: =SUM(E7:E27) -> 21974 | F28: =SUM(F7:F27) -> 6319557 | G28: =SUM(G7:G27) -> 6106772 | H28: =SUM(H7:H27) -> 190811 | I28: =SUM(I7:I27) -> 21974 | ... M28: =SUM(M7:M27) -> 21974 | N28: =SUM(P28:U28) -> 35991159 | P28: =SUM(P7:P27) -> 16746249 | Q28: =SUM(Q7:Q27) -> 0 | R28: =SUM(R7:R18) -> 0 | S28: =SUM(S7:S27) -> 18306622 | T28: =SUM(T7:T27) -> 717449 | U28: =SUM(U7:U27) -> 220839
A29: Итого с индексом инфляции**: | N29: =P28+S29+T29+U29 -> 37011139 | S29: =ROUND(S28*1.053,0) -> 19276873 | T29: =ROUND(T28*1.053,0) -> 755474 | U29: =ROUND(U28*1.053,0) -> 232543
A30: НДС 18% | N30: =SUM(P30:U30) -> 6662005 | P30: =ROUND(P28*18%,2) -> 3014324.8 | S30: =ROUND(S29*18%,2) -> 3469837.1 | T30: =ROUND(T29*18%,2) -> 135985.32 | U30: =ROUND(U29*18%,2) -> 41857.74
A31: Всего: | N31: =SUM(P31:U31) -> 43673144 | P31: =SUM(P28:P30) -> 19760574 | S31: =SUM(S29:S30) -> 22746710 | T31: =SUM(T29:T30) -> 891459.32 | U31: =SUM(U29:U30) -> 274400.74
P32: 60000000
A33: * В расчете использованы индексы: | Q33: =P32-P31 -> 40239426
A34: - 5,74 индекс изменения сметной стоимости СМР к ТЕР 2001 (Письмо Минстроя от 06.02.201 №3004-ЛС/08, Приложение 1 прочие объекты).
A35: - 3,76 индекс изменения сметной стоимости оборудования к ТЕР 2001 (Письмо Минстроя от 06.02.201 №3004-ЛС/08, Приложение 5 экономика в целом)
A36: - 10,05 индекс изменения сметной стоимости прочих затрат к ТЕР 2001 (Письмо Минстроя от 06.02.201 №3004-ЛС/08, Приложение 1, пусконаладочные работы)
A37: **В расчете использован индекс-дефлятор по инвестициям в основной капитал 2015/2016 - 1,053 по письмам: Минэкономразвития России от 25.09.2013 №20402-АК/ДОЗи, Госкорпорация "Росатом" от 09.09.2014 №1-12.8/34083
A39: Начальник отдела капитального строительства
A40: ФГУП "Комбинат "Электрохимприбор" | H40: С.С. Батаев
A42: Инженер договорной группы | H42: И.А.Клюсова
A44: Согласовано | H44: отд. 028

Sheet НМЦ договора
A8: Определение начальной (максимальной) цены договора генерального подряда
A9: на выполнение работ по " Строительству кормокухни и вольеров для содержания служебных собак на кинологическом городке войсковой части 3275".
A10: на 2015 год
A12: Способ закупки: открытый конкурс
F13: ц.2000г./текущие цены, руб.
A14: Наименование услуг и работ (затрат) | C14: Сметная стоимость строительства в базисном уровне цен на 01.01.2000 г. | D14: Сметная стоимость строительства в текущем уровне цен, пресчитанная на момент проведения процедуры закупки | F14: Начальная (максимальная) цена | G14: в том числе по годам строительства
G17: 2015 г. | H17: 2016 г.
A21: 1 | C21: 2 | D21: 3 | F21: 4 | G21: 5 | H21: 6
A22: СМР | C22: =СМР!$C$28 -> 6106772 | D22: =F22 -> 36023122 | F22: =G22+H22 -> 36023122 | G22: =СМР!$P$28 -> 16746249 | H22: =СМР!S29 -> 19276873
A23: Оборудование | C23: =СМР!$D$28 -> 190811 | D23: =F23 -> 755474 | F23: =H23 -> 755474 | G23: 0 | H23: =СМР!T29 -> 755474
A24: Прочие затраты | C24: =СМР!$E$28 -> 21974 | D24: =F24 -> 0 | F24: =G24 -> 0 | G24: 0 | H24: 232543
A25: Всего: | C25: =SUM(C22:C24) -> 6319557 | D25: =СМР!N29 -> 37011139 | F25: =SUM(G25:I25) -> 37011139 | G25: =SUM(G22:G24) -> 16746249 | H25: =SUM(H22:I24) -> 20264890
A26: НДС | D26: =СМР!N30 -> 6662005 | F26: =SUM(G26:I26) -> 6662005 | G26: =СМР!P30+СМР!Q30 -> 3014324.8 | H26: =ROUND(H25*18%,2) -> 3647680.2
A27: Итого с НДС | D27: =СМР!N31 -> 43673144 | F27: =SUM(G27:I27) -> 43673144 | G27: =СМР!P31+СМР!Q31 -> 19760574 | H27: =SUM(H25:I26) -> 23912570
A29: *В расчете использованы индексы:
A31: -5,74 индекс изменения сметной стоимости СМР к ТЕР 2001 (Письмо Минстроя от 06.02.201 №3004-ЛС/08, Приложение 1 прочие объекты). - 3,76 индекс изменения сметной стоимости оборудования к ТЕР 2001 (Письмо Минстроя от 06.02.201 №3004-ЛС/08, Приложение 5 экономика в целом) - 10,05 индекс изменения сметной стоимости прочих затрат к ТЕР 2001 (Письмо Минстроя от 06.02.201 №3004-ЛС/08, Приложение 1, пусконаладочные работы)
A32: **В расчете использован индекс-дефлятор по инвестициям в основной капитал 2015/2016 - 1,053 по письмам: Минэкономразвития России от 25.09.2013 №20402-АК/ДОЗи, Госкорпорация "Росатом" от 09.09.2014 №1-12.8/34083
A34: Начальник отдела капитального строительства
A35: ФГУП "Комбинат "Электрохимприбор" | G35: С.С. Батаев
A37: Инженер договорной группы | G37: И.А. Клюсова
A39: Согласовано | G39: отд. 028

Sheet 25826
A1: СОГЛАСОВАНО: | E1: ФГУП "Комбинат "Электрохимприбор" | M1: УТВЕРЖДАЮ:
G2: (наименование стройки) | M2: Зам.генерального директора
A3: _________________ | N3: Е.В. Гордеев
A4: " _____ " ________________ 2015 г. | M4: __________________
M5: "______ " __________2015 г.
G7: ЛОКАЛЬНЫЙ СМЕТНЫЙ РАСЧЕТ № 25826
G8: (локальная смета)
C10: на | D10: строительство кормокухни и вольеров для содержания служебных собак
D11: на кинологическом городке войсковой части 3275.
D12: Раздел: Архитектурно-строительные работы.
G13: (наименование работ и затрат, наименование объекта)
D15: Основание: проект № 2014/06-06-У-1-АС
D16: Сметная стоимость строительных работ _______________________________________________________________________________________________ | J16: ___________________________2917,465 | L16: тыс. руб.
D17: Средства на оплату труда _______________________________________________________________________________________________ | J17: ___________________________78,604 | L17: тыс. руб.
D18: Сметная трудоемкость _______________________________________________________________________________________________ | J18: _______________________________________________________________________________________________5700,2 | L18: чел.час
D19: Составлен(а) в базовых ценах 2001г. в редакции 2009г.
A21: № пп | B21: Обосно- вание | C21: Наименование | D21: Ед. изм. | E21: Кол. | F21: Стоимость единицы, руб. | J21: Общая стоимость, руб. | N21: Т/з осн. раб.на ед. | O21: Т/з осн. раб. Всего | P21: Т/з мех. на ед. | Q21: Т/з мех. Всего
F22: Всего | G22: В том числе | J22: Всего | K22: В том числе
G23: Осн.З/п | H23: Эк.Маш | I23: З/пМех | K23: Осн.З/п | L23: Эк.Маш | M23: З/пМех
A24: 1 | B24: 2 | C24: 3 | D24: 4 | E24: 5 | F24: 6 | G24: 7 | H24: 8 | I24: 9 | J24: 10 | K24: 11 | L24: 12 | M24: 13 | N24: 14 | O24: 15 | P24: 16 | Q24: 17
A25: Раздел 1. Земляные работы
A26: 1 | B26: ТЕР01-01-003-09 | C26: Разработка грунта в отвал экскаваторами «драглайн» или «обратная лопата» с ковшом вместимостью 0,65 (0,5-1) м3, группа грунтов 3 | D26: 1000 м3 грунта | E26: 0,015 0,6*0,3*83,1/1000 | F26: 4796.33 | G26: 145.29 | H26: 4651.04 | I26: 489.16 | J26: 72 | K26: 2 | L26: 70 | M26: 7 | N26: 13.22 | O26: 0.2 | P26: 28.91 | Q26: 0.43
A27: 2 | B27: ТЕР01-02-056-08 | C27: Разработка грунта вручную в траншеях шириной более 2 м и котлованах площадью сечения до 5 м2 с креплениями, глубина траншей и котлованов до 3 м, группа грунтов 2 | D27: 100 м3 грунта | E27: 0,005 15*0,03/100 | F27: 3495.76 | G27: 3495.76 | J27: 17 | K27: 17 | N27: 296 | O27: 1.48
A28: 3 | B28: ТЕР01-01-013-01 | C28: Разработка грунта с погрузкой на автомобили-самосвалы экскаваторами с ковшом вместимостью 1 (1-1,2) м3, группа грунтов 1 | D28: 1000 м3 грунта | E28: 0.015 | F28: 3222.6 | G28: 70.34 | H28: 3148.43 | I28: 524.17 | J28: 48 | K28: 1 | L28: 47 | M28: 8 | N28: 6.4 | O28: 0.1 | P28: 32.72 | Q28: 0.49
A29: 4 | B29: ФССЦпг03-21-01-010 | C29: Перевозка грузов (грунта) автомобилями-самосвалами грузоподъемностью 10 т, работающих вне карьера, на расстояние: до 10 км I класс груза (15 Поясные коэффициенты к сметным ценам на перевозку грузов автомобильным транспортом: Свердловская область ПЗ=1,1 (ОЗП=1,1; ЭМ=1,1; ЗПМ=1,1; МАТ=1,1)) | D29: 1 т груза | E29: 30 15*2 | F29: 12.56 | H29: 12.56 | J29: 377 | L29: 377
A30: 5 | B30: ТЕР01-01-016-01 | C30: Работа на отвале, группа грунтов 1 | D30: 1000 м3 грунта | E30: 0.015 | F30: 391.87 | G30: 32.86 | H30: 356.46 | I30: 55.16 | J30: 6 | L30: 5 | M30: 1 | N30: 2.99 | O30: 0.04 | P30: 3.26 | Q30: 0.05
A31: Итого по разделу 1 Земляные работы | J31: 573 | O31: 1.82 | Q31: 0.97
A32: Раздел 2. Фундаменты
A33: Сваи 32 шт
A34: 6 | B34: ТЕР01-02-031-02 | C34: Бурение ям глубиной до 2 м бурильно-крановыми машинами на тракторе, группа грунтов 2 | D34: 100 ям | E34: 0,32 32/100 | F34: 4032.02 | G34: 249.91 | H34: 3782.11 | I34: 385.97 | J34: 1290 | K34: 80 | L34: 1210 | M34: 124 | N34: 22.74 | O34: 7.28 | P34: 24.71 | Q34: 7.91
A35: 7 | B35: ТЕР08-01-002-02 | C35: Устройство основания под фундаменты щебеночного | D35: 1 м3 | E35: 0,023 0,314*0,15*0,15*0,1*32 | F35: 288.26 | G35: 27.62 | H35: 67.69 | I35: 7.48 | J35: 7 | K35: 1 | L35: 2 | N35: 2.4 | O35: 0.06 | P35: 0.54 | Q35: 0.01
A36: 8 | B36: ТЕР06-01-001-13 | C36: Устройство фундаментов-столбов бетонных 17 819,65 = 72 650,77 - 102 x 537,56 | D36: 100 м3 | E36: 0,163 0,51*32/100 | F36: 17819.65 | G36: 7185.1 | H36: 4805.24 | I36: 338.14 | J36: 2905 | K36: 1171 | L36: 783 | M36: 55 | N36: 598.26 | O36: 97.52 | P36: 18.62 | Q36: 3.04
A37: Уд | B37: 1. 401-0023 | C37: Бетон тяжелый, крупность заполнителя более 40 мм, класс В7,5 (М 100) | D37: м3 | E37: 102 16,63 | F37: 537.56 | J37: 8939.62
A38: 9 | B38: ТСЦ-401-0027 | C38: Бетон тяжелый, крупность заполнителя более 40 мм, класс В20 (М250) | D38: м3 | E38: 16.63 | F38: 594.19 | J38: 9881
A39: 10 | B39: ТЕР06-01-015-06 | C39: Армирование свай 1 290,61 = 11 035,04 - 1 x 9 744,43 | D39: 1 т | E39: 0,2032 (1,69*3+0,16*8)*32/1000 | F39: 1290.61 | G39: 627.77 | H39: 589.31 | I39: 31.85 | J39: 262 | K39: 128 | L39: 120 | M39: 6 | N39: 46.33 | O39: 9.41 | P39: 1.75 | Q39: 0.36
A40: Уд | B40: 1. 201-0775 | C40: Конструктивные элементы вспомогательного назначения с преобладанием профильного проката без отверстий и сборосварочных операций | D40: т | E40: 1 0,2032 | F40: 9744.43 | J40: 1980.07
A41: 11 | B41: ТСЦ-204-0001 | C41: Горячекатаная арматурная сталь гладкая класса А-I, диаметром 6 мм | D41: т | E41: 0,041 (0,16*8)*32/1000 | F41: 4815.5 | J41: 197
A42: 12 | B42: ТСЦ-204-0022 | C42: Горячекатаная арматурная сталь периодического профиля класса А-III, диаметром 12 мм | D42: т | E42: 0,1622 (1,69*3)*32/1000 | F42: 4874.75 | J42: 791
A43: 13 | B43: ТСЦ-204-0034 | C43: Надбавки к ценам заготовок за сборку и сварку каркасов и сеток плоских, диаметром 5-6 мм | D43: т | E43: 0.041 | F43: 3145.5 | J43: 129
A44: 14 | B44: ТСЦ-204-0037 | C44: Надбавки к ценам заготовок за сборку и сварку каркасов и сеток плоских, диаметром 12 мм | D44: т | E44: 0.1622 | F44: 2069.7 | J44: 336
A45: Ростверк ленточный Рлм1 83,1п.м
A46: 15 | B46: ТЕР08-01-002-02 | C46: Устройство основания под фундаменты песчано-гравийного с уплотнением 96,04 = 288,26 - 1,3 x 147,86 | D46: 1 м3 | E46: 15 0,6*0,3*83,1 | F46: 96.04 | G46: 27.62 | H46: 67.69 | I46: 7.48 | J46: 1441 | K46: 414 | L46: 1015 | M46: 112 | N46: 2.4 | O46: 36 | P46: 0.54 | Q46: 8.1
A47: Уд | B47: 1. 408-0021 | C47: Щебень из природного камня для строительных работ марка 400, фракция 5(3)-10 мм | D47: м3 | E47: 1,3 19,5 | F47: 147.86 | J47: 2883.27
A48: 16 | B48: ТСЦ-408-0204 | C48: Смесь песчано-гравийная природная обогащенная с содержанием гравия 50-65 % | D48: м3 | E48: 19.5 | F48: 182.05 | J48: 3550
A49: 17 | B49: ТЕР08-01-003-02 | C49: Гидроизоляция фундаментов горизонтальная рубероидом РКП-350 (МАТ=0 к расх.) | D49: 100 м2 | E49: 0,416 0,5*83,1/100 | F49: 307.21 | G49: 171.74 | H49: 135.47 | J49: 128 | K49: 72 | L49: 56 | N49: 14.3 | O49: 5.95
A50: 18 | B50: ТСЦ-101-0856 | C50: Рубероид кровельный с пылевидной посыпкой марки РКП-350 | D50: м2 | E50: 45,8 41,6*1,1 | F50: 7.94 | J50: 364
A51: 19 | B51: ТЕР06-01-001-16 | C51: Устройство фундаментных плит железобетонных плоских | D51: 100 м3 | E51: 0,133 0,16*83,1/100 | F51: 70670.2 | G51: 2650.13 | H51: 7038.24 | I51: 496.22 | J51: 9399 | K51: 352 | L51: 936 | M51: 66 | N51: 220.66 | O51: 29.35 | P51: 27.31 | Q51: 3.63
A52: 20 | B52: ТСЦ-204-0020 | C52: Горячекатаная арматурная сталь периодического профиля класса А-III, диаметром 8 мм | D52: т | E52: 0,1421 0,57*3*83,1/1000 | F52: 5156.3 | J52: 733
A53: 21 | B53: ТСЦ-204-0024 | C53: Горячекатаная арматурная сталь периодического профиля класса А-III, диаметром 16-18 мм | D53: т | E53: 0,525 1,578*4*83,1/1000 | F53: 4637.68 | J53: 2435
A54: 22 | B54: ТСЦ-204-0035 | C54: Надбавки к ценам заготовок за сборку и сварку каркасов и сеток плоских, диаметром 8 мм | D54: т | E54: 0.1421 | F54: 2484.5 | J54: 353
A55: 23 | B55: ТСЦ-204-0039 | C55: Надбавки к ценам заготовок за сборку и сварку каркасов и сеток плоских, диаметром 16-18 мм | D55: т | E55: 0.525 | F55: 1743.8 | J55: 915
A56: Фундаментная плита Фм1 2шт
A57: 24 | B57: ТЕР08-01-002-02 | C57: Устройство основания под фундаменты песчано-гравийного с уплотнением 96,04 = 288,26 - 1,3 x 147,86 | D57: 1 м3 | E57: 3,6 3*2*2*0,3 | F57: 96.04 | G57: 27.62 | H57: 67.69 | I57: 7.48 | J57: 346 | K57: 99 | L57: 244 | M57: 27 | N57: 2.4 | O57: 8.64 | P57: 0.54 | Q57: 1.94
A58: Уд | B58: 1. 408-0021 | C58: Щебень из природного камня для строительных работ марка 400, фракция 5(3)-10 мм | D58: м3 | E58: 1,3 4,68 | F58: 147.86 | J58: 691.98
A59: 25 | B59: ТСЦ-408-0204 | C59: Смесь песчано-гравийная природная обогащенная с содержанием гравия 50-65 % | D59: м3 | E59: 4.68 | F59: 182.05 | J59: 852
A60: 26 | B60: ТЕР08-01-003-02 | C60: Гидроизоляция фундаментов горизонтальная (МАТ=0 к расх.) | D60: 100 м2 | E60: 0,036 3,6/100 | F60: 307.21 | G60: 171.74 | H60: 135.47 | J60: 11 | K60: 6 | L60: 5 | N60: 14.3 | O60: 0.51
A61: 27 | B61: П/лист от 30.04.2015г. лист 3 | C61: Профилированная мембрана Planter Формулы цены единицы: МАТ=91/1,18/5,74 | D61: м2 | E61: 3,96 3,6*1,1 | F61: 13,44 91/1,18/5,74 | J61: 53
A62: 28 | B62: ТЕР06-01-001-01 | C62: Устройство бетонной подготовки 9 627,53 = 64 980,89 - 102 x 542,68 | D62: 100 м3 | E62: 0,011 (0,56)*2/100 | F62: 9627.53 | G62: 1978.2 | H62: 4648.35 | I62: 327.6 | J62: 106 | K62: 22 | L62: 51 | M62: 4 | N62: 180 | O62: 1.98 | P62: 18 | Q62: 0.2
A63: Уд | B63: 1. 401-0061 | C63: Бетон тяжелый, крупность заполнителя 20 мм, класс В3,5 (М50) | D63: м3 | E63: 102 1,122 | F63: 542.68 | J63: 608.89
A64: 29 | B64: ТСЦ-401-0063 | C64: Бетон тяжелый, крупность заполнителя 20 мм, класс В7,5 (М100) | D64: м3 | E64: 1.12 | F64: 562.22 | J64: 630
A65: 30 | B65: ТЕР06-01-001-16 | C65: Устройство фундаментных плит железобетонных плоских 110 875,85 = 70 670,20 + 8,1 x 4 963,66 | D65: 100 м3 | E65: 0,0294 1,47*2/100 | F65: 110875.85 | G65: 2650.13 | H65: 7038.24 | I65: 496.22 | J65: 3260 | K65: 78 | L65: 207 | M65: 15 | N65: 220.66 | O65: 6.49 | P65: 27.31 | Q65: 0.8
A66: 31 | B66: ТСЦ-204-0021 | C66: Горячекатаная арматурная сталь периодического профиля класса А-III, диаметром 10 мм | D66: т | E66: 0,1037 0,617*84*2/1000 | F66: 4963.66 | J66: 515
A67: 32 | B67: ТСЦ-204-0020 | C67: Горячекатаная арматурная сталь периодического профиля класса А-III, диаметром 8 мм | D67: т | E67: 0,0084 0,35*12*2/1000 | F67: 5156.3 | J67: 43
A68: 33 | B68: ТСЦ-204-0036 | C68: Надбавки к ценам заготовок за сборку и сварку каркасов и сеток плоских, диаметром 10 мм | D68: т | E68: 0.1037 | F68: 2208.6 | J68: 229
A69: 34 | B69: ТСЦ-204-0035 | C69: Надбавки к ценам заготовок за сборку и сварку каркасов и сеток плоских, диаметром 8 мм | D69: т | E69: 0.0084 | F69: 2484.5 | J69: 21
A70: Фундаментная плита Фм2 3шт
A71: 35 | B71: ТЕР08-01-002-02 | C71: Устройство основания под фундаменты песчано-гравийного с уплотнением 96,04 = 288,26 - 1,3 x 147,86 | D71: 1 м3 | E71: 5 1,5*1,12*3 | F71: 96.04 | G71: 27.62 | H71: 67.69 | I71: 7.48 | J71: 480 | K71: 138 | L71: 338 | M71: 37 | N71: 2.4 | O71: 12 | P71: 0.54 | Q71: 2.7
A72: Уд | B72: 1. 408-0021 | C72: Щебень из природного камня для строительных работ марка 400, фракция 5(3)-10 мм | D72: м3 | E72: 1,3 6,5 | F72: 147.86 | J72: 961.09
A73: 36 | B73: ТСЦ-408-0204 | C73: Смесь песчано-гравийная природная обогащенная с содержанием гравия 50-65 % | D73: м3 | E73: 6.5 | F73: 182.05 | J73: 1183
A74: 37 | B74: ТЕР08-01-003-02 | C74: Гидроизоляция фундаментов горизонтальная (МАТ=0 к расх.) | D74: 100 м2 | E74: 0,05 5/100 | F74: 307.21 | G74: 171.74 | H74: 135.47 | J74: 15 | K74: 9 | L74: 6 | N74: 14.3 | O74: 0.72
A75: 38 | B75: П/лист от 30.04.2015г. лист 3 | C75: Профилированная мембрана Planter Формулы цены единицы: МАТ=91/1,18/5,74 | D75: м2 | E75: 6,05 5,5*1,1 | F75: 13,44 91/1,18/5,74 | J75: 81
A76: 39 | B76: ТЕР06-01-001-01 | C76: Устройство бетонной подготовки 9 627,53 = 64 980,89 - 102 x 542,68 | D76: 100 м3 | E76: 0,005 0,17*3/100 | F76: 9627.53 | G76: 1978.2 | H76: 4648.35 | I76: 327.6 | J76: 48 | K76: 10 | L76: 23 | M76: 2 | N76: 180 | O76: 0.9 | P76: 18 | Q76: 0.09
A77: Уд | B77: 1. 401-0061 | C77: Бетон тяжелый, крупность заполнителя 20 мм, класс В3,5 (М50) | D77: м3 | E77: 102 0,51 | F77: 542.68 | J77: 276.77
A78: 40 | B78: ТСЦ-401-0063 | C78: Бетон тяжелый, крупность заполнителя 20 мм, класс В7,5 (М100) | D78: м3 | E78: 0.51 | F78: 562.22 | J78: 287
A79: 41 | B79: ТЕР06-01-001-16 | C79: Устройство фундаментных плит железобетонных плоских 110 875,85 = 70 670,20 + 8,1 x 4 963,66 | D79: 100 м3 | E79: 0,0126 0,42*3/100 | F79: 110875.85 | G79: 2650.13 | H79: 7038.24 | I79: 496.22 | J79: 1397 | K79: 33 | L79: 89 | M79: 6 | N79: 220.66 | O79: 2.78 | P79: 27.31 | Q79: 0.34
A80: 42 | B80: ТСЦ-204-0084 | C80: Сетка из проволоки холоднотянутой | D80: т | E80: 0,015 5*3/1000 | F80: 7390 | J80: 111
A81: Итого по разделу 2 Фундаменты | J81: 50568 | O81: 219.59 | Q81: 29.12
A82: Раздел 3. Стены, перегородки.
A83: 43 | B83: ТЕР08-02-001-01 | C83: Кладка стен кирпичных наружных простых при высоте этажа до 4 м (цоколь толщ. 380мм, h=500мм) 564,74 = 714,69 - 0,24 x 624,81 | D83: 1 м3 кладки | E83: 9,9 (8,8*2+21,9*2-1-2,1*4)*0,38*0,5 | F83: 564.74 | G83: 63.23 | H83: 102.38 | I83: 7.28 | J83: 5591 | K83: 626 | L83: 1014 | M83: 72 | N83: 5.4 | O83: 53.46 | P83: 0.4 | Q83: 3.96
A84: Уд | B84: 1. 402-0012 | C84: Раствор готовый кладочный цементно-известковый марки 25 | D84: м3 | E84: 0,24 2,376 | F84: 624.81 | J84: 1484.55
A85: 44 | B85: ТЕР08-02-001-01 | C85: Кладка стен кирпичных наружных простых при высоте этажа до 4 м (под плиты перекрытия в 3 ряда, чердака, фронтона толщ. 250мм) 564,74 = 714,69 - 0,24 x 624,81 | D85: 1 м3 кладки | E85: 25,3 (8,8*2+21,9*2)*1,1*0,25+21,3*0,5*0,25+9,4*2,43*0,25 | F85: 564.74 | G85: 63.23 | H85: 102.38 | I85: 7.28 | J85: 14288 | K85: 1600 | L85: 2590 | M85: 184 | N85: 5.4 | O85: 136.62 | P85: 0.4 | Q85: 10.12
A86: Уд | B86: 1. 402-0012 | C86: Раствор готовый кладочный цементно-известковый марки 25 | D86: м3 | E86: 0,24 6,072 | F86: 624.81 | J86: 3793.85
A87: 45 | B87: ТЕР08-02-002-03 | C87: Кладка перегородок из кирпича армированных толщиной в 1/2 кирпича при высоте этажа до 4 м 8 210,93 = 10 332,14 - 0,09 x 7 601,69 - 2,3 x 624,81 | D87: 100 м2 | E87: 1,046 ((3,48+4,85+6,45-2,2+2,15*4+4,05+2,75*4+1,6+1,9+6,8+1,9*2)*2,8-(2,1*0,9*9+1,3*2,1*4+2,1*0,8*5))/100 | F87: 8210.93 | G87: 2043.74 | H87: 1064 | I87: 74.8 | J87: 8589 | K87: 2138 | L87: 1113 | M87: 78 | N87: 170.17 | O87: 178 | P87: 4.11 | Q87: 4.3
A88: Уд | B88: 1. 204-0100 | C88: Горячекатаная арматурная сталь класса А-I, А-II, А-III | D88: т | E88: 0,09 0,0941 | F88: 7601.69 | J88: 715.32
A89: Уд | B89: 2. 402-0012 | C89: Раствор готовый кладочный цементно-известковый марки 25 | D89: м3 | E89: 2,3 2,406 | F89: 624.81 | J89: 1503.29
A90: 46 | B90: ТСЦ-402-0014 | C90: Раствор готовый кладочный цементно-известковый марки 75 | D90: м3 | E90: 10,9 2,376+6,072+2,406 | F90: 671.01 | J90: 7314
A91: 47 | B91: ТСЦ-204-0084 | C91: Сетка из проволоки холоднотянутой диам 4мм В1 ячейка 50х50мм | D91: т | E91: 0.12 | F91: 7390 | J91: 887
A92: 48 | B92: ТЕР08-03-002-01 | C92: Кладка стен из легкобетонных камней без облицовки при высоте этажа до 4 м (наружные толщ. 300мм) 168,26 = 903,42 - 0,11 x 624,81 - 0,92 x 724,38 | D92: 1 м3 кладки | E92: 39 (8,8*2+21,9*2)*0,3*(3,5-0,5-0,2)-(1,8*1,4*11+0,9*1,2*2+2,1*1,2*4+2,1*0,9)*0,3 | F92: 168.26 | G92: 53.91 | H92: 112.62 | I92: 8.01 | J92: 6562 | K92: 2102 | L92: 4392 | M92: 312 | N92: 4.43 | O92: 172.77 | P92: 0.44 | Q92: 17.16
A93: Уд | B93: 1. 402-0012 | C93: Раствор готовый кладочный цементно-известковый марки 25 | D93: м3 | E93: 0,11 4,29 | F93: 624.81 | J93: 2680.43
A94: Уд | B94: 2. 403-0032 | C94: Камни бетонные стеновые из легкого бетона, марка 35 | D94: м3 | E94: 0,92 35,88 | F94: 724.38 | J94: 25990.75
A95: 49 | B95: ТЕР08-03-002-01 | C95: Кладка стен из легкобетонных камней без облицовки при высоте этажа до 4 м (внутренние толщ. 300мм) 168,26 = 903,42 - 0,11 x 624,81 - 0,92 x 724,38 | D95: 1 м3 кладки | E95: 48,7 (8,8*2+21,9*2)*0,3*(3,5-0,5-0,2)-(1,6+1,65+1,3)*2,1*0,3 | F95: 168.26 | G95: 53.91 | H95: 112.62 | I95: 8.01 | J95: 8194 | K95: 2625 | L95: 5485 | M95: 390 | N95: 4.43 | O95: 215.74 | P95: 0.44 | Q95: 21.43
A96: Уд | B96: 1. 402-0012 | C96: Раствор готовый кладочный цементно-известковый марки 25 | D96: м3 | E96: 0,11 5,357 | F96: 624.81 | J96: 3347.11
A97: Уд | B97: 2. 403-0032 | C97: Камни бетонные стеновые из легкого бетона, марка 35 | D97: м3 | E97: 0,92 44,8 | F97: 724.38 | J97: 32452.22
A98: 50 | B98: ТЕР08-03-002-01 | C98: Кладка стен из легкобетонных камней без облицовки при высоте этажа до 4 м (внутренние перегородки толщ. 200мм) 168,26 = 903,42 - 0,11 x 624,81 - 0,92 x 724,38 | D98: 1 м3 кладки | E98: 12,43 (5,75*3+2,2+2,75)*2,8*0,2 | F98: 168.26 | G98: 53.91 | H98: 112.62 | I98: 8.01 | J98: 2091 | K98: 670 | L98: 1400 | M98: 100 | N98: 4.43 | O98: 55.06 | P98: 0.44 | Q98: 5.47
A99: Уд | B99: 1. 402-0012 | C99: Раствор готовый кладочный цементно-известковый марки 25 | D99: м3 | E99: 0,11 1,367 | F99: 624.81 | J99: 854.12
A100: Уд | B100: 2. 403-0032 | C100: Камни бетонные стеновые из легкого бетона, марка 35 | D100: м3 | E100: 0,92 11,44 | F100: 724.38 | J100: 8286.91
A101: 51 | B101: П/лист от 28.04.2015г. лист 1 | C101: Камни бетонные стеновые из легкого бетона, марка 50 Формулы цены единицы: МАТ=3950/1,18/5,74 | D101: м3 | E101: 92,2 35,9+44,8+11,5 | F101: 583,18 3950/1,18/5,74 | J101: 53769
A102: 52 | B102: ТСЦ-402-0014 | C102: Раствор готовый кладочный цементно-известковый марки 75 | D102: м3 | E102: 11,1 4,3+5,4+1,4 | F102: 671.01 | J102: 7448
A103: 53 | B103: ТСЦ-204-0084 | C103: Сетка из проволоки холоднотянутой диам 4мм В1 ячейка 50х50мм | D103: т | E103: 0.38 | F103: 7390 | J103: 2808
A104: Узлы опирания и крепления кирпичных перегородок и плит перекрытия
...

Sheet 25827
A1: СОГЛАСОВАНО: | E1: ФГУП "Комбинат "Электрохимприбор" | M1: УТВЕРЖДАЮ:
G2: (наименование стройки) | M2: Зам.генерального директора
A3: _________________ | N3: Е.В. Гордеев
A4: " _____ " _________ 2015 г. | M4: __________________
G5: ЛОКАЛЬНЫЙ СМЕТНЫЙ РАСЧЕТ № 25827 | M5: "______ " __________2015г.
G6: (локальная смета)
C8: на | D8: строительство кормокухни и вольеров для содержания служебных собак на кинологическом
D9: городке войсковой части 3275. Раздел: Вольеры на 48 собак. Архитектурно-строительные решения
D10: (наименование работ и затрат, наименование объекта)
D12: Основание: проект № 2014/06-06-У-2-АС
D13: Сметная стоимость строительных работ _______________________________________________________________________________________________ | J13: ___________________________1277,724 | L13: тыс. руб.
D14: Средства на оплату труда _______________________________________________________________________________________________ | J14: ___________________________98,155 | L14: тыс. руб.
D15: Сметная трудоемкость _______________________________________________________________________________________________ | J15: _______________________________________________________________________________________________7004,24 | L15: чел.час
D16: Материалы ______________________________________________________________ | K16: 920.881 | L16: тыс. руб.
D17: Составлен(а) в базовых ценах 2001г. в редакции 2009г.
A19: № пп | B19: Обосно- вание | C19: Наименование | D19: Ед. изм. | E19: Кол. | F19: Стоимость единицы, руб. | J19: Общая стоимость, руб. | N19: Т/з осн. раб.на ед. | O19: Т/з осн. раб. Всего | P19: Т/з мех. на ед. | Q19: Т/з мех. Всего
F20: Всего | G20: В том числе | J20: Всего | K20: В том числе
G21: Осн.З/п | H21: Эк.Маш | I21: З/пМех | K21: Осн.З/п | L21: Эк.Маш | M21: З/пМех
A22: 1 | B22: 2 | C22: 3 | D22: 4 | E22: 5 | F22: 6 | G22: 7 | H22: 8 | I22: 9 | J22: 10 | K22: 11 | L22: 12 | M22: 13 | N22: 14 | O22: 15 | P22: 16 | Q22: 17
A23: Раздел 1. Фундаменты
A24: 1 | B24: ТЕР01-01-003-08 | C24: Разработка грунта в отвал экскаваторами «драглайн» или «обратная лопата» с ковшом вместимостью 0,65 (0,5-1) м3, группа грунтов 2 | D24: 1000 м3 грунта | E24: 0.07 | F24: 3778.42 | G24: 115.18 | H24: 3663.24 | I24: 385.27 | J24: 264 | K24: 8 | L24: 256 | M24: 27 | N24: 10.48 | O24: 0.73 | P24: 22.77 | Q24: 1.59
A25: 2 | B25: ТЕР01-02-057-02 | C25: Разработка грунта вручную в траншеях глубиной до 2 м без креплений с откосами, группа грунтов 2 (3.187 Доработка вручную, зачистка дна и стенок с выкидкой грунта в котлованах и траншеях, разработанных механизированным способом ОЗП=1,2; ТЗ=1,2) | D25: 100 м3 грунта | E25: 0.02 | F25: 2030.95 | G25: 2030.95 | J25: 41 | K25: 41 | N25: 184.8 | O25: 3.7
A26: 3 | B26: ТЕР01-02-031-02 | C26: Бурение ям глубиной до 2,2 м бурильно-крановыми машинами на тракторе, группа грунтов 2 | D26: 100 ям | E26: 1.56 | F26: 4032.02 | G26: 249.91 | H26: 3782.11 | I26: 385.97 | J26: 6290 | K26: 390 | L26: 5900 | M26: 602 | N26: 22.74 | O26: 35.47 | P26: 24.71 | Q26: 38.55
A27: 4 | B27: ТЕР08-01-002-02 | C27: Устройство основания под фундаменты щебеночного | D27: 1 м3 | E27: 1.1 | F27: 288.26 | G27: 27.62 | H27: 67.69 | I27: 7.48 | J27: 317 | K27: 30 | L27: 74 | M27: 8 | N27: 2.4 | O27: 2.64 | P27: 0.54 | Q27: 0.59
A28: 5 | B28: ТЕР06-01-001-13 | C28: Устройство фундаментов-столбов бетонных | D28: 100 м3 | E28: 0.209 | F28: 17819.65 | G28: 7185.1 | H28: 4805.24 | I28: 338.14 | J28: 3724 | K28: 1502 | L28: 1004 | M28: 71 | N28: 598.26 | O28: 125.04 | P28: 18.62 | Q28: 3.89
A29: 6 | B29: ТСЦ-401-0067 | C29: Бетон тяжелый, крупность заполнителя 20 мм, класс В20 (М250) | D29: м3 | E29: 21.3 | F29: 627.08 | J29: 13357
A30: 7 | B30: ТЕР06-01-015-06 | C30: Армирование свай | D30: 1 т | E30: 1.025 | F30: 1290.61 | G30: 627.77 | H30: 589.31 | I30: 31.85 | J30: 1323 | K30: 643 | L30: 604 | M30: 33 | N30: 46.33 | O30: 47.49 | P30: 1.75 | Q30: 1.79
A31: 8 | B31: ТСЦ-204-0022 | C31: Горячекатаная арматурная сталь периодического профиля класса А-III, диаметром 12 мм | D31: т | E31: 0.831 | F31: 4874.75 | J31: 4051
A32: 9 | B32: ТСЦ-204-0001 | C32: Горячекатаная арматурная сталь гладкая класса А-I, диаметром 6 мм | D32: т | E32: 0.194 | F32: 4815.5 | J32: 934
A33: 10 | B33: ТСЦ-204-0037 | C33: Надбавки к ценам заготовок за сборку и сварку каркасов и сеток плоских, диаметром 12 мм | D33: т | E33: 0.831 | F33: 2069.7 | J33: 1720
A34: 11 | B34: ТСЦ-204-0034 | C34: Надбавки к ценам заготовок за сборку и сварку каркасов и сеток плоских, диаметром 5-6 мм | D34: т | E34: 0.194 | F34: 3145.5 | J34: 610
A35: 12 | B35: ТЕР08-01-002-01 | C35: Устройство основания из песчано-гравийной смеси под ростверк (обратная засыпка) | D35: 1 м3 | E35: 70 | F35: 68.31 | G35: 26.47 | H35: 41.11 | I35: 4.09 | J35: 4782 | K35: 1853 | L35: 2878 | M35: 286 | N35: 2.3 | O35: 161 | P35: 0.29 | Q35: 20.3
A36: 13 | B36: ТСЦ-408-0202 | C36: Смесь песчано-гравийная природная обогащенная с содержанием гравия 25-35 % | D36: м3 | E36: 84 | F36: 156.55 | J36: 13150
A37: 14 | B37: ТЕР06-01-001-22 | C37: Устройство ленточных фундаментов железобетонных при ширине по верху до 1000 мм | D37: 100 м3 | E37: 0.736 | F37: 19509.01 | G37: 5566.58 | H37: 8517.37 | I37: 523.04 | J37: 14359 | K37: 4097 | L37: 6269 | M37: 385 | N37: 446.04 | O37: 328.29 | P37: 28.77 | Q37: 21.17
A38: 15 | B38: ТСЦ-401-0067 | C38: Бетон тяжелый, крупность заполнителя 20 мм, класс В20 (М250) | D38: м3 | E38: 74.7 | F38: 627.08 | J38: 46843
A39: 16 | B39: ТСЦ-204-0022 | C39: Горячекатаная арматурная сталь периодического профиля класса А-III, диаметром 12 мм | D39: т | E39: 2.452 | F39: 4874.75 | J39: 11953
A40: 17 | B40: ТСЦ-204-0020 | C40: Горячекатаная арматурная сталь периодического профиля класса А-III, диаметром 8 мм | D40: т | E40: 1.512 | F40: 5156.3 | J40: 7796
A41: 18 | B41: ТСЦ-204-0037 | C41: Надбавки к ценам заготовок за сборку и сварку каркасов и сеток плоских, диаметром 12 мм | D41: т | E41: 2.452 | F41: 2069.7 | J41: 5075
A42: 19 | B42: ТСЦ-204-0035 | C42: Надбавки к ценам заготовок за сборку и сварку каркасов и сеток плоских, диаметром 8 мм | D42: т | E42: 1.512 | F42: 2484.5 | J42: 3757
A43: 20 | B43: ТЕР16-02-005-03 прим. | C43: Установка гильз из стальных электросварных труб диаметром 65 мм | D43: 100 м | E43: 0.192 | F43: 9225.14 | G43: 992.92 | H43: 189.78 | I43: 4.19 | J43: 1771 | K43: 191 | L43: 36 | M43: 1 | N43: 72.16 | O43: 13.85 | P43: 0.23 | Q43: 0.04
A44: 21 | B44: ТЕР08-01-003-02 | C44: Гидроизоляция фундаментов горизонтальная оклеечная в 1 слой | D44: 100 м2 поверхности | E44: 1.776 | F44: 2659.82 | G44: 171.74 | H44: 135.47 | J44: 4724 | K44: 305 | L44: 241 | N44: 14.3 | O44: 25.4
A45: 22 | B45: ТЕР08-01-003-02 | C45: Гидроизоляция стен, горизонтальная оклеечная в 1 слой | D45: 100 м2 поверхности | E45: 1.14 | F45: 2659.82 | G45: 171.74 | H45: 135.47 | J45: 3032 | K45: 196 | L45: 154 | N45: 14.3 | O45: 16.3
A46: 23 | B46: ТСЦ-101-0856 | C46: Рубероид кровельный с пылевидной посыпкой марки РКП-350 | D46: м2 | E46: 320.8 | F46: 7.94 | J46: 2547
A47: Раздел 2. Стены
A48: 24 | B48: ТЕР08-02-001-01 | C48: Кладка стен кирпичных наружных простых при высоте этажа до 4 м толщиной 250 мм | D48: 1 м3 кладки | E48: 255.54 | F48: 168.22 | G48: 63.23 | H48: 102.38 | I48: 7.28 | J48: 42987 | K48: 16158 | L48: 26162 | M48: 1860 | N48: 5.4 | O48: 1379.92 | P48: 0.4 | Q48: 102.22
A49: 25 | B49: ТСЦ-404-0125 | C49: Кирпич керамический лицевой, размером 250х120х65 мм, марка 100 | D49: 1000 шт. | E49: 100.7 | F49: 1145.89 | J49: 115391
A50: 26 | B50: ТСЦ-402-0014 | C50: Раствор готовый кладочный цементно-известковый марки 75 | D50: м3 | E50: 61.3 | F50: 671.01 | J50: 41133
A51: 27 | B51: ТЕР08-02-007-01 | C51: Армирование кладки стен | D51: 1 т | E51: 3.943 | F51: 805.85 | G51: 713.14 | H51: 92.71 | I51: 4.19 | J51: 3177 | K51: 2812 | L51: 365 | M51: 17 | N51: 63.73 | O51: 251.29 | P51: 0.23 | Q51: 0.91
A52: 28 | B52: ТСЦ-204-0084 | C52: Сетка из проволоки холоднотянутой 5Вр-I 50х50 | D52: т | E52: 3.943 | F52: 7390 | J52: 29139
A53: 29 | B53: ТЕР08-02-006-01 | C53: Расшивка швов кладки из кирпича | D53: 100 м2 | E53: 19.13 | F53: 296.75 | G53: 296.75 | J53: 5677 | K53: 5677 | N53: 21.9 | O53: 418.95
A54: 30 | B54: ТЕР08-01-003-07 | C54: Гидроизоляция боковая обмазочная битумная в 2 слоя по кирпичу, бетону | D54: 100 м2 | E54: 0.887 | F54: 1496.69 | G54: 284.08 | H54: 104.01 | J54: 1328 | K54: 252 | L54: 92 | N54: 21.2 | O54: 18.8
A55: 31 | B55: ТЕР07-05-007-10 | C55: Укладка перемычек массой до 0,3 т | D55: 100 шт. | E55: 0.96 | F55: 2709.38 | G55: 216.96 | H55: 2324.12 | I55: 165.26 | J55: 2601 | K55: 208 | L55: 2231 | M55: 159 | N55: 17.61 | O55: 16.91 | P55: 9.08 | Q55: 8.72
A56: 32 | B56: ТСЦ-403-0445 | C56: Перемычка брусковая 2ПБ10-1-п /бетон В15 (М200), объем 0,017 м3, расход ар-ры 0,50 кг / (серия 1.038.1-1 вып. 1) | D56: шт. | E56: 96 | F56: 42.38 | J56: 4068
A57: 33 | B57: ТЕР06-01-030-01 | C57: Устройство бетонной стенки толщиной 100 мм (помещение выгула) | D57: 100 м3 | E57: 0.021 | F57: 113965.4 | G57: 35916.1 | H57: 35548.18 | I57: 2503.85 | J57: 2393 | K57: 754 | L57: 747 | M57: 53 | N57: 2951.2 | O57: 61.98 | P57: 137.65 | Q57: 2.89
A58: 34 | B58: ТСЦ-401-0067 | C58: Бетон тяжелый, крупность заполнителя 20 мм, класс В20 (М250) | D58: м3 | E58: 2.14 | F58: 627.08 | J58: 1342
A59: 35 | B59: ТЕР06-01-015-08 | C59: Установка закладных деталей весом до 20 кг | D59: 1 т | E59: 0.435 | F59: 7992.38 | G59: 807.95 | H59: 42.05 | I59: 2.73 | J59: 3477 | K59: 351 | L59: 18 | M59: 1 | N59: 63.22 | O59: 27.5 | P59: 0.15 | Q59: 0.07
A60: 36 | B60: ТЕР06-01-015-07 | C60: Установка закладных деталей весом до 4 кг | D60: 1 т | E60: 0.541 | F60: 9942.61 | G60: 2758.18 | H60: 42.05 | I60: 2.73 | J60: 5379 | K60: 1492 | L60: 23 | M60: 1 | N60: 215.82 | O60: 116.76 | P60: 0.15 | Q60: 0.08
A61: Раздел 3. Будка
A62: 37 | B62: ТЕР10-01-014-03 | C62: Устройство чистых перегородок каркасных с обшивкой фанерой с двух сторон | D62: 100 м2 б/проемов | E62: 3.67 | F62: 3541.82 | G62: 1703.13 | H62: 26.65 | J62: 12998 | K62: 6250 | L62: 98 | N62: 143 | O62: 524.81
A63: 38 | B63: ТСЦ-102-0264 | C63: Фанера строительная из утолщенного шпона марки ФК, толщиной 8-9,5 мм | D63: м3 | E63: 7 | F63: 8800.05 | J63: 61600
A64: 39 | B64: ТЕР26-01-039-01 прим. | C64: Изоляция изделиями из волокнистых и зернистых материалов насухо: перегородок | D64: 1 м3 изоляции | E64: 15.1 | F64: 209.4 | G64: 138.49 | H64: 70.91 | J64: 3162 | K64: 2091 | L64: 1071 | N64: 10.58 | O64: 159.76
A65: 40 | B65: Прайс-лист № 1 от 10.04.2015 | C65: Утеплитель ТЕХНОЛАЙТ | D65: м3 | E65: 15.4 | F65: 197,1 1335/5,74/1,18 | J65: 3035
A66: Раздел 4. Проемы
A67: 41 | B67: ТЕР10-01-040-01 | C67: Заполнение наружных и внутренних дверных проемов отдельными элементами в стенах, площадь проема до 2 м2 | D67: 100 м2 | E67: 0.58 | F67: 19683.79 | G67: 6081.92 | H67: 487.99 | J67: 11417 | K67: 3528 | L67: 283 | N67: 442 | O67: 256.36
A68: 42 | B68: ТСЦ-203-0519 | C68: Полотна дверные деревянные (для плотничных дверей) | D68: м2 | E68: 0.58 | F68: 220.15 | J68: 128
A69: 43 | B69: ТЕР10-01-032-01 | C69: Заполнение оконных проемов отдельными элементами в стенах, переплеты одинарные, площадь проема до 2 м2 | D69: 100 м2 проемов | E69: 0.102 | F69: 42678.47 | G69: 8026.6 | H69: 500.94 | J69: 4353 | K69: 819 | L69: 51 | N69: 599 | O69: 61.1
A70: 44 | B70: ТЕР15-05-001-05 | C70: Остекление оконным стеклом фрамуг с одним переплетом | D70: 100 м2 | E70: 0.102 | F70: 2987.46 | G70: 428.88 | H70: 77.02 | I70: 3.46 | J70: 305 | K70: 44 | L70: 8 | N70: 35.71 | O70: 3.64 | P70: 0.19 | Q70: 0.02
A71: 45 | B71: ТСЦ-101-0889 | C71: Скобяные изделия для блоков входных дверей в помещение однопольных | D71: компл. | E71: 48 | F71: 115.92 | J71: 5564
A72: 46 | B72: ТСЦ-101-0960 | C72: Задвижка накладная (крючок) | D72: шт. | E72: 48 | F72: 11.54 | J72: 554
A73: 47 | B73: ТЕРр56-7-3 прим. | C73: Устройство лаза в дверном полотне | D73: 100 шт. | E73: 0.48 | F73: 7546.81 | G73: 5250.98 | H73: 17.37 | I73: 2.5 | J73: 3622 | K73: 2520 | L73: 8 | M73: 1 | N73: 370.57 | O73: 177.87 | P73: 0.16 | Q73: 0.08
A74: Раздел 5. Ограждение
A75: 48 | B75: ТЕР09-04-011-01 | C75: Установка ограждения вольера, с калиткой | D75: 1 т | E75: 3.427 | F75: 3882.59 | G75: 657.06 | H75: 2911.86 | I75: 182.71 | J75: 13306 | K75: 2252 | L75: 9979 | M75: 626 | N75: 46.37 | O75: 158.91 | P75: 8.68 | Q75: 29.75
A76: 49 | B76: ТСЦ-201-8063 | C76: Прочие индивидуальные сварные конструкции, масса сборочной единицы до 0,1 т решетчатые | D76: т | E76: 3.427 | F76: 13012 | J76: 44592
A77: 50 | B77: ТСЦ-101-0956 | C77: Петля накладная | D77: шт. | E77: 144 | F77: 12.86 | J77: 1852
A78: 51 | B78: ТСЦ-101-2005 прим. | C78: Замок навесной | D78: шт. | E78: 96 | F78: 35.43 | J78: 3401
A79: 52 | B79: ТСЦ-101-0957 | C79: Петля для навесного замка | D79: шт. | E79: 192 | F79: 6.85 | J79: 1315
A80: Антикоррозийная защита металлических конструкций
A81: 53 | B81: ТЕР13-03-002-01 прим. | C81: Огрунтовка металлических поверхностей за один раз грунтовкой ХС-010 (за 2 раза ПЗ=2 (ОЗП=2; ЭМ=2 к расх.; ЗПМ=2; МАТ=2 к расх.; ТЗ=2; ТЗМ=2)) | D81: 100 м2 | E81: 3.248 | F81: 888.16 | G81: 120.9 | H81: 22.48 | I81: 0.32 | J81: 2885 | K81: 393 | L81: 73 | M81: 1 | N81: 7.84 | O81: 25.46 | P81: 0.02 | Q81: 0.07
A82: 54 | B82: ТЕР13-03-004-05 | C82: Окраска металлических огрунтованных поверхностей эмалью ХВ-785 (за 4 раза ПЗ=4 (ОЗП=4; ЭМ=4 к расх.; ЗПМ=4; МАТ=4 к расх.; ТЗ=4; ТЗМ=4)) | D82: 100 м2 | E82: 3.248 | F82: 2403.68 | G82: 126.28 | H82: 31.08 | I82: 0.64 | J82: 7807 | K82: 410 | L82: 101 | M82: 2 | N82: 9.88 | O82: 32.09 | P82: 0.04 | Q82: 0.13
A83: Раздел 6. Кровля
A84: 55 | B84: ТЕР09-03-015-01 | C84: Монтаж прогонов | D84: 1 т | E84: 2.064 | F84: 665.37 | G84: 194.53 | H84: 350.89 | I84: 31 | J84: 1373 | K84: 402 | L84: 724 | M84: 64 | N84: 15.79 | O84: 32.59 | P84: 1.56 | Q84: 3.22
A85: 56 | B85: ТСЦ-201-0760 | C85: Отдельные конструктивные элементы зданий и сооружений с преобладанием гнутых профилей, средняя масса сборочной единицы до 0,1 т | D85: т | E85: 2.064 | F85: 12297.4 | J85: 25382
A86: 57 | B86: ТЕР09-03-022-04 | C86: Устройство покрытий из поликарбонатных и акриловых плит с боковыми планками, профилями и резиновыми прокладками | D86: 100 м2 | E86: 2.757 | F86: 4211.79 | G86: 1497.38 | H86: 2665.85 | I86: 325.96 | J86: 11612 | K86: 4128 | L86: 7350 | M86: 899 | N86: 113.01 | O86: 311.57 | P86: 17.91 | Q86: 49.38
A87: 58 | B87: Прайс-лист № 2 от 14.04.2015 | C87: Кровельные саморезы с шайбой, оцинкованые, с резиновой прокладкой, размером 4,8х38 мм | D87: шт. | E87: 4412 | F87: 0,16 1,05/5,74/1,18 | J87: 706
A88: 59 | B88: Прайс-лист № 3 от 13.05.2015 | C88: Сотовый поликарбонат толщиной 10 мм | D88: м2 | E88: 306 | F88: 585,4 3965/5,74/1,18 | J88: 179132
A89: 60 | B89: ТЕР10-02-036-01 | C89: Установка стропил с антисептированием | D89: 1 м3 | E89: 5.4 | F89: 345.88 | G89: 154.45 | H89: 43.14 | I89: 2.73 | J89: 1868 | K89: 834 | L89: 233 | M89: 15 | N89: 12.86 | O89: 69.44 | P89: 0.15 | Q89: 0.81
A90: 61 | B90: ТСЦ-102-0120 | C90: Доски обрезные хвойных пород длиной 2-3,75 м, шириной 75-150 мм, толщиной 44 мм и более, II сорта (стропила) | D90: м3 | E90: 5.4 | F90: 1428 | J90: 7711
A91: 62 | B91: ТЕРр58-12-2 | C91: Устройство обрешетки с прозорами из досок и брусков под кровлю из листовой стали | D91: 100 м2 | E91: 3.307 | F91: 334.45 | G91: 238.91 | H91: 33.64 | I91: 5 | J91: 1106 | K91: 790 | L91: 111 | M91: 17 | N91: 21.35 | O91: 70.6 | P91: 0.32 | Q91: 1.06
A92: 63 | B92: ТСЦ-102-0113 | C92: Доски обрезные хвойных пород длиной 2-3,75 м, шириной 75-150 мм, толщиной 25 мм, III сорта (обрешетка) | D92: м3 | E92: 3.3 | F92: 892.5 | J92: 2945
A93: 64 | B93: ТЕР10-01-090-03 | C93: Антисептирование пастами досок обрешетки | D93: 100 м2 покрытий | E93: 3.3 | F93: 752 | G93: 92 | H93: 4.55 | I93: 0.18 | J93: 2482 | K93: 304 | L93: 15 | M93: 1 | N93: 7.11 | O93: 23.46 | P93: 0.01 | Q93: 0.03
A94: 65 | B94: ТЕР09-04-002-01 | C94: Монтаж кровельного покрытия из профилированного листа при высоте здания до 25 м | D94: 100 м2 | E94: 3.307 | F94: 1247.91 | G94: 437.36 | H94: 586.29 | I94: 51.86 | J94: 4127 | K94: 1446 | L94: 1939 | M94: 172 | N94: 35.5 | O94: 117.4 | P94: 2.61 | Q94: 8.63
A95: 66 | B95: Прайс-лист № 4 от 08.05.2015 | C95: Профилированный настил оцинкованный С21-1000-0,7 | D95: м2 | E95: 397 | F95: 50,29 340,63/5,74/1,18 | J95: 19965
A96: 67 | B96: Прайс-лист № 5 от 01.04.2015 | C96: Шурупы-саморезы с шести-восьмигранной головкой 4,8х50 мм и специальной уплотнительной прокладкой (шайбой) из ЭПДМ | D96: шт. | E96: 2646 | F96: 0,41 2,77/5,74/1,18 | J96: 1085
A97: 68 | B97: ТЕР26-01-039-01 | C97: Изоляция покрытий и перекрытий изделиями из волокнистых и зернистых материалов насухо | D97: 1 м3 | E97: 13.45 | F97: 209.4 | G97: 138.49 | H97: 70.91 | J97: 2816 | K97: 1863 | L97: 953 | N97: 10.58 | O97: 142.3
A98: 69 | B98: Прайс-лист № 1 от 10.04.2015 | C98: Утеплитель ТЕХНОЛАЙТ | D98: м3 | E98: 13.45 | F98: 197,1 1335/5,74/1,18 | J98: 2651
A99: 70 | B99: ТЕР26-01-055-01 | C99: Установка пароизоляционного слоя из пленки полиэтиленовой | D99: 100 м2 | E99: 3.307 | F99: 9005.13 | G99: 1181.98 | H99: 27.29 | J99: 29780 | K99: 3909 | L99: 90 | N99: 95.94 | O99: 317.27
A100: 71 | B100: ТСЦ-101-4135 | C100: Пленка пароизоляционная ЮТАФОЛ (3-х слойная полиэтиленовая с армированным слоем из полиэтиленовых полос) | D100: м2 | E100: 429.9 | F100: 6.65 | J100: 2859
A101: 72 | B101: ТЕР10-01-022-01 | C101: Подшивка потолков досками обшивки | D101: 100 м2 потолка | E101: 2.576 | F101: 6135.96 | G101: 697.71 | H101: 74.35 | I101: 3.64 | J101: 15806 | K101: 1797 | L101: 192 | M101: 9 | N101: 57.33 | O101: 147.68 | P101: 0.2 | Q101: 0.52
A102: 73 | B102: ТЕР10-01-090-03 | C102: Антисептирование пастами подшивки потолка | D102: 100 м2 покрытий | E102: 2.576 | F102: 752 | G102: 92 | H102: 4.55 | I102: 0.18 | J102: 1937 | K102: 237 | L102: 12 | N102: 7.11 | O102: 18.32 | P102: 0.01 | Q102: 0.03
A103: 74 | B103: ТЕР12-01-010-01 | C103: Устройство мелких покрытий (брандмауэры, парапеты, свесы и т.п.) из листовой оцинкованной стали | D103: 100 м2 покрытия | E103: 0.553 | F103: 1546.39 | G103: 1354.13 | H103: 58.83 | I103: 3.64 | J103: 855 | K103: 749 | L103: 33 | M103: 2 | N103: 112.75 | O103: 62.35 | P103: 0.2 | Q103: 0.11
...

Sheet 25828
A1: СОГЛАСОВАНО: | E1: ФГУП "Комбинат "Электрохимприбор" | M1: УТВЕРЖДАЮ:
G2: (наименование стройки) | M2: Зам.генерального директора
A3: _________________ | N3: Е.В. Гордеев
A4: " _____ " _________ 2015 г. | M4: __________________
G5: ЛОКАЛЬНЫЙ СМЕТНЫЙ РАСЧЕТ № 25828 | M5: "______ " __________2015г.
G6: (локальная смета)
C8: на | D8: строительство кормокухни и вольеров для содержания служебных собак на кинологическом
D9: городке войсковой части 3275. Раздел: Генеральный план. Благоустройство
D10: (наименование работ и затрат, наименование объекта)
D12: Основание: проект № 2014/06-06-У-0-ГП
D13: Сметная стоимость строительных работ _______________________________________________________________________________________________ | J13: ___________________________202,092 | L13: тыс. руб.
D14: Средства на оплату труда _______________________________________________________________________________________________ | J14: ___________________________20,255 | L14: тыс. руб.
D15: Сметная трудоемкость _______________________________________________________________________________________________ | J15: _______________________________________________________________________________________________1468,72 | L15: чел.час
D16: Материалы ______________________________________________________________ | K16: 123.699 | L16: тыс. руб.
D17: Составлен(а) в базовых ценах 2001г. в редакции 2009г.
A19: № пп | B19: Обосно- вание | C19: Наименование | D19: Ед. изм. | E19: Кол. | F19: Стоимость единицы, руб. | J19: Общая стоимость, руб. | N19: Т/з осн. раб.на ед. | O19: Т/з осн. раб. Всего | P19: Т/з мех. на ед. | Q19: Т/з мех. Всего
F20: Всего | G20: В том числе | J20: Всего | K20: В том числе
G21: Осн.З/п | H21: Эк.Маш | I21: З/пМех | K21: Осн.З/п | L21: Эк.Маш | M21: З/пМех
A22: 1 | B22: 2 | C22: 3 | D22: 4 | E22: 5 | F22: 6 | G22: 7 | H22: 8 | I22: 9 | J22: 10 | K22: 11 | L22: 12 | M22: 13 | N22: 14 | O22: 15 | P22: 16 | Q22: 17
A23: Раздел 1. Тротуар
A24: 1 | B24: ТЕР01-01-030-05 | C24: Разработка грунта с перемещением до 10 м бульдозерами мощностью 79 кВт (108 л.с.), группа грунтов 1 (срезка растительного слоя толщиной 150 мм) | D24: 1000 м3 | E24: 0.073 | F24: 645.17 | H24: 645.17 | I24: 102.37 | J24: 47 | L24: 47 | M24: 7 | P24: 6.05 | Q24: 0.44
A25: 2 | B25: ТЕР01-01-030-06 | C25: Разработка грунта с перемещением до 10 м бульдозерами мощностью 79 кВт (108 л.с.), группа грунтов 2 (рытье корыта под дорожную одежду) | D25: 1000 м3 | E25: 0.048 | F25: 798.73 | H25: 798.73 | I25: 126.73 | J25: 38 | L25: 38 | M25: 6 | P25: 7.49 | Q25: 0.36
A26: 3 | B26: ТЕР01-02-002-03 | C26: Уплотнение грунта прицепными кулачковыми катками 8 т на первый проход по одному следу при толщине слоя 20 см | D26: 1000 м3 | E26: 0.087 | F26: 2463.05 | H26: 2463.05 | I26: 385.1 | J26: 214 | L26: 214 | M26: 34 | P26: 22.76 | Q26: 1.98
A27: 4 | B27: ТЕР01-02-002-06 | C27: На каждый последующий проход по одному следу добавлять к расценке 01-02-002-03 (Новый коэффициент ПЗ=7 (ОЗП=7; ЭМ=7 к расх.; ЗПМ=7; МАТ=7 к расх.; ТЗ=7; ТЗМ=7)) | D27: 1000 м3 | E27: 0.087 | F27: 550.13 | H27: 550.13 | I27: 79.38 | J27: 48 | L27: 48 | M27: 7 | P27: 4.69 | Q27: 0.41
A28: 5 | B28: ТЕР27-04-005-01 | C28: Устройство оснований толщиной 15 см из щебня фракции 40-70 мм при укатке каменных материалов с пределом прочности на сжатие свыше 98,1 МПа (1000 кгс/см2) однослойных | D28: 1000 м2 | E28: 0.437 | F28: 32528.99 | G28: 429.21 | H28: 5950.28 | I28: 827.17 | J28: 14215 | K28: 188 | L28: 2600 | M28: 361 | N28: 37.29 | O28: 16.3 | P28: 49.92 | Q28: 21.82
A29: 6 | B29: ТЕР27-04-005-04 | C29: На каждый 1 см изменения толщины слоя добавлять или исключать к расценкам 27-04-005-01 (до толщины 20 см ПЗ=5 (ОЗП=5; ЭМ=5 к расх.; ЗПМ=5; МАТ=5 к расх.; ТЗ=5; ТЗМ=5)) | D29: 1000 м2 | E29: 0.437 | F29: 9179.2 | H29: 1244.35 | I29: 201.3 | J29: 4011 | L29: 544 | M29: 88 | P29: 12.55 | Q29: 5.48
A30: 7 | B30: ТЕР27-06-026-01 | C30: Розлив вяжущих материалов, расход 0,8 кг/м2 | D30: 1 т | E30: 0.35 | F30: 2017.46 | H30: 46.53 | I30: 11.16 | J30: 706 | L30: 16 | M30: 4 | P30: 0.66 | Q30: 0.23
A31: 8 | B31: ТЕР27-07-001-01 | C31: Устройство асфальтобетонных покрытий дорожек и тротуаров однослойных из мелкозернистой асфальто-бетонной смеси толщиной 3 см | D31: 100 м2 | E31: 4.16 | F31: 428.52 | G31: 197.92 | H31: 47.98 | I31: 0.83 | J31: 1783 | K31: 823 | L31: 200 | M31: 3 | N31: 15.12 | O31: 62.9 | P31: 0.05 | Q31: 0.21
A32: 9 | B32: ТЕР27-07-001-02 | C32: На каждые 0,5 см изменения толщины покрытия добавлять к расценке 27-07-001-01 (до толщины 6 см ПЗ=6 (ОЗП=6; ЭМ=6 к расх.; ЗПМ=6; МАТ=6 к расх.; ТЗ=6; ТЗМ=6)) | D32: 100 м2 | E32: 4.16 | F32: 222.66 | G32: 182.22 | H32: 40.44 | J32: 926 | K32: 758 | L32: 168 | N32: 13.92 | O32: 57.91
A33: 10 | B33: ТСЦ-410-0006 | C33: Асфальтобетонные смеси дорожные, аэродромные и асфальтобетон (горячие и теплые для плотного асфальтобетона мелко и крупнозернистые, песчаные), марка II, тип Б | D33: т | E33: 59.9 | F33: 502.39 | J33: 30093
A34: 11 | B34: ТЕР27-06-022-07 | C34: Одиночная поверхностная обработка усовершенствованных покрытий битумом с применением щебня | D34: 1000 м2 | E34: 0.416 | F34: 5815.85 | G34: 200.81 | H34: 834.34 | I34: 112.19 | J34: 2419 | K34: 84 | L34: 347 | M34: 47 | N34: 16.72 | O34: 6.96 | P34: 6.58 | Q34: 2.74
A35: 12 | B35: ТЕР27-02-010-02 | C35: Установка бортовых камней бетонных при других видах покрытий | D35: 100 м | E35: 5.14 | F35: 4479.96 | G35: 906.11 | H35: 91.05 | I35: 12.38 | J35: 23027 | K35: 4657 | L35: 468 | M35: 64 | N35: 76.08 | O35: 391.05 | P35: 0.68 | Q35: 3.5
A36: 13 | B36: ТСЦ-403-8023 | C36: Камни бортовые БР 100.20.8 / бетон В22,5 (М300), объем 0,016 м3/ (ГОСТ 6665-91) | D36: шт. | E36: 514 | F36: 21.76 | J36: 11185
A37: Раздел 2. Газон
A38: 14 | B38: ТЕР47-01-046-03 | C38: Подготовка почвы для устройства партерного и обыкновенного газона с внесением растительной земли (местной) слоем 15 см механизированным способом | D38: 100 м2 | E38: 21.923 | F38: 400.55 | G38: 392.55 | H38: 8 | I38: 0.95 | J38: 8781 | K38: 8606 | L38: 175 | M38: 21 | N38: 35.08 | O38: 769.06 | P38: 0.07 | Q38: 1.53
A39: 15 | B39: ТЕР47-01-046-05 | C39: На каждые 5 см изменения толщины слоя добавлять или исключать к расценкам с 47-01-046-01 по 47-01-046-04 | D39: 100 м2 | E39: -21.923 | F39: 61.21 | G39: 61.21 | J39: -1342 | K39: -1342 | N39: 5.47 | O39: -119.92
A40: 16 | B40: ТЕР47-01-046-06 | C40: Посев газонов партерных, мавританских и обыкновенных вручную | D40: 100 м2 | E40: 21.923 | F40: 529.03 | G40: 71.34 | H40: 408.89 | I40: 49.87 | J40: 11598 | K40: 1564 | L40: 8964 | M40: 1093 | N40: 5.99 | O40: 131.32 | P40: 2.74 | Q40: 60.07
A41: 17 | B41: ТСЦ-414-0137 | C41: Семена газонных трав (смесь), расход 5 кг на 100 м2 | D41: кг | E41: 109.6 | F41: 95.2 | J41: 10434
A42: Раздел 3. Металлическое ограждение
A43: 18 | B43: ТЕР07-01-054-12 | C43: Установка металлических оград по столбам из сетчатых панелей высотой до 2,2 м (рытье ям под фундаменты с обратной засыпкой и трамбованием; установка столбов в ямы с заделкой бетоном; навеска панелей на столбы с закреплением) | D43: 100 м ограды | E43: 0.63 | F43: 6403.24 | G43: 2176.29 | H43: 3194.95 | I43: 420.24 | J43: 4034 | K43: 1371 | L43: 2013 | M43: 265 | N43: 162.41 | O43: 102.32 | P43: 23.09 | Q43: 14.55
A44: 19 | B44: ТЕР07-01-055-08 | C44: Устройство калиток с установкой столбов металлических (рытье ям под фундаменты с обратной засыпкой и трамбованием; установка столбов в ямы с заделкой бетоном; навеска калиток со сваркой) | D44: 100 шт. | E44: 0.04 | F44: 15606.55 | G44: 11953.43 | H44: 441.05 | I44: 1.25 | J44: 624 | K44: 478 | L44: 18 | N44: 855.65 | O44: 34.23 | P44: 0.08
A45: 20 | B45: Прайс-лист № 1 от 20.05.15 | C45: Сетчатое ограждение FENSYS серии CITY 3D в комплекте со столбами 60х60х1,5 мм - 27 шт., панелями 2,03(h)х2,5 м - 25 шт., крепежными хомутами - 27 шт., в т.ч. калитка FENSYS серии PROM 2,0(h)х1,0 м с двумя столбами с замком - 4 шт., RAL 6005 (зеленый), толщина прутка 5 мм | D45: компл. | E45: 1 | F45: 23991,57 (161356,86+880,46+22,4+60,0*4)/5,74/1,18 | J45: 23992
A46: Раздел 4. Собаковязи (24 шт.)
A47: 32 | B47: ТЕР01-02-058-02 | C47: Копание ям вручную без креплений для стоек и столбов без откосов глубиной до 0,7 м, группа грунтов 2 | D47: 100 м3 грунта | E47: 0.015 | F47: 3077.2 | G47: 3077.2 | J47: 46 | K47: 46 | N47: 280 | O47: 4.2
A48: 35 | B48: ТЕР06-01-001-13 | C48: Устройство фундаментов-столбов бетонных | D48: 100 м3 | E48: 0.0113 | F48: 72650.77 | G48: 7185.1 | H48: 4805.24 | I48: 338.14 | J48: 821 | K48: 81 | L48: 54 | M48: 4 | N48: 598.26 | O48: 6.76 | P48: 18.62 | Q48: 0.21
A49: 36 | B49: ТЕР09-03-012-12 | C49: Установка собаковязи: стойка из трубы, ветлюга (кольцо) | D49: 1 т | E49: 0.758 | F49: 652.22 | G49: 83.23 | H49: 380.25 | I49: 39.65 | J49: 494 | K49: 63 | L49: 288 | M49: 30 | N49: 6.59 | O49: 5 | P49: 2.09 | Q49: 1.58
A50: 37 | B50: ТСЦ-103-0470 | C50: Трубы стальные бесшовные, горячедеформированные со снятой фаской из стали марок 15, 20, 25, наружным диаметром 219 мм, толщина стенки 7 мм | D50: м | E50: 24 | F50: 357.83 | J50: 8588
A51: 40 | B51: ТЕР13-03-002-15 | C51: Огрунтовка металлических поверхностей за один раз лаком БТ-577 (за 2 раза ПЗ=2 (ОЗП=2; ЭМ=2 к расх.; ЗПМ=2; МАТ=2 к расх.; ТЗ=2; ТЗМ=2)) | D51: 100 м2 | E51: 0.08 | F51: 354.5 | G51: 120.58 | H51: 24.66 | I51: 0.32 | J51: 28 | K51: 10 | L51: 2 | N51: 7.82 | O51: 0.63 | P51: 0.02
A52: Итого прямые затраты по смете в ценах 2001г. | J52: 156810 | K52: 17387 | L52: 16204 | M52: 2034 | O52: 1468.72 | Q52: 115.11
A53: Итого прямые затраты по смете с учетом коэффициентов к итогам | J53: 158124 | K53: 18135 | L53: 16290 | M53: 2120 | O53: 1468.72 | Q53: 115.11
A54: В том числе, справочно:
A55: Районный к-т 4,3% (Поз. 1-9, 11-12, 14-16, 18-19, 32, 35-36) | J55: 834 | K55: 747 | L55: 87 | M55: 87
A56: Заготовительно-складские расходы на материалы покупные ПЗ=1,02 (ОЗП=1,02; ЭМ=1,02; ЗПМ=1,02; МАТ=1,02; ТЗ=1,02; ТЗМ=1,02) (Поз. 20) | J56: 480
A57: Накладные расходы | J57: 25553
A58: В том числе, справочно:
A59: 80% ФОТ (от 48) (Поз. 32) | J59: 38
A60: 90% ФОТ (от 107) (Поз. 36, 40) | J60: 96
A61: 95% ФОТ (от 56) (Поз. 1-4) | J61: 53
A62: 105% ФОТ (от 88) (Поз. 35) | J62: 92
A63: 115% ФОТ (от 10370) (Поз. 14-16) | J63: 11926
A64: 130% ФОТ (от 2205) (Поз. 18-19) | J64: 2867
A65: 142% ФОТ (от 7381) (Поз. 5-9, 11-12) | J65: 10481
A66: Сметная прибыль | J66: 18415
A67: В том числе, справочно:
A68: 45% ФОТ (от 48) (Поз. 32) | J68: 22
A69: 50% ФОТ (от 56) (Поз. 1-4) | J69: 28
A70: 65% ФОТ (от 88) (Поз. 35) | J70: 57
A71: 70% ФОТ (от 10) (Поз. 40) | J71: 7
A72: 85% ФОТ (от 2302) (Поз. 18-19, 36) | J72: 1956
A73: 90% ФОТ (от 10370) (Поз. 14-16) | J73: 9333
A74: 95% ФОТ (от 7381) (Поз. 5-9, 11-12) | J74: 7012
A75: ВСЕГО по смете | J75: 202092 | O75: 1468.72 | Q75: 115.11
A76: Итого | J76: 202092 | O76: 1468.72 | Q76: 115.11
A77: В том числе:
A78: Материалы | J78: 123699
A79: Машины и механизмы | J79: 14170
A80: ФОТ | J80: 20255
A81: Накладные расходы | J81: 25553
A82: Сметная прибыль | J82: 18415
A83: ВСЕГО по смете | J83: 202092 | O83: 1468.72 | Q83: 115.11
B85: Начальник отд. 078 _________________________ Т.М. Ковязина | I85: Составил инженер-сметчик __________________ Т.М. Шушпанова
I86: 21.05.2015 г.
I87: Ведущий инженер __________________________ В.В. Воронкова

Sheet 25884
A1: СОГЛАСОВАНО: | E1: ФГУП "Комбинат "Электрохимприбор" | M1: УТВЕРЖДАЮ:
G2: (наименование стройки) | M2: Зам. генерального директора
A3: _____________________________ | M3: Е.В.Гордеев
A4: " _____ " ________________ 2015г. | G4: ЛОКАЛЬНЫЙ СМЕТНЫЙ РАСЧЕТ № 25884
G5: (локальная смета) | M5: "______ " __________2015 г.
C7: на | D7: Строительство кормокухни и вольеров для содержания служебных собак на кинологическом
D8: городке войсковой части 3275. Раздел: Генеральный план. Водоотведение.
H9: (наименование работ и затрат, наименование объекта)
H10: (локальная смета)
D12: Основание: Проект № 2014/06-06-У-О-ГП
D13: Сметная стоимость строительных работ _______________________________________________________________________________________________ | J13: ___________________________894,163 | L13: тыс. руб.
D14: Средства на оплату труда _______________________________________________________________________________________________ | J14: ___________________________172,782 | L14: тыс. руб.
D15: Сметная трудоемкость _______________________________________________________________________________________________ | J15: _______________________________________________________________________________________________10387,82 | L15: чел.час
D16: Материалы ___________________________________________________________ | J16: =J83/1000 -> 350.43 | L16: тыс.руб.
D17: Составлен(а) в базовых ценах 2001г. в редакции 2009г.
A19: № пп | B19: Обосно- вание | C19: Наименование | D19: Ед. изм. | E19: Кол. | F19: Стоимость единицы, руб. | J19: Общая стоимость, руб. | N19: Т/з осн. раб.на ед. | O19: Т/з осн. раб. Всего | P19: Т/з мех. на ед. | Q19: Т/з мех. Всего
F20: Всего | G20: В том числе | J20: Всего | K20: В том числе
G21: Осн.З/п | H21: Эк.Маш | I21: З/пМех | K21: Осн.З/п | L21: Эк.Маш | M21: З/пМех
A22: 1 | B22: 2 | C22: 3 | D22: 4 | E22: 5 | F22: 6 | G22: 7 | H22: 8 | I22: 9 | J22: 10 | K22: 11 | L22: 12 | M22: 13 | N22: 14 | O22: 15 | P22: 16 | Q22: 17
A23: Раздел 1. Водоотведение.
A24: Устройство лотка.
A25: 1 | B25: ТЕР01-01-003-08 | C25: Разработка грунта в отвал экскаваторами «драглайн» или «обратная лопата» с ковшом вместимостью 0,65 (0,5-1) м3, группа грунтов 2 | D25: 1000 м3 грунта | E25: 0.113 | F25: 3778.42 | G25: 115.18 | H25: 3663.24 | I25: 385.27 | J25: 427 | K25: 13 | L25: 414 | M25: 44 | N25: 10.48 | O25: 1.18 | P25: 22.77 | Q25: 2.57
A26: 2 | B26: ТЕР01-02-057-02 | C26: Разработка грунта вручную в траншеях глубиной до 2 м без креплений с откосами, группа грунтов 2 (3.187Доработка вручную, зачистка дна и стенок с выкидкой грунта в котлованах и траншеях, разработанных механизированным способом ОЗП=1,2; ТЗ=1,2) | D26: 100 м3 грунта | E26: 0.035 | F26: 2030.95 | G26: 2030.95 | J26: 71 | K26: 71 | N26: 184.8 | O26: 6.47
A27: 3 | B27: ТЕР01-01-013-08 | C27: Разработка грунта с погрузкой на автомобили-самосвалы экскаваторами с ковшом вместимостью 0,65 (0,5-1) м3, группа грунтов 2 (Лишний грунт) | D27: 1000 м3 грунта | E27: 0.059 | F27: 5028.78 | G27: 125.4 | H27: 4898.28 | I27: 559.88 | J27: 297 | K27: 7 | L27: 289 | M27: 33 | N27: 11.41 | O27: 0.67 | P27: 33.09 | Q27: 1.95
A28: 4 | B28: ФССЦпг03-21-01-005 | C28: Перевозка грузов автомобилями-самосвалами грузоподъемностью 10 т, работающих вне карьера, на расстояние: до 5 км I класс груза (Лишний грунт) (ОП п.1.1.9Поясные коэффициенты к сметным ценам на перевозку грузов автомобильным транспортом: Свердловская область ПЗ=1,1 (ОЗП=1,1; ЭМ=1,1; ЗПМ=1,1; МАТ=1,1)) | D28: 1 т груза | E28: 118 | F28: 7.36 | H28: 7.36 | J28: 868 | L28: 868
A29: 5 | B29: ТЕР27-04-021-01 | C29: Устройство основания из пескоцементной смеси толщиной 0,18 м на крутых склонах | D29: 100 м2 основания | E29: 1.66 | F29: 7170.4 | G29: 869.41 | H29: 1512.68 | I29: 217.04 | J29: 11903 | K29: 1443 | L29: 2511 | M29: 360 | N29: 55.66 | O29: 92.4 | P29: 12.2 | Q29: 20.25
A30: 6 | B30: ТЕР27-04-021-02 | C30: На каждый 1 см изменения толщины слоя добавлять или исключать к расценке 27-04-021-01 (толщина 100мм ПЗ=8 (ОЗП=8; ЭМ=8 к расх.; ЗПМ=8; МАТ=8 к расх.; ТЗ=8; ТЗМ=8)) | D30: 100 м2 основания | E30: -1.66 | F30: 1928.64 | G30: 49.68 | H30: 20.4 | I30: 2.88 | J30: -3202 | K30: -82 | L30: -34 | M30: -5 | N30: 4.08 | O30: -6.77 | P30: 0.16 | Q30: -0.27
A31: 7 | B31: ТЕР06-01-064-01 | C31: Строительство отдельных конструкций емкостных сооружений, устройство лотков в сооружениях 75 008,05 = 143 587,54 - 101,5 x 675,66 | D31: 100 м3 железобетона в деле | E31: 3.652 | F31: 75008.05 | G31: 40418.11 | H31: 22097.68 | I31: 3339.34 | J31: 273929 | K31: 147607 | L31: 80701 | M31: 12195 | N31: 2732.8 | O31: 9980.19 | P31: 183.48 | Q31: 670.07
A32: Уд | B32: 1. 401-0246 | C32: Бетон песчаный, класс В15 (М200) | D32: м3 | E32: 101,5 370,7 | F32: 675.66 | J32: 250467.16
A33: 8 | B33: ТСЦ-401-0069 | C33: Бетон тяжелый, крупность заполнителя 20 мм, класс В25 (М350) | D33: м3 | E33: 370.7 | F33: 660.86 | J33: 244981
A34: 9 | B34: ТЕР27-02-010-01 прим. | C34: Установка лотков железобетонных | D34: 100 м | E34: 3.32 | F34: 3353.64 | G34: 906.11 | H34: 91.05 | I34: 12.38 | J34: 11134 | K34: 3008 | L34: 302 | M34: 41 | N34: 76.08 | O34: 252.59 | P34: 0.68 | Q34: 2.26
A35: 10 | B35: Прайс лист от 19.05.15 (стр.1) | C35: Стоимость: Лоток железобетонный ЛК75.30.45 | D35: шт | E35: 443 | F35: 90,36 600,00/1,18/5,74*1,02 | J35: 40029
A36: 11 | B36: ТЕР09-03-049-01 | C36: Установка съемных металлических решетак стальных к лотку | D36: 100 м2 пола | E36: 0.015 | F36: 6260.37 | G36: 6107.29 | H36: 153.08 | I36: 10.01 | J36: 94 | K36: 92 | L36: 2 | N36: 471.97 | O36: 7.08 | P36: 0.55 | Q36: 0.01
A37: 12 | B37: Прайс лист от 19.05.15 (стр.2) | C37: Стоимость: Решетка стальная к лотку ЛК75.30.45 | D37: шт | E37: 4 | F37: 467,29 3103,00/1,18/5,74*1,02 | J37: 1869
A38: Устройство колодца ж/б для сбора стоков.
A39: 13 | B39: ТЕР01-01-003-08 | C39: Разработка грунта в отвал экскаваторами «драглайн» или «обратная лопата» с ковшом вместимостью 0,65 (0,5-1) м3, группа грунтов 2 | D39: 1000 м3 грунта | E39: 0.039 | F39: 3778.42 | G39: 115.18 | H39: 3663.24 | I39: 385.27 | J39: 147 | K39: 4 | L39: 143 | M39: 15 | N39: 10.48 | O39: 0.41 | P39: 22.77 | Q39: 0.89
A40: 14 | B40: ТЕР01-02-055-08 | C40: Разработка грунта вручную с креплениями в траншеях шириной до 2 м, глубиной до 3 м, группа грунтов 2 | D40: 100 м3 грунта | E40: 0.012 | F40: 3117.84 | G40: 3117.84 | J40: 37 | K40: 37 | N40: 264 | O40: 3.17
A41: 15 | B41: ТЕР01-01-013-08 | C41: Разработка грунта с погрузкой на автомобили-самосвалы экскаваторами с ковшом вместимостью 0,65 (0,5-1) м3, группа грунтов 2 (Лишний грунт) | D41: 1000 м3 грунта | E41: 0.007 | F41: 5028.78 | G41: 125.4 | H41: 4898.28 | I41: 559.88 | J41: 35 | K41: 1 | L41: 34 | M41: 4 | N41: 11.41 | O41: 0.08 | P41: 33.09 | Q41: 0.23
A42: 16 | B42: ФССЦпг03-21-01-005 | C42: Перевозка грузов автомобилями-самосвалами грузоподъемностью 10 т, работающих вне карьера, на расстояние: до 5 км I класс груза (Лишний грунт) (ОП п.1.1.9Поясные коэффициенты к сметным ценам на перевозку грузов автомобильным транспортом: Свердловская область ПЗ=1,1 (ОЗП=1,1; ЭМ=1,1; ЗПМ=1,1; МАТ=1,1)) | D42: 1 т груза | E42: 13 | F42: 7.36 | H42: 7.36 | J42: 96 | L42: 96
A43: 17 | B43: ТЕР01-01-033-02 | C43: Засыпка траншей и котлованов с перемещением грунта до 5 м бульдозерами мощностью 59 кВт (80 л.с.), группа грунтов 2 | D43: 1000 м3 грунта | E43: 0.032 | F43: 822.69 | H43: 822.69 | I43: 138.55 | J43: 26 | L43: 26 | M43: 4 | P43: 8.87 | Q43: 0.28
A44: 18 | B44: ТЕР01-02-061-02 | C44: Засыпка вручную траншей, пазух котлованов и ям, группа грунтов 2 | D44: 100 м3 грунта | E44: 0.01 | F44: 1027.4 | G44: 1027.4 | J44: 10 | K44: 10 | N44: 97.2 | O44: 0.97
A45: 19 | B45: ТЕР01-02-005-01 | C45: Уплотнение грунта пневматическими трамбовками, группа грунтов 1-2 | D45: 100 м3 уплотненного грунта | E45: 0.399 | F45: 604.71 | G45: 150.49 | H45: 454.22 | I45: 47.48 | J45: 241 | K45: 60 | L45: 181 | M45: 19 | N45: 12.53 | O45: 5 | P45: 3.04 | Q45: 1.21
A46: 20 | B46: ТЕР23-03-001-03 | C46: Устройство круглых сборных железобетонных канализационных колодцев диаметром 1 м в сухих грунтах | D46: 10 м3 | E46: 0.32 | F46: 20216.39 | G46: 1772.46 | H46: 2930.56 | I46: 348.28 | J46: 6469 | K46: 567 | L46: 938 | M46: 111 | N46: 138.69 | O46: 44.38 | P46: 19.21 | Q46: 6.15
A47: 21 | B47: Прайс лист от 26.05.15 (стр.3) | C47: Стоимость: Люк полимер-песчаный | D47: шт | E47: 1 | F47: 195,77 1300,00/1,18/5,74*1,02 | J47: 196
A48: 22 | B48: ТСЦ-509-3905 | C48: Скобы ходовые | D48: кг | E48: 9 | F48: 9.12 | J48: 82
A49: Итого по разделу 1 Водоотведение. | J49: 894163 | O49: 10387.82 | Q49: 705.6
A50: ИТОГИ ПО СМЕТЕ:
A51: Итого прямые затраты по смете в ценах 2001г. | J51: 589739 | K51: 152838 | L51: 86471 | M51: 12821 | O51: 10387.82 | Q51: 705.6
A52: Итого прямые затраты по смете с учетом коэффициентов к итогам | J52: 596862 | K52: 159410 | L52: 87022 | M52: 13372 | O52: 10387.82 | Q52: 705.6
A53: В том числе, справочно:
A54: Районный к-т 4,3% (Поз. 1, 3, 13, 15, 17, 19, 2, 14, 18, 5-6, 9, 7, 11, 20) | J54: 7123 | K54: 6572 | L54: 551 | M54: 551
A55: Накладные расходы | J55: 183369
A56: В том числе, справочно:
A57: 80% ФОТ (от 123) (Поз. 2, 14, 18) | J57: 98
A58: 90% ФОТ (от 96) (Поз. 11) | J58: 86
A59: 95% ФОТ (от 213) (Поз. 1, 3, 13, 15, 17, 19) | J59: 202
A60: 105% ФОТ (от 166673) (Поз. 7) | J60: 175007
A61: 130% ФОТ (от 707) (Поз. 20) | J61: 919
A62: 142% ФОТ (от 4970) (Поз. 5-6, 9) | J62: 7057
A63: Сметная прибыль | J63: 113932
A64: В том числе, справочно:
A65: 45% ФОТ (от 123) (Поз. 2, 14, 18) | J65: 55
A66: 50% ФОТ (от 213) (Поз. 1, 3, 13, 15, 17, 19) | J66: 107
A67: 65% ФОТ (от 166673) (Поз. 7) | J67: 108337
A68: 85% ФОТ (от 96) (Поз. 11) | J68: 82
A69: 89% ФОТ (от 707) (Поз. 20) | J69: 629
A70: 95% ФОТ (от 4970) (Поз. 5-6, 9) | J70: 4722
A71: ВСЕГО по смете | J71: 894163 | O71: 10387.82 | Q71: 705.6
A72: Земляные работы, выполняемые механизированным способом | J72: 1491 | O72: 7.34 | Q72: 7.13
A73: Земляные работы, выполняемые ручным способом | J73: 276 | O73: 10.61
A74: Перевозка грузов автотранспортом | J74: 964
A75: Автомобильные дороги | J75: 31819 | O75: 338.22 | Q75: 22.24
A76: Бетонные и железобетонные монолитные конструкции в промышленном строительстве | J76: 564144 | O76: 9980.19 | Q76: 670.07
A77: Материалы | J77: 245063
A78: Материалы покупные | J78: 42094
A79: Строительные металлические конструкции | J79: 266 | O79: 7.08 | Q79: 0.01
A80: Наружные сети водопровода, канализации, теплоснабжения, газопровода | J80: 8046 | O80: 44.38 | Q80: 6.15
A81: Итого | J81: 894163 | O81: 10387.82 | Q81: 705.6
A82: В том числе:
A83: Материалы | J83: 350430
A84: Машины и механизмы | J84: =87022-M52 -> 73650
A85: ФОТ | J85: 172782
A86: Накладные расходы | J86: 183369
A87: Сметная прибыль | J87: 113932
A88: ВСЕГО по смете | J88: 894163 | O88: 10387.82 | Q88: 705.6
A90: ПРИМЕЧАНИЯ: | C90: К=5,74 - индекс перевода в I квартале из базисных цен 2001г. в текущие на СМР (прил. №1 к Письму Минстроя России от 06.02.2015 N 3004-ЛС/08)
B92: Начальник отд.078 _________________________Т.М.Ковязина | I92: Составил инженер-сметчик __________________ Н.А.Батаева
I93: 26.05.15г.
I94: Ведущий инженер отд.078____________________ В.В.Воронкова

Sheet 25830
A1: СОГЛАСОВАНО: | E1: ФГУП "Комбинат "Электрохимприбор" | M1: УТВЕРЖДАЮ:
G2: (наименование стройки) | M2: Зам. генерального директора
A3: _____________________________ | M3: Е.В.Гордеев
A4: " _____ " ________________ 2015г. | G4: ЛОКАЛЬНЫЙ СМЕТНЫЙ РАСЧЕТ № 25830
G5: (локальная смета) | M5: "______ " __________2015 г.
C7: на | D7: Строительство кормокухни и вольеров для содержания служебных собак на
D8: кинологическом городке войсковой части 3275. Раздел: Теплосеть
H9: (наименование работ и затрат, наименование объекта)
D11: Основание: Проект 2014/06-06-У-1-ТС
D12: Сметная стоимость строительных работ _______________________________________________________________________________________________ | J12: ___________________________6,717 | L12: тыс. руб.
D13: Средства на оплату труда _______________________________________________________________________________________________ | J13: ___________________________0,384 | L13: тыс. руб.
D14: Сметная трудоемкость _______________________________________________________________________________________________ | J14: _______________________________________________________________________________________________24,25 | L14: чел.час
D15: Материалы ___________________________________________________________ | J15: =J67/1000 -> 5.222 | L15: тыс.руб.
D16: Составлен(а) в базовых ценах 2001г. в редакции 2009г.
A18: № пп | B18: Обосно- вание | C18: Наименование | D18: Ед. изм. | E18: Кол. | F18: Стоимость единицы, руб. | J18: Общая стоимость, руб. | N18: Т/з осн. раб.на ед. | O18: Т/з осн. раб. Всего | P18: Т/з мех. на ед. | Q18: Т/з мех. Всего
F19: Всего | G19: В том числе | J19: Всего | K19: В том числе
G20: Осн.З/п | H20: Эк.Маш | I20: З/пМех | K20: Осн.З/п | L20: Эк.Маш | M20: З/пМех
A21: 1 | B21: 2 | C21: 3 | D21: 4 | E21: 5 | F21: 6 | G21: 7 | H21: 8 | I21: 9 | J21: 10 | K21: 11 | L21: 12 | M21: 13 | N21: 14 | O21: 15 | P21: 16 | Q21: 17
A22: Раздел 1.
A23: 1 | B23: ТЕР24-01-004-01 | C23: Надземная прокладка трубопроводов при условном давлении 1,6 МПа, температуре 150°С, диаметр труб до 50 мм (в том числе отводы и узел для выпуска воздуха) 18 314,09 = 68 935,96 - 1010 x 46,39 - 0,29 x 12 993,00 | D23: 1 км трубопровода | E23: 0.025 | F23: 18314.09 | G23: 5944.32 | H23: 11228.22 | I23: 1204.73 | J23: 458 | K23: 149 | L23: 281 | M23: 30 | N23: 432 | O23: 10.8 | P23: 71.71 | Q23: 1.79
A24: Уд | B24: 1. 103-0357 | C24: Трубы стальные бесшовные, горячедеформированные со снятой фаской из стали марок 15, 20, 25, наружным диаметром 57 мм, толщина стенки 3,5 мм | D24: м | E24: 1010 25,25 | F24: 46.39 | J24: 1171.35
A25: Уд | B25: 2. 201-0888 | C25: Опоры скользящие и катковые, крепежные детали, хомуты | D25: т | E25: 0,29 0,0073 | F25: 12993 | J25: 94.85
A26: 2 | B26: ТСЦ-103-0347 | C26: Трубы стальные бесшовные, горячедеформированные со снятой фаской из стали марок 15, 20, 25, наружным диаметром 32 мм, толщина стенки 3,5 мм (в том числе отводы и узел для выпуска воздуха) | D26: м | E26: 25.25 | F26: 28.02 | J26: 708
A27: 3 | B27: ТСЦ-201-0888 | C27: Опоры скользящие и катковые, крепежные детали, хомуты | D27: т | E27: 0.011 | F27: 12993 | J27: 143
A28: 4 | B28: ТЕР13-03-002-04 | C28: Огрунтовка металлических поверхностей за один раз грунтовкой ГФ-021 | D28: 100 м2 | E28: 0.053 | F28: 417.46 | G28: 79.65 | H28: 10.15 | I28: 0.16 | J28: 22 | K28: 4 | L28: 1 | N28: 5.31 | O28: 0.28 | P28: 0.01
A29: 5 | B29: ТЕР13-03-004-26 | C29: Окраска металлических огрунтованных поверхностей эмалью ПФ (За 2 раза ПЗ=2 (ОЗП=2; ЭМ=2 к расх.; ЗПМ=2; МАТ=2 к расх.; ТЗ=2; ТЗМ=2)) | D29: 100 м2 | E29: 0.053 | F29: 1261.82 | G29: 97.9 | H29: 13.36 | I29: 0.32 | J29: 67 | K29: 5 | L29: 1 | N29: 7.66 | O29: 0.41 | P29: 0.02
A30: 6 | B30: ТЕР26-01-003-01 | C30: Изоляция трубопроводов цилиндрами и полуцилиндрами из минеральной ваты на синтетическом связующем 1 140,90 = 2 429,78 - 1,032 x 1 248,91 | D30: 1 м3 изоляции | E30: 0.339 | F30: 1140.9 | G30: 243.27 | H30: 46.57 | J30: 387 | K30: 82 | L30: 16 | N30: 18.8 | O30: 6.37
A31: Уд | B31: 1. 104-0017 | C31: Цилиндры и полуцилиндры теплоизоляционные из минваты на синтетическом связующем М-200, внутренний диаметр 76-108 мм | D31: м3 | E31: 1,032 0,3498 | F31: 1248.91 | J31: 436.87
A32: 7 | B32: ТСЦ-104-1345 | C32: Цилиндры минераловатные кашированные алюминиевой фольгой толщиной 50 мм, диаметром до 89 мм (ROCKWOOL) | D32: м | E32: 24.24 | F32: 116.62 | J32: 2827
A33: 8 | B33: ТЕР24-01-028-01 | C33: Установка П-образных компенсаторов диаметром труб до 50 мм | D33: 1 компенсатор | E33: 2 | F33: 603.12 | G33: 39.68 | H33: 30.01 | I33: 3.84 | J33: 1206 | K33: 79 | L33: 60 | M33: 8 | N33: 2.8 | O33: 5.6 | P33: 0.32 | Q33: 0.64
A34: 9 | B34: ТЕР09-03-014-01 прим. | C34: Монтаж парных уголков | D34: 1 т конструкций | E34: 0.0007 | F34: 1773.81 | G34: 779.61 | H34: 583.19 | I34: 69.72 | J34: 1 | K34: 1 | N34: 63.28 | O34: 0.04 | P34: 3.82
A35: 10 | B35: ТСЦ-101-1641 | C35: Сталь угловая равнополочная, марка стали ВСт3кп2, размером 50x50x5 мм | D35: т | E35: 0.003 | F35: 5890.5 | J35: 18
A36: 11 | B36: ТЕР26-01-009-01 прим. | C36: Изоляция трубопроводов 943,99 = 1 630,78 - 4E-5 x 38 163,26 - 1,54 x 414,12 - 0,002204 x 21 560,00 | D36: 1 м3 изоляции | E36: 0.04 | F36: 943.99 | G36: 259.38 | H36: 71.42 | J36: 38 | K36: 10 | L36: 3 | N36: 18.85 | O36: 0.75
A37: Уд | B37: 1. 101-1821 | C37: Винты самонарезающие оцинкованные, размером 4-12 мм ГОСТ 10621-80 | D37: т | E37: 4E-5 | F37: 38163.26
A38: Уд | B38: 2. 104-0009 | C38: Маты прошивные из минеральной ваты без обкладок М-100, толщина 60 мм | D38: м3 | E38: 1,54 0,0616 | F38: 414.12 | J38: 25.51
A39: Уд | B39: 3. 104-0077 | C39: Стеклопластик рулонный марки РСТ-А-Л-В | D39: 1000 м2 | E39: 0,002204 0,0001 | F39: 21560 | J39: 2.16
A40: 12 | B40: Прайс лист от 21.05.15 (стр.1) | C40: Стоимость: Плиты теплоизоляционные ТЕХ БАТТС 50 ТУ 5762-013-45757203-03 | D40: м3 | E40: 0.04 | F40: 692,73 4600,00/1,18/5,74*1,02 | J40: 28
A41: 13 | B41: ТСЦ-101-1821 | C41: Винты самонарезающие оцинкованные, размером 4-12 мм ГОСТ 10621-80 | D41: т | E41: 0.0003 | F41: 38163.26 | J41: 11
A42: Итого по разделу 1 | J42: 6717 | O42: 24.25 | Q42: 2.43
A43: ИТОГИ ПО СМЕТЕ:
A44: Итого прямые затраты по смете в ценах 2001г. | J44: 5914 | K44: 330 | L44: 362 | M44: 38 | O44: 24.25 | Q44: 2.43
A45: Итого прямые затраты по смете с учетом коэффициентов к итогам | J45: 5930 | K45: 344 | L45: 364 | M45: 40 | O45: 24.25 | Q45: 2.43
A46: В том числе, справочно:
A47: Районный к-т 4,3% (Поз. 1, 8, 6, 11) | J47: 16 | K47: 14 | L47: 2 | M47: 2
A48: Накладные расходы | J48: 466
A49: В том числе, справочно:
A50: 90% ФОТ (от 10) (Поз. 4-5, 9) | J50: 9
A51: 100% ФОТ (от 96) (Поз. 6, 11) | J51: 96
A52: 130% ФОТ (от 278) (Поз. 1, 8) | J52: 361
A53: Сметная прибыль | J53: 321
A54: В том числе, справочно:
A55: 70% ФОТ (от 105) (Поз. 4-6, 11) | J55: 73
A56: 85% ФОТ (от 1) (Поз. 9) | J56: 1
A57: 89% ФОТ (от 278) (Поз. 1, 8) | J57: 247
A58: ВСЕГО по смете | J58: 6717 | O58: 24.25 | Q58: 2.43
A59: Наружные сети водопровода, канализации, теплоснабжения, газопровода | J59: 2284 | O59: 16.4 | Q59: 2.43
A60: Материалы | J60: 3707
A61: Защита строительных конструкций и оборудования от коррозии | J61: 103 | O61: 0.69
A62: Теплоизоляционные работы | J62: 592 | O62: 7.12
A63: Строительные металлические конструкции | J63: 3 | O63: 0.04
A64: Материалы покупные | J64: 28
A65: Итого | J65: 6717 | O65: 24.25 | Q65: 2.43
A66: В том числе:
A67: Материалы | J67: 5222
A68: Машины и механизмы | J68: =364-M45 -> 324
A69: ФОТ | J69: 384
A70: Накладные расходы | J70: 466
A71: Сметная прибыль | J71: 321
A72: ВСЕГО по смете | J72: 6717 | O72: 24.25 | Q72: 2.43
A74: ПРИМЕЧАНИЯ: | C74: 1. К=5,74 - индекс перевода в I квартале из базисных цен 2001г. в текущие на СМР (прил. №1 к Письму Минстроя России от 06.02.2015 N 3004-ЛС/08)
B76: Начальник отд.078 _________________________Т.М.Ковязина | I76: Составил инженер-сметчик __________________ Н.А.Батаева
I77: 21.05.15г.
I78: Ведущий инженер отд.078____________________ В.В.Воронкова

Sheet 25831
A1: СОГЛАСОВАНО: | E1: ФГУП "Комбинат "Электрохимприбор" | M1: УТВЕРЖДАЮ:
G2: (наименование стройки) | M2: Зам. генерального директора
A3: _____________________________ | M3: Е.В.Гордеев
A4: " _____ " ________________ 2015г. | G4: ЛОКАЛЬНЫЙ СМЕТНЫЙ РАСЧЕТ № 25831
G5: (локальная смета) | M5: "______ " __________2015 г.
C7: на | D7: Строительство кормокухни и вольеров для содержания служебных собак на
D8: кинологическом городке войсковой части 3275. Раздел: Отопление и вентиляция
H9: (наименование работ и затрат, наименование объекта)
D11: Основание: Проект № 2014/06-06-У-1-ОВ
D12: Сметная стоимость _______________________________________________________________________________________________ | J12: ___________________________322,172 | L12: тыс. руб.
D13: строительных работ _______________________________________________________________________________________________ | J13: _______________________________________________________________________________________________171,608 | L13: тыс. руб.
D14: монтажных работ _______________________________________________________________________________________________ | J14: _______________________________________________________________________________________________0,096 | L14: тыс. руб.
D15: оборудования _______________________________________________________________________________________________ | J15: _______________________________________________________________________________________________150,468 | L15: тыс. руб.
D16: Средства на оплату труда _______________________________________________________________________________________________ | J16: ___________________________9,072 | L16: тыс. руб.
D17: Сметная трудоемкость _______________________________________________________________________________________________ | J17: _______________________________________________________________________________________________677,8 | L17: чел.час
D18: Материалы ___________________________________________________________ | J18: =K477/1000 -> 142.644 | L18: тыс.руб.
D19: Составлен(а) в базовых ценах 2001г. в редакции 2009г.
A21: № пп | B21: Обосно- вание | C21: Наименование | D21: Ед. изм. | E21: Кол. | F21: Стоимость единицы, руб. | J21: Общая стоимость, руб. | O21: Т/з осн. раб.на ед. | P21: Т/з осн. раб. Всего | Q21: Общая масса обору-дования, т
F22: Всего | G22: В том числе | J22: Обору- дование | K22: Всего | L22: В том числе
G23: Осн.З/п | H23: Эк.Маш | I23: З/пМех | L23: Осн.З/п | M23: Эк.Маш | N23: З/пМех
A24: 1 | B24: 2 | C24: 3 | D24: 4 | E24: 5 | F24: 6 | G24: 7 | H24: 8 | I24: 9 | J24: 10 | K24: 11 | L24: 12 | M24: 13 | N24: 14 | O24: 15 | P24: 16 | Q24: 17
A25: Раздел 1. Узел ввода и теплоснабжение калорифера приточной установки.
A26: 1 | B26: ТЕР16-05-001-02 | C26: Установка кранов на трубопроводах из стальных труб диаметром до 50 мм | D26: 1 шт. | E26: 2 | F26: 138.58 | G26: 18.79 | H26: 5.32 | K26: 277 | L26: 38 | M26: 11 | O26: 1.47 | P26: 2.94
A27: 2 | B27: Прайс лист от 14.05.15 (стр.1) | C27: Стоимость: Кран шаровой фланцевый Ду32 JIP-FF | D27: компл. | E27: 2 | F27: 796,45 4482,00/5,74*1,02 | K27: 1593
A28: 3 | B28: ТЕР16-07-001-02 прим. | C28: Установка кранов диаметром до 25 мм 5,02 = 879,66 - 20 x 40,82 - 2 x 7,20 - 1 x 43,84 | D28: 1 кран | E28: 14 | F28: 5.02 | G28: 4.07 | K28: 70 | L28: 57 | O28: 0.3 | P28: 4.2
A29: Уд | B29: 1. 301-3329 | C29: Рукава поливочные диаметром 25 мм | D29: м | E29: 20 280 | F29: 40.82 | K29: 11429.6
A30: Уд | B30: 2. 301-3332 | C30: Головки для присоединения рукавов поливочных диаметром 25 мм | D30: шт. | E30: 2 28 | F30: 7.2 | K30: 201.6
A31: Уд | B31: 3. 302-1136 | C31: Вентили проходные муфтовые 15KЧ18Р для воды, давлением 1,6 МПа (16 кгс/см2), диаметром 25 мм | D31: шт. | E31: 1 14 | F31: 43.84 | K31: 613.76
A32: 4 | B32: Прайс лист от 14.05.15 (стр.2) | C32: Стоимость: Кран шаровой латунный муфтовый Ду20, BVR | D32: шт | E32: 3 | F32: 107,86 607,00/5,74*1,02 | K32: 324
A33: 5 | B33: Прайс лист от 14.05.15 (стр.2) | C33: Стоимость: Кран шаровой латунный муфтовый Ду15, BVR | D33: шт | E33: 6 | F33: 72,68 409,00/5,74*1,02 | K33: 436
A34: 6 | B34: Прайс лист от 14.05.15 (стр.2) | C34: Стоимость: Кран шаровой латунный муфтовый сливной Ду20, BVR-С | D34: шт | E34: 5 | F34: 132,74 747,00/5,74*1,02 | K34: 664
A35: 7 | B35: ТЕР16-05-001-01 | C35: Установка клапанов на трубопроводах из стальных труб диаметром до 25 мм | D35: 1 шт. | E35: 3 | F35: 84.1 | G35: 18.79 | H35: 4.23 | K35: 252 | L35: 56 | M35: 13 | O35: 1.47 | P35: 4.41
A36: 8 | B36: Прайс лист от 14.05.15 (стр.3) | C36: Стоимость: Клапан балансировочный ручной со спускным клапаном и измерительным нипелем Ду20, USV-I | D36: шт | E36: 3 | F36: 521,73 2936,00/5,74*1,02 | K36: 1565
A37: 9 | B37: ТЕР18-06-007-02 | C37: Установка фильтров диаметром 32 мм 179,74 = 6 207,34 - 10 x 602,76 | D37: 10 фильтров | E37: 0.2 | F37: 179.74 | G37: 108.39 | H37: 62.45 | I37: 0.55 | K37: 36 | L37: 22 | M37: 12 | O37: 8.18 | P37: 1.64
A38: Уд | B38: 1. 301-1214 | C38: Фильтры для очистки воды в трубопроводах систем отопления диаметром 32 мм | D38: шт. | E38: 10 2 | F38: 602.76 | K38: 1205.52
A39: 10 | B39: Прайс лист от 14.05.15 (стр.4) | C39: Стоимость: Фильтр сетчатый муфтовый Ду32 FVR | D39: шт | E39: 2 | F39: 511,78 2880,00/5,74*1,02 | K39: 1024
A40: 11 | B40: ТЕР18-07-001-02 | C40: Установка манометров с трехходовым краном | D40: 1 компл. | E40: 12 | F40: 244.31 | G40: 3.07 | K40: 2932 | L40: 37 | O40: 0.22 | P40: 2.64
A41: 12 | B41: ТЕР18-07-001-04 | C41: Установка термометров в оправе прямых и угловых | D41: 1 компл. | E41: 5 | F41: 365.03 | G41: 4.11 | K41: 1825 | L41: 21 | O41: 0.31 | P41: 1.55
A42: 13 | B42: ТЕР18-06-003-10 | C42: Установка воздухоотводчиков 53,48 = 118,68 - 1 x 65,20 | D42: 1 шт. | E42: 6 | F42: 53.48 | G42: 22.24 | H42: 10.19 | I42: 0.36 | K42: 321 | L42: 133 | M42: 61 | N42: 2 | O42: 1.66 | P42: 9.96
A43: Уд | B43: 1. 301-1489 | C43: Воздухоотводчик автоматический с наружным резьбовым присоединением Рр=1,0 МПа, Т max = 120 град С, D = 15 мм | D43: шт. | E43: 1 6 | F43: 65.2 | K43: 391.2
A44: 14 | B44: Прайс лист от 14.05.15 (стр.5) | C44: Стоимость: Автоматический воздухоотводчик Ду15 Airvent | D44: шт | E44: 6 | F44: 69,13 389,00/5,74*1,02 | K44: 415
A45: 15 | B45: ТСЦ-301-0607 прим. | C45: Рукава ВГ (III), диаметром 20 мм | D45: м | E45: 5 | F45: 53.16 | K45: 266
A46: 16 | B46: ТЕР16-02-005-01 | C46: Прокладка трубопроводов отопления и водоснабжения из стальных электросварных труб диаметром до 40 мм | D46: 100 м | E46: 0.372 | F46: 6013.84 | G46: 837.02 | H46: 157.48 | I46: 3.46 | K46: 2237 | L46: 311 | M46: 59 | N46: 1 | O46: 60.83 | P46: 22.63
A47: 17 | B47: ТСЦ-301-1224 | C47: Крепления для трубопроводов: кронштейны, планки, хомуты | D47: кг | E47: 50 | F47: 17.02 | K47: 851
A48: 18 | B48: ТЕР16-07-005-01 | C48: Гидравлическое испытание трубопроводов систем отопления, водопровода и горячего водоснабжения диаметром до 50 мм | D48: 100 м | E48: 0.372 | F48: 104.4 | G48: 82.16 | H48: 15.29 | K48: 39 | L48: 31 | M48: 6 | O48: 5.01 | P48: 1.86
A49: 19 | B49: ТЕРм11-02-001-02 | C49: Прибор, устанавливаемый на резьбовых соединениях, масса до 5 кг | D49: 1 шт. | E49: 1 | F49: 23.43 | G49: 21.79 | K49: 23 | L49: 22 | O49: 1.56 | P49: 1.56
A50: 20 О | B50: Прайс лист от 14.05.15 (стр.6) | C50: Стоимость: Узел обвязки калорифера с гибкими подводками ВДЛ-300А-42-1,0 | D50: компл. | E50: 1 | F50: 9620,51 40949,64/1,18/3,76*1,012*1,03 | J50: 9621 | K50: 9621
A51: 21 | B51: ТЕР26-01-003-01 | C51: Изоляция трубопроводов цилиндрами 453,87 = 2 429,78 - 0,039 x 17 616,25 - 1,032 x 1 248,91 | D51: 1 м3 | E51: 0.45 | F51: 453.87 | G51: 243.27 | H51: 46.57 | K51: 204 | L51: 109 | M51: 21 | O51: 18.8 | P51: 8.46
A52: Уд | B52: 1. 101-1876 | C52: Сталь листовая оцинкованная толщиной листа 0,8 мм | D52: т | E52: 0,039 0,0176 | F52: 17616.25 | K52: 310.05
A53: Уд | B53: 2. 104-0017 | C53: Цилиндры и полуцилиндры теплоизоляционные из минваты на синтетическом связующем М-200, внутренний диаметр 76-108 мм | D53: м3 | E53: 1,032 0,4644 | F53: 1248.91 | K53: 579.99
A54: 22 | B54: ТСЦ-104-1345 | C54: Цилиндры минераловатные кашированные алюминиевой фольгой толщиной 50 мм, диаметром до 89 мм (ROCKWOOL) | D54: м | E54: 37.2 | F54: 116.62 | K54: 4338
A55: 23 | B55: ТЕР13-03-004-26 прим. | C55: Окраска лаком КО-815 65,66 = 630,91 - 0,019 x 29 750,00 | D55: 100 м2 | E55: 0.0323 | F55: 65.66 | G55: 48.95 | H55: 6.68 | I55: 0.16 | K55: 2 | L55: 2 | O55: 3.83 | P55: 0.12
A56: Уд | B56: 1. 113-0246 | C56: Эмаль ПФ-115 серая | D56: т | E56: 0,019 0,0006 | F56: 29750 | K56: 17.85
A57: 24 | B57: Прайс лист от 15.05.15 (стр.7) | C57: Стоимость: Лак КО-815, Расход: 0,15кг/м2 | D57: кг | E57: 0.485 | F57: 23,94 159,00/1,18/5,74*1,02 | K57: 12
A58: Итого по разделу 1 Узел ввода и теплоснабжение калорифера приточной установки. | K58: 31225 | P58: 63.52
A59: Раздел 2. Отопление.
A60: 25 | B60: ТЕР18-03-001-02 | C60: Установка радиаторов стальных 2 426,28 = 20 364,28 - 100 x 179,38 | D60: 100 кВт | E60: 0.119 | F60: 2426.28 | G60: 828.53 | H60: 270.15 | I60: 20.22 | K60: 289 | L60: 99 | M60: 32 | N60: 2 | O60: 65.6 | P60: 7.81
A61: Уд | B61: 1. 301-0559 | C61: Радиаторы стальные панельные РСВ2-1, РСВ2-6 однорядные | D61: кВт | E61: 100 11,9 | F61: 179.38 | K61: 2134.62
A62: 26 | B62: Прайс лист от 14.05.15 (стр.8) | C62: Стоимость: Радиатор стальной панельный высотой 500мм Purmo Compact C22-500-400 | D62: шт | E62: 5 | F62: 625,41 4153,00/1,18/5,74*1,02 | K62: 3127
A63: 27 | B63: Прайс лист от 14.05.15 (стр.8) | C63: Стоимость: Радиатор стальной панельный высотой 500мм Purmo Compact C22-500-500 | D63: шт | E63: 3 | F63: 683,09 4536,00/1,18/5,74*1,02 | K63: 2049
A64: 28 | B64: Прайс лист от 14.05.15 (стр.8) | C64: Стоимость: Радиатор стальной панельный высотой 500мм Purmo Compact C22-500-600 | D64: шт | E64: 1 | F64: 768,03 5100,00/1,18/5,74*1,02 | K64: 768
A65: 29 | B65: Прайс лист от 14.05.15 (стр.8) | C65: Стоимость: Радиатор стальной панельный высотой 500мм Purmo Compact C22-500-800 | D65: шт | E65: 1 | F65: 908,53 6033,00/1,18/5,74*1,02 | K65: 909
A66: 30 | B66: Прайс лист от 14.05.15 (стр.8) | C66: Стоимость: Радиатор стальной панельный высотой 500мм Purmo Compact C22-500-900 | D66: шт | E66: 1 | F66: 1052,35 6988,00/1,18/5,74*1,02 | K66: 1052
A67: 31 | B67: Прайс лист от 14.05.15 (стр.8) | C67: Стоимость: Радиатор стальной панельный высотой 500мм Purmo Compact C22-500-1100 | D67: шт | E67: 1 | F67: 1141,8 7582,00/1,18/5,74*1,02 | K67: 1142
A68: 32 | B68: Прайс лист от 14.05.15 (стр.8) | C68: Стоимость: Радиатор стальной панельный высотой 500мм Purmo Compact C22-500-1200 | D68: шт | E68: 1 | F68: 1219,51 8098,00/1,18/5,74*1,02 | K68: 1220
A69: 33 | B69: ТЕР18-03-001-03 | C69: Установка конвекторов 1 509,46 = 18 396,46 - 100 x 168,87 | D69: 100 кВт | E69: 0.005 | F69: 1509.46 | G69: 1219.68 | H69: 242.21 | I69: 16.79 | K69: 8 | L69: 6 | M69: 1 | O69: 96.57 | P69: 0.48
A70: Уд | B70: 1. 301-0420 | C70: Конвекторы отопительные типа АККОРД с креплениями без кожуха | D70: кВт | E70: 100 0,5 | F70: 168.87 | K70: 84.44
A71: 34 | B71: Прайс лист от 14.05.15 (стр.9) | C71: Стоимость: Конвектор электрический NOBO C4E05 Nordic | D71: шт | E71: 1 | F71: 1005,96 6680,00/1,18/5,74*1,02 | K71: 1006
A72: 35 | B72: Прайс лист от 14.05.15 (стр.10) | C72: Стоимость:Клапан терморегулятора ф 15 RA-N и термостат RA-2940 | D72: шт | E72: 13 | F72: 386,5 2175,00/5,74*1,02 | K72: 5025
A73: 36 | B73: Прайс лист от 14.05.15 (стр.2) | C73: Стоимость: Кран шаровой латунный муфтовый Ду15, BVR | D73: шт | E73: 4 | F73: 72,68 409,00/5,74*1,02 | K73: 291
A74: 37 | B74: Прайс лист от 14.05.15 (стр.2) | C74: Стоимость:Кран шаровой с накидной гайкой и нипелем американка ф 15 | D74: шт | E74: 13 | F74: 83,7 471,00/5,74*1,02 | K74: 1088
A75: 38 | B75: Прайс лист от 14.05.15 (стр.2) | C75: Стоимость: Кран шаровой латунный муфтовый сливной Ду20, BVR-С | D75: шт | E75: 10 | F75: 132,74 747,00/5,74*1,02 | K75: 1327
A76: 39 | B76: ТЕР18-06-003-10 | C76: Установка воздухоотводчиков 53,48 = 118,68 - 1 x 65,20 | D76: 1 шт. | E76: 4 | F76: 53.48 | G76: 22.24 | H76: 10.19 | I76: 0.36 | K76: 214 | L76: 89 | M76: 41 | N76: 1 | O76: 1.66 | P76: 6.64
A77: Уд | B77: 1. 301-1489 | C77: Воздухоотводчик автоматический с наружным резьбовым присоединением Рр=1,0 МПа, Т max = 120 град С, D = 15 мм | D77: шт. | E77: 1 4 | F77: 65.2 | K77: 260.8
A78: 40 | B78: Прайс лист от 14.05.15 (стр.5) | C78: Стоимость: Автоматический воздухоотводчик Ду15 Airvent | D78: шт | E78: 4 | F78: 69,13 389,00/5,74*1,02 | K78: 277
A79: 41 | B79: ТЕР16-02-001-02 | C79: Прокладка трубопроводов отопления из стальных водогазопроводных неоцинкованных труб диаметром 20 мм | D79: 100 м | E79: 0.52 | F79: 4340.3 | G79: 446.74 | H79: 69.04 | I79: 2.73 | K79: 2257 | L79: 232 | M79: 36 | N79: 1 | O79: 32.97 | P79: 17.14
A80: 42 | B80: ТЕР16-02-001-01 | C80: Прокладка трубопроводов отопления из стальных водогазопроводных неоцинкованных труб диаметром 15 мм | D80: 100 м | E80: 0.9 | F80: 3897.38 | G80: 446.74 | H80: 69.04 | I80: 2.73 | K80: 3508 | L80: 402 | M80: 62 | N80: 2 | O80: 32.97 | P80: 29.67
A81: 43 | B81: ТСЦ-301-1224 | C81: Крепления для трубопроводов: кронштейны, планки, хомуты | D81: кг | E81: 28.4 | F81: 17.02 | K81: 483
A82: 44 | B82: ТЕР16-07-005-01 | C82: Гидравлическое испытание трубопроводов систем отопления, водопровода и горячего водоснабжения диаметром до 50 мм | D82: 100 м | E82: 1.42 | F82: 104.4 | G82: 82.16 | H82: 15.29 | K82: 148 | L82: 117 | M82: 22 | O82: 5.01 | P82: 7.11
A83: 45 | B83: ТЕР13-03-002-04 | C83: Огрунтовка металлических поверхностей за один раз грунтовкой ГФ-021 | D83: 100 м2 | E83: 0.102 | F83: 417.46 | G83: 79.65 | H83: 10.15 | I83: 0.16 | K83: 43 | L83: 8 | M83: 1 | O83: 5.31 | P83: 0.54
A84: 46 | B84: ТЕР13-03-004-26 | C84: Окраска металлических огрунтованных поверхностей эмалью ПФ-115 (2 слоя) | D84: 100 м2 | E84: 0.204 | F84: 630.91 | G84: 48.95 | H84: 6.68 | I84: 0.16 | K84: 129 | L84: 10 | M84: 1 | O84: 3.83 | P84: 0.78
A85: Итого по разделу 2 Отопление. | K85: 28624 | P85: 72.24
A86: Раздел 3. Вентиляция.
A87: 47 | B87: ТЕР20-06-002-01 прим. | C87: Установка вентиляционная | D87: 1 камера | E87: 1 | F87: 965.62 | G87: 565.61 | H87: 115.2 | I87: 4 | K87: 966 | L87: 566 | M87: 115 | N87: 4 | O87: 43.71 | P87: 43.71
A88: 48 О | B88: Прайс лист от 14.05.15 (стр.11) | C88: Стоимость: Вентиляционная установка VS-10-R-S/H/S-T | D88: компл. | E88: 1 | F88: 39110,58 166474,00/1,18/3,76*1,012*1,03 | J88: 39111 | K88: 39111
A89: 49 | B89: ТЕР20-06-006-01 прим. | C89: Установка воздухонагревателей | D89: 1 воздухонагреватель | E89: 2 | F89: 241.84 | G89: 108.4 | H89: 17.96 | I89: 0.73 | K89: 484 | L89: 217 | M89: 36 | N89: 1 | O89: 8 | P89: 16
A90: 50 | B90: Прайс лист от 18.05.15 (стр.12) | C90: Стоимость: Воздухонагреватель электрический канальный СВ125-0,6 | D90: шт | E90: 1 | F90: 2186,77 14521,00/1,18/5,74*1,02 | K90: 2187
A91: 51 | B91: Прайс лист от 18.05.15 (стр.12) | C91: Стоимость: Воздухонагреватель электрический канальный СВ160-1,2 | D91: шт | E91: 1 | F91: 2687,49 17846,00/1,18/5,74*1,02 | K91: 2687
A92: 52 | B92: ТЕР20-02-002-01 | C92: Установка решеток жалюзийных площадью в свету до 0,5 м2 | D92: 1 решетка | E92: 1 | F92: 24.67 | G92: 18.44 | H92: 2.94 | K92: 25 | L92: 18 | M92: 3 | O92: 1.46 | P92: 1.46
A93: 53 | B93: Прайс лист от 14.05.15 (стр.13) | C93: Стоимость: Решетка наружная АРН 500х300 | D93: шт | E93: 1 | F93: 178,45 1185,00/1,18/5,74*1,02 | K93: 178
A94: 54 | B94: ТЕР20-02-004-15 | C94: Установка клапанов огнезадерживающих периметром до 1600 мм | D94: 1 клапан | F94: 404.13 | G94: 51.38 | H94: 3.98 | O94: 4.02
A95: 55 | B95: Прайс лист от 19.05.15 (стр.14) | C95: Стоимость:клапан огнезадерживающий с электроприводом с обратной пружиной КПУ-1Н-НО-300х200 | D95: шт | E95: 1 | F95: 1919,01 12743,00/1,18/5,74*1,02 | K95: 1919
A96: 56 | B96: Прайс лист от 14.05.15 (стр.15) | C96: Стоимость: Диффузор универсальный ДПУ-М, Ду-125 | D96: шт | E96: 5 | F96: 21,84 145,00/1,18/5,74*1,02 | K96: 109
A97: 57 | B97: Прайс лист от 14.05.15 (стр.15) | C97: Стоимость: Диффузор универсальный ДПУ-М, Ду-160 | D97: шт | E97: 1 | F97: 28,31 188,00/1,18/5,74*1,02 | K97: 28
A98: 58 | B98: ТЕР20-01-001-01 прим. | C98: Прокладка воздуховодов гибких диаметром до 200 мм | D98: 100 м2 | E98: 0.032 | F98: 2810.67 | G98: 2068.04 | H98: 170.31 | I98: 9.46 | K98: 90 | L98: 66 | M98: 5 | O98: 167.86 | P98: 5.37
A99: 59 | B99: ТСЦ-301-0159 | C99: Воздуховоды алюминиевые гибкие гофрированные диаметром до 200 мм | D99: м2 | E99: 3.2 | F99: 262.1 | K99: 839
A100: 60 | B100: ТЕР20-01-001-01 | C100: Прокладка воздуховодов из листовой, оцинкованной стали и алюминия класса Н (нормальные) толщиной 0,5 мм, диаметром до 200 мм | D100: 100 м2 | E100: 0.063 | F100: 2810.67 | G100: 2068.04 | H100: 170.31 | I100: 9.46 | K100: 177 | L100: 130 | M100: 11 | N100: 1 | O100: 167.86 | P100: 10.58
A101: 61 | B101: ТСЦ-301-1786 | C101: Воздуховоды из оцинкованной стали толщиной 0,5 мм, диаметром до 200 мм | D101: м2 | E101: 6.3 | F101: 347.48 | K101: 2189
A102: 62 | B102: ТЕР20-01-001-03 | C102: Прокладка воздуховодов из листовой, оцинкованной стали и алюминия класса Н (нормальные) толщиной 0,5 мм, периметром 800, 1000 мм | D102: 100 м2 | E102: 0.136 | F102: 2601.53 | G102: 1893.46 | H102: 136.2 | I102: 7.46 | K102: 354 | L102: 258 | M102: 19 | N102: 1 | O102: 153.69 | P102: 20.9
A103: 63 | B103: ТСЦ-301-1792 прим. | C103: Воздуховоды из оцинкованной стали толщиной 0,5 мм, диаметром до 800 мм | D103: м2 | E103: 13.6 | F103: 202.54 | K103: 2755
...

Sheet 25832
A1: СОГЛАСОВАНО: | E1: ФГУП "Комбинат "Электрохимприбор" | M1: УТВЕРЖДАЮ:
G2: (наименование стройки) | M2: Зам. генерального директора
A3: _____________________________ | M3: Е.В.Гордеев
A4: " _____ " ________________ 2015г. | G4: ЛОКАЛЬНЫЙ СМЕТНЫЙ РАСЧЕТ № 25832
G5: (локальная смета) | M5: "______ " __________2015 г.
C7: на | D7: Строительство кормокухни и вольеров для содержания служебных собак на
D8: кинологическом городке воинской части 3275. Раздел: Водопровод и канализация.
H9: (наименование работ и затрат, наименование объекта)
D11: Основание: Проект № 2014/06-06-У-1-ВК
D12: Сметная стоимость строительных работ _______________________________________________________________________________________________ | J12: ___________________________57,917 | L12: тыс. руб.
D13: Средства на оплату труда _______________________________________________________________________________________________ | J13: ___________________________7,231 | L13: тыс. руб.
D14: Сметная трудоемкость _______________________________________________________________________________________________ | J14: _______________________________________________________________________________________________476,08 | L14: чел.час
D15: Материалы ___________________________________________________________ | J15: =J153/1000 -> 33.193 | L15: тыс.руб.
D16: Составлен(а) в базовых ценах 2001г. в редакции 2009г.
A19: № пп | B19: Обосно- вание | C19: Наименование | D19: Ед. изм. | E19: Кол. | F19: Стоимость единицы, руб. | J19: Общая стоимость, руб. | N19: Т/з осн. раб.на ед. | O19: Т/з осн. раб. Всего | P19: Т/з мех. на ед. | Q19: Т/з мех. Всего
F20: Всего | G20: В том числе | J20: Всего | K20: В том числе
G21: Осн.З/п | H21: Эк.Маш | I21: З/пМех | K21: Осн.З/п | L21: Эк.Маш | M21: З/пМех
A22: 1 | B22: 2 | C22: 3 | D22: 4 | E22: 5 | F22: 6 | G22: 7 | H22: 8 | I22: 9 | J22: 10 | K22: 11 | L22: 12 | M22: 13 | N22: 14 | O22: 15 | P22: 16 | Q22: 17
A23: Раздел 1. Хозяйственно-питьевой водопровод
A24: Водомерный узел № 1 холодной воды
A25: 1 | B25: ТЕР16-06-005-01 | C25: Установка счетчиков (водомеров) диаметром до 40 мм 7,47 = 1 266,37 - 1 x 1 258,90 | D25: 1 счетчик (водомер) | E25: 1 | F25: 7.47 | G25: 5.43 | H25: 1.09 | J25: 7 | K25: 5 | L25: 1 | N25: 0.41 | O25: 0.41
A26: Уд | B26: 1. 301-3165 | C26: Счетчики (водомеры) крыльчатые диаметром 32 мм | D26: шт. | E26: 1 1 | F26: 1258.9 | J26: 1258.9
A27: 2 | B27: Прайс лист от 12.05.15 (стр.1) | C27: Стоимость: Счетчик холодной воды крыльчатый, марка СКБи-20 | D27: шт. | E27: 1 | F27: 888,5 5900,00/1,18/5,74*1,02 | J27: 889
A28: 3 | B28: ТЕР18-07-001-02 | C28: Установка манометров с трехходовым краном | D28: 1 компл. | E28: 1 | F28: 244.31 | G28: 3.07 | J28: 244 | K28: 3 | N28: 0.22 | O28: 0.22
A29: 4 | B29: ТЕР16-05-001-02 | C29: Установка затворов на трубопроводах из стальных труб диаметром до 50 мм | D29: 1 шт. | E29: 2 | F29: 138.58 | G29: 18.79 | H29: 5.32 | J29: 277 | K29: 38 | L29: 11 | N29: 1.47 | O29: 2.94
A30: 5 | B30: Прайс лист от 12.05.15 (стр.1) | C30: Стоимость: Дисковый затвор ф 50 VP 80 | D30: шт. | E30: 2 | F30: 509,61 3384,03/1,18/5,74*1,02 | J30: 1019
A31: 6 | B31: Прайс лист от 12.05.15 (стр.2) | C31: Стоимость: Клапан запорный муфтовый ф15, 15Б1бк | D31: шт. | E31: 1 | F31: 19,17 127,30/1,18/5,74*1,02 | J31: 19
A32: 7 | B32: ТЕР18-06-007-01 | C32: Установка фильтров диаметром до 25 мм | D32: 10 фильтров | E32: 0.1 | F32: 5347.8 | G32: 108.39 | H32: 64.42 | I32: 0.18 | J32: 535 | K32: 11 | L32: 6 | N32: 8.18 | O32: 0.82 | P32: 0.01
A33: 8 | B33: ТСЦ-302-1233 | C33: Соединения на сгоне стальные: переходы, диаметром до 50 мм | D33: шт. | E33: 2 | F33: 19.04 | J33: 38
A34: 9 | B34: ТЕР16-02-002-01 | C34: Прокладка трубопроводов водоснабжения из стальных водогазопроводных оцинкованных труб диаметром 15 мм | D34: 100 м | E34: 0.002 | F34: 5020.27 | G34: 502.3 | H34: 79.16 | I34: 2.73 | J34: 10 | K34: 1 | N34: 37.07 | O34: 0.07 | P34: 0.15
A35: 10 | B35: ТЕР16-02-002-02 | C35: Прокладка трубопроводов водоснабжения из стальных водогазопроводных оцинкованных труб диаметром 20 мм | D35: 100 м | E35: 0.006 | F35: 5654.2 | G35: 502.3 | H35: 79.16 | I35: 2.73 | J35: 34 | K35: 3 | N35: 37.07 | O35: 0.22 | P35: 0.15
A36: 11 | B36: ТЕР16-02-002-06 | C36: Прокладка трубопроводов водоснабжения из стальных водогазопроводных оцинкованных труб диаметром 50 мм | D36: 100 м | E36: 0.025 | F36: 10345.12 | G36: 645.39 | H36: 142.18 | I36: 3.82 | J36: 259 | K36: 16 | L36: 4 | N36: 47.63 | O36: 1.19 | P36: 0.21 | Q36: 0.01
A37: 12 | B37: ТСЦ-301-1224 | C37: Крепления для трубопроводов: кронштейны, планки, хомуты | D37: кг | E37: 0.66 | F37: 17.02 | J37: 11
A38: 13 | B38: ТЕР15-04-030-04 | C38: Масляная окраска металлических труб диаметром менее 50 мм, количество окрасок 2 | D38: 100 м2 | E38: 0.0075 | F38: 1384.09 | G38: 886.83 | H38: 3.68 | I38: 0.16 | J38: 10 | K38: 7 | N38: 71.06 | O38: 0.53 | P38: 0.01
A39: 14 | B39: ТЕР16-07-001-02 | C39: Установка кранов поливочных диаметром до 25 мм 5,02 = 879,66 - 20 x 40,82 - 2 x 7,20 - 1 x 43,84 | D39: 1 кран | E39: 4 | F39: 5.02 | G39: 4.07 | J39: 20 | K39: 16 | N39: 0.3 | O39: 1.2
A40: Уд | B40: 1. 301-3329 | C40: Рукава поливочные диаметром 25 мм | D40: м | E40: 20 80 | F40: 40.82 | J40: 3265.6
A41: Уд | B41: 2. 301-3332 | C41: Головки для присоединения рукавов поливочных диаметром 25 мм | D41: шт. | E41: 2 8 | F41: 7.2 | J41: 57.6
A42: Уд | B42: 3. 302-1136 | C42: Вентили проходные муфтовые 15KЧ18Р для воды, давлением 1,6 МПа (16 кгс/см2), диаметром 25 мм | D42: шт. | E42: 1 4 | F42: 43.84 | J42: 175.36
A43: 15 | B43: Прайс лист от 12.05.15 (стр.3) | C43: Стоимость: Клапан запорный муфтовый ф 25, 15Б1бк | D43: шт. | E43: 1 | F43: 43,67 290,00/1,18/5,74*1,02 | J43: 44
A44: 16 | B44: ТСЦ-301-0609 | C44: Рукава резинотканевые напорно-всасывающие для воды давлением 1 МПа (10 кгс/см2), диаметром 32 мм | D44: м | E44: 20 | F44: 82.71 | J44: 1654
A45: 17 | B45: ТСЦ-302-1483 | C45: Кран шаровой В-В размером 1/2" | D45: шт. | E45: 6 | F45: 57.79 | J45: 347
A46: 18 | B46: ТСЦ-301-0607 | C46: Рукава резинотканевые напорно-всасывающие для воды давлением 1 МПа (10 кгс/см2), диаметром 20 мм | D46: м | E46: 15 | F46: 53.16 | J46: 797
A47: 19 | B47: ТЕР17-01-002-03 | C47: Установка смесителей 112,27 = 1 246,07 - 10 x 113,38 | D47: 10 шт. | E47: 0.3 | F47: 112.27 | G47: 94.85 | H47: 0.29 | J47: 34 | K47: 28 | N47: 7 | O47: 2.1
A48: Уд | B48: 1. 301-1527 | C48: Смесители латунный с гальванопокрытием для мойки настольный, с верхней камерой смешения | D48: шт. | E48: 10 3 | F48: 113.38 | J48: 340.14
A49: 20 | B49: ТСЦ-301-0629 прим. | C49: Смесители ф 15 с резьбой на конце 1/2" | D49: компл. | E49: 3 | F49: 83.3 | J49: 250
A50: 21 | B50: Прайс лист от 12.05.15 (стр.4) | C50: Стоимость: Вентиль из полипропилена Внт 20 | D50: шт. | E50: 4 | F50: 15,27 101,40/1,18/5,74*1,02 | J50: 61
A51: 22 | B51: Прайс лист от 12.05.15 (стр.4) | C51: Стоимость: Вентиль из полипропилена Внт 25 | D51: шт. | E51: 4 | F51: 17,62 117,00/1,18/5,74*1,02 | J51: 70
A52: 23 | B52: ТСЦ-302-1483 | C52: Кран шаровой В-В размером 1/2" | D52: шт. | E52: 5 | F52: 57.79 | J52: 289
A53: 24 | B53: ТЕР16-04-002-01 | C53: Прокладка трубопроводов водоснабжения из напорных полиэтиленовых труб низкого давления среднего типа наружным диаметром 20 мм 4 230,69 = 4 717,86 - 8,99 x 54,19 | D53: 100 м | E53: 0.48 | F53: 4230.69 | G53: 2657.65 | H53: 1481.49 | I53: 233.91 | J53: 2031 | K53: 1276 | L53: 711 | M53: 112 | N53: 190.24 | O53: 91.32 | P53: 13.42 | Q53: 6.44
A54: Уд | B54: 1. 507-0622 | C54: Трубы напорные из полиэтилена низкого давления тяжелого типа, наружным диаметром 20 мм | D54: 10 м | E54: 8,99 4,315 | F54: 54.19 | J54: 233.83
A55: 25 | B55: Прайс лист от 12.05.15 (стр.5) | C55: Стоимость: Труба напорная полипропиленовая PN 20 20 | D55: м | E55: 48 | F55: 3,67 24,40/1,18/5,74*1,02 | J55: 176
A56: 26 | B56: ТЕР16-04-002-02 | C56: Прокладка трубопроводов водоснабжения из напорных полиэтиленовых труб низкого давления среднего типа наружным диаметром 25 мм 3 075,45 = 3 663,51 - 9,29 x 63,30 | D56: 100 м | E56: 0.45 | F56: 3075.45 | G56: 2090.47 | H56: 917.68 | I56: 143.01 | J56: 1384 | K56: 941 | L56: 413 | M56: 64 | N56: 149.64 | O56: 67.34 | P56: 8.2 | Q56: 3.69
A57: Уд | B57: 1. 507-0588 | C57: Трубы напорные из полиэтилена низкого давления среднего типа, наружным диаметром 25 мм | D57: 10 м | E57: 9,29 4,181 | F57: 63.3 | J57: 264.66
A58: 27 | B58: Прайс лист от 12.05.15 (стр.5) | C58: Стоимость: Труба напорная полипропиленовая PN 20 25 | D58: м | E58: 45 | F58: 6,25 41,50/1,18/5,74*1,02 | J58: 281
A59: 28 | B59: ТЕР16-04-002-03 | C59: Прокладка трубопроводов водоснабжения из напорных полиэтиленовых труб низкого давления среднего типа наружным диаметром 32 мм 2 304,16 = 3 066,66 - 9,38 x 81,29 | D59: 100 м | E59: 0.14 | F59: 2304.16 | G59: 1701.55 | H59: 541.81 | I59: 82.32 | J59: 323 | K59: 238 | L59: 76 | M59: 12 | N59: 121.8 | O59: 17.05 | P59: 4.72 | Q59: 0.66
A60: Уд | B60: 1. 507-0589 | C60: Трубы напорные из полиэтилена низкого давления среднего типа, наружным диаметром 32 мм | D60: 10 м | E60: 9,38 1,313 | F60: 81.29 | J60: 106.73
A61: 29 | B61: Прайс лист от 12.05.15 (стр.5) | C61: Стоимость: Труба напорная полипропиленовая PN 20 25 | D61: м | E61: 14 | F61: 10,5 69,70/1,18/5,74*1,02 | J61: 147
A62: 30 | B62: ТЕР16-04-002-05 | C62: Прокладка трубопроводов водоснабжения из напорных полиэтиленовых труб низкого давления среднего типа наружным диаметром 50 мм 3 581,08 = 5 227,97 - 9,46 x 174,09 | D62: 100 м | E62: 0.2 | F62: 3581.08 | G62: 1977.03 | H62: 1502.26 | I62: 234.74 | J62: 716 | K62: 395 | L62: 300 | M62: 47 | N62: 141.52 | O62: 28.3 | P62: 13.46 | Q62: 2.69
A63: Уд | B63: 1. 507-0591 | C63: Трубы напорные из полиэтилена низкого давления среднего типа, наружным диаметром 50 мм | D63: 10 м | E63: 9,46 1,892 | F63: 174.09 | J63: 329.38
A64: 31 | B64: Прайс лист от 12.05.15 (стр.5) | C64: Стоимость: Труба напорная полипропиленовая PN 20 50 | D64: м | E64: 20 | F64: 25,65 170,30/1,18/5,74*1,02 | J64: 513
A65: 32 | B65: ТСЦ-301-1224 | C65: Крепления для трубопроводов: кронштейны, планки, хомуты | D65: кг | E65: 6.7 | F65: 17.02 | J65: 114
A66: 33 | B66: ТЕР16-07-005-01 | C66: Гидравлическое испытание трубопроводов систем отопления, водопровода и горячего водоснабжения диаметром до 50 мм | D66: 100 м | E66: 1.303 | F66: 104.4 | G66: 82.16 | H66: 15.29 | J66: 136 | K66: 107 | L66: 20 | N66: 5.01 | O66: 6.53
A67: 34 | B67: ТЕР26-01-003-01 | C67: Изоляция трубопроводов цилиндрами и полуцилиндрами 453,87 = 2 429,78 - 0,039 x 17 616,25 - 1,032 x 1 248,91 | D67: 1 м3 изоляции | E67: 0.38 | F67: 453.87 | G67: 243.27 | H67: 46.57 | J67: 172 | K67: 92 | L67: 18 | N67: 18.8 | O67: 7.14
A68: Уд | B68: 1. 101-1876 | C68: Сталь листовая оцинкованная толщиной листа 0,8 мм | D68: т | E68: 0,039 0,0148 | F68: 17616.25 | J68: 260.72
A69: Уд | B69: 2. 104-0017 | C69: Цилиндры и полуцилиндры теплоизоляционные из минваты на синтетическом связующем М-200, внутренний диаметр 76-108 мм | D69: м3 | E69: 1,032 0,3922 | F69: 1248.91 | J69: 489.82
A70: 35 | B70: ТСЦ-101-3325 | C70: Пергамин кровельный марки П-300 | D70: м2 | E70: 3.8 | F70: 5.22 | J70: 20
A71: 36 | B71: ТСЦ-104-1310 | C71: Цилиндры минераловатные кашированные алюминиевой фольгой толщиной 30 мм, диаметром до 54 мм (ROCKWOOL) | D71: м | E71: 59 | F71: 54.35 | J71: 3207
A72: 37 | B72: ТСЦ-104-8102 | C72: Стеклопластик рулонный марки РСТ 120 шириной 1м | D72: м2 | E72: 11.74 | F72: 9.84 | J72: 116
A73: Итого по разделу 1 Хозяйственно-питьевой водопровод | J73: 23864 | O73: 227.38 | Q73: 13.49
A74: Раздел 2. Горячее водоснабжение.
A75: 38 | B75: Прайс лист от 12.05.15 (стр.4) | C75: Стоимость: Вентиль из полипропилена Внт 20 | D75: шт. | E75: 2 | F75: 15,27 101,40/1,18/5,74*1,02 | J75: 31
A76: 39 | B76: ТЕР16-04-002-01 | C76: Прокладка трубопроводов водоснабжения из напорных полиэтиленовых труб низкого давления среднего типа наружным диаметром 20 мм 4 230,69 = 4 717,86 - 8,99 x 54,19 | D76: 100 м | E76: 0.51 | F76: 4230.69 | G76: 2657.65 | H76: 1481.49 | I76: 233.91 | J76: 2158 | K76: 1355 | L76: 756 | M76: 119 | N76: 190.24 | O76: 97.02 | P76: 13.42 | Q76: 6.84
A77: Уд | B77: 1. 507-0622 | C77: Трубы напорные из полиэтилена низкого давления тяжелого типа, наружным диаметром 20 мм | D77: 10 м | E77: 8,99 4,585 | F77: 54.19 | J77: 248.46
A78: 40 | B78: Прайс лист от 12.05.15 (стр.5) | C78: Стоимость: Труба напорная полипропиленовая PN 20 20 | D78: м | E78: 51 | F78: 3,67 24,40/1,18/5,74*1,02 | J78: 187
A79: 41 | B79: ТСЦ-301-1224 | C79: Крепления для трубопроводов: кронштейны, планки, хомуты | D79: кг | E79: 3.5 | F79: 17.02 | J79: 60
A80: 42 | B80: ТЕР16-07-005-01 | C80: Гидравлическое испытание трубопроводов систем отопления, водопровода и горячего водоснабжения диаметром до 50 мм | D80: 100 м | E80: 0.51 | F80: 104.4 | G80: 82.16 | H80: 15.29 | J80: 53 | K80: 42 | L80: 8 | N80: 5.01 | O80: 2.56
A81: Итого по разделу 2 Горячее водоснабжение. | J81: 5890 | O81: 99.58 | Q81: 6.84
A82: Раздел 3. Бытовая канализация.
A83: 43 | B83: ТЕР17-01-003-01 | C83: Установка унитазов с бачком непосредственно присоединенным 648,15 = 5 639,05 - 10 x 499,09 | D83: 10 компл. | E83: 0.4 | F83: 648.15 | G83: 330.18 | H83: 56.04 | I83: 5 | J83: 259 | K83: 132 | L83: 22 | M83: 2 | N83: 24.64 | O83: 9.86 | P83: 0.32 | Q83: 0.13
A84: Уд | B84: 1. 301-1521 | C84: Унитаз-компакт «Комфорт» | D84: компл. | E84: 10 4 | F84: 499.09 | J84: 1996.36
A85: 44 | B85: ТСЦ-301-0906 | C85: Унитазы полуфарфоровые и фарфоровые УНТ, УНТП и УНТП1 тарельчатые с сиденьем и креплением, с прямым или косым выпуском без цельноотлитой полочки | D85: компл. | E85: 4 | F85: 262.63 | J85: 1051
A86: 45 | B86: ТСЦ-101-2450 | C86: Манжеты резиновые к унитазу | D86: шт. | E86: 4 | F86: 3.09 | J86: 12
A87: 46 | B87: ТСЦ-301-1520 | C87: Подводка гибкая армированная резиновая 500 мм | D87: шт. | E87: 4 | F87: 33.31 | J87: 133
A88: 47 | B88: ТЕР17-01-001-14 | C88: Установка умывальников одиночных с подводкой холодной и горячей воды | D88: 10 компл. | E88: 0.6 | F88: 407.19 | G88: 293.36 | H88: 29.83 | I88: 2.03 | J88: 244 | K88: 176 | L88: 18 | M88: 1 | N88: 21.65 | O88: 12.99 | P88: 0.13 | Q88: 0.08
A89: 48 | B89: ТСЦ-301-0644 | C89: Умывальники полуфарфоровые и фарфоровые с смесителем с нижней камерой смешивания, кронштейнами, сифоном бутылочным латунным и выпуском, овальные со скрытыми установочными поверхностями без спинки размером 400-500х300х135 мм | D89: компл. | E89: 6 | F89: 260.38 | J89: 1562
A90: 49 | B90: ТСЦ-301-1520 | C90: Подводка гибкая армированная резиновая 500 мм | D90: шт. | E90: 2 | F90: 33.31 | J90: 67
A91: 50 | B91: ТЕР17-01-001-18 | C91: Установка поддонов душевых чугунных и стальных мелких 315,54 = 5 313,64 - 10 x 499,81 | D91: 10 компл. | E91: 0.2 | F91: 315.54 | G91: 147.56 | H91: 76.95 | I91: 3.59 | J91: 63 | K91: 30 | L91: 15 | M91: 1 | N91: 10.89 | O91: 2.18 | P91: 0.23 | Q91: 0.05
A92: Уд | B92: 1. 301-0539 | C92: Поддоны душевые | D92: компл. | E92: 10 2 | F92: 499.81 | J92: 999.62
A93: 51 | B93: ТСЦ-301-0540 | C93: Поддоны душевые эмалированные стальные мелкие ПМС-2 с чугунным сифоном, латунным выпуском | D93: компл. | E93: 2 | F93: 657.51 | J93: 1315
A94: 52 | B94: ТЕР17-01-002-03 | C94: Установка смесителей 112,27 = 1 246,07 - 10 x 113,38 | D94: 10 шт. | E94: 0.2 | F94: 112.27 | G94: 94.85 | H94: 0.29 | J94: 22 | K94: 19 | N94: 7 | O94: 1.4
A95: Уд | B95: 1. 301-1527 | C95: Смесители латунный с гальванопокрытием для мойки настольный, с верхней камерой смешения | D95: шт. | E95: 10 2 | F95: 113.38 | J95: 226.76
A96: 53 | B96: ТСЦ-301-0617 прим. | C96: Смесители общие для ванн и умывальников с душевой сеткой на гибком шланге | D96: компл. | E96: 2 | F96: 184.77 | J96: 370
A97: 54 | B97: ТЕР17-01-005-03 | C97: Установка моек для мытья уборочного инвентаря 354,42 = 3 587,62 - 10 x 323,32 | D97: 10 компл. | E97: 0.4 | F97: 354.42 | G97: 256.5 | H97: 42.66 | I97: 5 | J97: 142 | K97: 103 | L97: 17 | M97: 2 | N97: 18.93 | O97: 7.57 | P97: 0.32 | Q97: 0.13
A98: Уд | B98: 1. 301-1551 | C98: Мойки для мытья уборочного инвентаря | D98: компл. | E98: 10 4 | F98: 323.32 | J98: 1293.28
A99: 55 | B99: ТСЦ-301-0493 | C99: Мойки из нержавеющей стали на одно отделение с одной круглой или прямоугольной чашей, со сливной доской, с креплениями МНДЦ, МНДКЦ со смесителем с пластмассовым бутылочным сифоном, латунным выпуском | D99: компл. | E99: 4 | F99: 912.64 | J99: 3651
A100: 56 | B100: ТЕР16-04-001-01 | C100: Прокладка трубопроводов канализации из полиэтиленовых труб высокой плотности диаметром 50 мм 978,44 = 5 197,98 - 99,8 x 42,28 | D100: 100 м | E100: 0.23 | F100: 978.44 | G100: 897.43 | H100: 15.84 | I100: 0.36 | J100: 225 | K100: 206 | L100: 4 | N100: 64.24 | O100: 14.78 | P100: 0.02
A101: Уд | B101: 1. 302-3339 | C101: Трубопроводы канализации из полиэтиленовых труб высокой плотности с гильзами, диаметром 50 мм | D101: м | E101: 99,8 22,95 | F101: 42.28 | J101: 970.33
A102: 57 | B102: Прайс лист от 12.05.15 (стр.6) | C102: Стоимость: Труба канализационные полипропиленовые РР 50 L=1000 | D102: м | E102: 23 | F102: 6,32 42,00/1,18/5,74*1,02 | J102: 145
A103: 58 | B103: ТЕР16-04-001-02 | C103: Прокладка трубопроводов канализации из полиэтиленовых труб высокой плотности диаметром 100 мм 1 062,92 = 8 610,79 - 99,8 x 75,63 | D103: 100 м | E103: 0.15 | F103: 1062.92 | G103: 860.55 | H103: 36.81 | I103: 1.09 | J103: 159 | K103: 129 | L103: 6 | N103: 61.6 | O103: 9.24 | P103: 0.06 | Q103: 0.01
A104: Уд | B104: 1. 302-3340 | C104: Трубопроводы канализации из полиэтиленовых труб высокой плотности с гильзами, диаметром 100 мм | D104: м | E104: 99,8 14,97 | F104: 75.63 | J104: 1132.18
...

Sheet 25833
C4: СОГЛАСОВАНО: | G4: ФГУП "Комбинат "Электрохимприбор" | O4: УТВЕРЖДАЮ:
I5: (наименование стройки) | O5: Зам. генерального директора
C6: _____________________________ | O6: Е.В.Гордеев
C7: " _____ " ________________ 2015г. | I7: ЛОКАЛЬНЫЙ СМЕТНЫЙ РАСЧЕТ № 25833
I8: (локальная смета) | O8: "______ " __________2015 г.
E10: на | F10: Строительство кормокухни и вольеров для содержания служебных собак на кинологическом
F11: городке воинской части 3275. Раздел: Наружные сети водопровода и канализации
F13: Основание: Проект № 2014/06-06-У-1-НВК
F14: Сметная стоимость строительных работ _______________________________________________________________________________________________ | L14: ___________________________74,795 | N14: тыс. руб.
F15: Средства на оплату труда _______________________________________________________________________________________________ | L15: ___________________________8,200 | N15: тыс. руб.
F16: Сметная трудоемкость _______________________________________________________________________________________________ | L16: _______________________________________________________________________________________________523,74 | N16: чел.час
F17: Материалы ___________________________________________________________ | L17: =L126/1000 -> 40.856 | N17: тыс.руб.
F18: Составлен(а) в базовых ценах 2001г. в редакции 2009г.
C20: № пп | D20: Обосно- вание | E20: Наименование | F20: Ед. изм. | G20: Кол. | H20: Стоимость единицы, руб. | L20: Общая стоимость, руб. | P20: Т/з осн. раб.на ед. | Q20: Т/з осн. раб. Всего | R20: Т/з мех. на ед. | S20: Т/з мех. Всего
H21: Всего | I21: В том числе | L21: Всего | M21: В том числе
I22: Осн.З/п | J22: Эк.Маш | K22: З/пМех | M22: Осн.З/п | N22: Эк.Маш | O22: З/пМех
C23: 1 | D23: 2 | E23: 3 | F23: 4 | G23: 5 | H23: 6 | I23: 7 | J23: 8 | K23: 9 | L23: 10 | M23: 11 | N23: 12 | O23: 13 | P23: 14 | Q23: 15 | R23: 16 | S23: 17
C24: Раздел 1. Хозяйственно-питьевой водопровод.
C25: Земляные работы.
C26: 1 | D26: ТЕР01-01-003-08 | E26: Разработка грунта в отвал экскаваторами «драглайн» или «обратная лопата» с ковшом вместимостью 0,65 (0,5-1) м3, группа грунтов 2 | F26: 1000 м3 грунта | G26: 0.262 | H26: 3778.42 | I26: 115.18 | J26: 3663.24 | K26: 385.27 | L26: 990 | M26: 30 | N26: 960 | O26: 101 | P26: 10.48 | Q26: 2.75 | R26: 22.77 | S26: 5.97
C27: 2 | D27: ТЕР01-02-055-08 | E27: Разработка грунта вручную с креплениями в траншеях шириной до 2 м, глубиной до 3 м, группа грунтов 2 | F27: 100 м3 грунта | G27: 0.081 | H27: 3117.84 | I27: 3117.84 | L27: 253 | M27: 253 | P27: 264 | Q27: 21.38
C28: 3 | D28: ТЕР01-01-013-08 | E28: Разработка грунта с погрузкой на автомобили-самосвалы экскаваторами с ковшом вместимостью 0,65 (0,5-1) м3, группа грунтов 2 (Лишний грунт) | F28: 1000 м3 грунта | G28: 0.023 | H28: 5028.78 | I28: 125.4 | J28: 4898.28 | K28: 559.88 | L28: 116 | M28: 3 | N28: 113 | O28: 13 | P28: 11.41 | Q28: 0.26 | R28: 33.09 | S28: 0.76
C29: 4 | D29: ФССЦпг03-21-01-005 | E29: Перевозка грузов автомобилями-самосвалами грузоподъемностью 10 т, работающих вне карьера, на расстояние: до 5 км I класс груза (ОП п.1.1.9Поясные коэффициенты к сметным ценам на перевозку грузов автомобильным транспортом: Свердловская область ПЗ=1,1 (ОЗП=1,1; ЭМ=1,1; ЗПМ=1,1; МАТ=1,1)) | F29: 1 т груза | G29: 46 | H29: 7.36 | J29: 7.36 | L29: 339 | N29: 339
C30: 5 | D30: ТЕР01-01-033-02 | E30: Засыпка траншей и котлованов с перемещением грунта до 5 м бульдозерами мощностью 59 кВт (80 л.с.), группа грунтов 2 | F30: 1000 м3 грунта | G30: 0.24 | H30: 822.69 | J30: 822.69 | K30: 138.55 | L30: 197 | N30: 197 | O30: 33 | R30: 8.87 | S30: 2.13
C31: 6 | D31: ТЕР01-02-061-02 | E31: Засыпка вручную траншей, пазух котлованов и ям, группа грунтов 2 | F31: 100 м3 грунта | G31: 0.074 | H31: 1027.4 | I31: 1027.4 | L31: 76 | M31: 76 | P31: 97.2 | Q31: 7.19
C32: 7 | D32: ТЕР01-02-005-01 | E32: Уплотнение грунта пневматическими трамбовками, группа грунтов 1-2 | F32: 100 м3 уплотненного грунта | G32: 2.47 | H32: 604.71 | I32: 150.49 | J32: 454.22 | K32: 47.48 | L32: 1494 | M32: 372 | N32: 1122 | O32: 117 | P32: 12.53 | Q32: 30.95 | R32: 3.04 | S32: 7.51
C33: В-1
C34: 8 | D34: ТЕР16-05-002-01 | E34: Установка вентилей, задвижек, затворов, клапанов обратных, кранов проходных на трубопроводах из чугунных напорных фланцевых труб диаметром до 65 мм | F34: 1 шт. | G34: 1 | H34: 41.62 | I34: 11.5 | J34: 2.18 | L34: 42 | M34: 12 | N34: 2 | P34: 0.9 | Q34: 0.9
C35: 9 | D35: Прайс лист от 21.05.15 (стр.1) | E35: Стоимость: Дисковый затвор ф 50 VP50 | F35: шт | G35: 1 | H35: 512,77 3405,00/1,18/5,74*1,02 | L35: 513
C36: 10 | D36: ТЕР23-01-001-01 | E36: Устройство основания под трубопроводы песчаного | F36: 10 м3 основания | G36: 0.6 | H36: 1636.02 | I36: 117.4 | J36: 26.91 | K36: 5.47 | L36: 982 | M36: 70 | N36: 16 | O36: 3 | P36: 10.2 | Q36: 6.12 | R36: 0.35 | S36: 0.21
C37: 11 | D37: ТЕР22-01-021-02 | E37: Укладка трубопроводов из полиэтиленовых труб диаметром 65 мм 5 411,63 = 31 824,14 - 101 x 261,51 | F37: 1 км трубопровода | G37: 0.06 | H37: 5411.63 | I37: 2718.01 | J37: 2653.22 | K37: 413.62 | L37: 325 | M37: 163 | N37: 159 | O37: 25 | P37: 207.64 | Q37: 12.46 | R37: 24.02 | S37: 1.44
C38: Уд | D38: 1. 507-0592 | E38: Трубы напорные из полиэтилена низкого давления среднего типа, наружным диаметром 63 мм | F38: 10 м | G38: 101 6,06 | H38: 261.51 | L38: 1584.75
C39: 12 | D39: Прайс лист от 21.05.15 (стр.2) | E39: Стоимость: Труба ПЭ100 SDR17 ф63х3,8 | F39: кг | G39: 42.9 | H39: 15,29 101,53/1,18/5,74*1,02 | L39: 656
C40: 13 | D40: ТЕР22-03-002-01 | E40: Установка полиэтиленовых фасонных частей отводов, колен, патрубков, переходов 344,53 = 430,50 - 1 x 85,97 | F40: 10 фасонных частей | G40: 0.2 | H40: 344.53 | I40: 61.34 | J40: 283.19 | K40: 45.49 | L40: 69 | M40: 12 | N40: 57 | O40: 9 | P40: 4.8 | Q40: 0.96 | R40: 2.61 | S40: 0.52
C41: Уд | D41: 1. 507-0775 | E41: Соединительная арматура трубопроводов, переход диаметром 90х75 мм | F41: 10 шт. | G41: 1 0,2 | H41: 85.97 | L41: 17.19
C42: 14 | D42: Прайс лист от 21.05.15 (стр.3) | E42: Стоимость: Отвод сварной ПЭ100 SDR17 ф63х3,8 | F42: шт | G42: 2 | H42: 132,22 878,00/1,18/5,74*1,02 | L42: 264
C43: 15 | D43: ТЕР22-01-011-07 | E43: Укладка стальных водопроводных труб диаметром 250 мм (футляр) 27 686,44 = 403 985,64 - 1004 x 374,80 | F43: 1 км трубопровода | G43: 0.005 | H43: 27686.44 | I43: 7470.08 | J43: 16315.67 | K43: 1995.39 | L43: 138 | M43: 37 | N43: 82 | O43: 10 | P43: 512 | Q43: 2.56 | R43: 131.97 | S43: 0.66
C44: Уд | D44: 1. 103-0196 | E44: Трубы стальные электросварные прямошовные со снятой фаской из стали марок БСт2кп-БСт4кп и БСт2пс-БСт4пс наружный диаметр 273 мм, толщина стенки 6 мм | F44: м | G44: 1004 5,02 | H44: 374.8 | L44: 1881.5
C45: 16 | D45: ТСЦ-103-0197 | E45: Трубы стальные электросварные прямошовные со снятой фаской из стали марок БСт2кп-БСт4кп и БСт2пс-БСт4пс наружный диаметр 273 мм, толщина стенки 7 мм (футляр) | F45: м | G45: 5.02 | H45: 388.7 | L45: 1951
C46: 17 | D46: ТЕР22-05-003-01 прим. | E46: Протаскивание в футляр полиэтиленовых труб диаметром до 100 мм | F46: 100 м трубы, уложенной в футляр | G46: 0.5 | H46: 2376.06 | I46: 1143.62 | J46: 57.16 | L46: 1188 | M46: 572 | N46: 29 | P46: 84.4 | Q46: 42.2
C47: 18 | D47: ТСЦ-507-2584 прим. | E47: Кольца центрирующие для труб диаметром до 100 мм | F47: шт. | G47: 3 | H47: 275 | L47: 825
C48: 19 | D48: ТСЦ-507-2597 | E48: Манжета предохраняющая для заделки концов кожуха трубопроводов диаметром до 100 мм | F48: шт. | G48: 2 | H48: 281.12 | L48: 562
C49: 20 | D49: ТСЦ-507-2611 прим. | E49: Укрытие манжет резиновых пластиковое. | F49: 10 шт. | G49: 0.2 | H49: 92.82 | L49: 19
C50: 21 | D50: ТЕР22-06-012-01 | E50: Устройство постоянных бетонных упоров на трубопроводе диаметром до 100 мм 453,63 = 685,04 - 0,34 x 680,63 | F50: 1 км трубопровода | G50: 0.06 | H50: 453.63 | I50: 70.83 | J50: 264.33 | K50: 24.02 | L50: 27 | M50: 4 | N50: 16 | O50: 1 | P50: 5.82 | Q50: 0.35 | R50: 1.32 | S50: 0.08
C51: Уд | D51: 1. 403-0003 | E51: Блоки бетонные для стен подвалов на цементном вяжущем сплошные М 100, объемом менее 0,3 м3 | F51: м3 | G51: 0,34 0,0204 | H51: 680.63 | L51: 13.88
C52: 22 | D52: Прайс лист от 21.05.15 (стр.4) | E52: Стоимость: Упор наружный вертикальный Ун-1 Серия 3.001.1-3 | F52: шт | G52: 2 | H52: 1554,77 10324,26/1,18/5,74*1,02 | L52: 3110
C53: 23 | D53: Прайс лист от 21.05.15 (стр.5) | E53: Стоимость: Упор наружный вертикальный Уг-1 Серия 3.001.1-3 | F53: шт | G53: 2 | H53: 473,14 3141,82/1,18/5,74*1,02 | L53: 946
C54: 24 | D54: ТЕР22-06-005-01 | E54: Врезка в существующие сети из стальных труб стальных штуцеров (патрубков) диаметром 50 мм | F54: 1 врезка | G54: 1 | H54: 103.82 | I54: 21.9 | J54: 63.28 | K54: 5.78 | L54: 104 | M54: 22 | N54: 63 | O54: 6 | P54: 1.46 | Q54: 1.46 | R54: 0.37 | S54: 0.37
C55: Итого по разделу 1 Хозяйственно-питьевой водопровод. | L55: 18869 | Q55: 129.54 | S55: 19.65
C56: Раздел 2. Замена трубопровода.
C57: Земляные работы.
C58: 25 | D58: ТЕР01-01-003-08 | E58: Разработка грунта в отвал экскаваторами «драглайн» или «обратная лопата» с ковшом вместимостью 0,65 (0,5-1) м3, группа грунтов 2 | F58: 1000 м3 грунта | G58: 0.221 | H58: 3778.42 | I58: 115.18 | J58: 3663.24 | K58: 385.27 | L58: 835 | M58: 25 | N58: 810 | O58: 85 | P58: 10.48 | Q58: 2.32 | R58: 22.77 | S58: 5.03
C59: 26 | D59: ТЕР01-02-055-08 | E59: Разработка грунта вручную с креплениями в траншеях шириной до 2 м, глубиной до 3 м, группа грунтов 2 | F59: 100 м3 грунта | G59: 0.068 | H59: 3117.84 | I59: 3117.84 | L59: 212 | M59: 212 | P59: 264 | Q59: 17.95
C60: 27 | D60: ТЕР01-01-013-08 | E60: Разработка грунта с погрузкой на автомобили-самосвалы экскаваторами с ковшом вместимостью 0,65 (0,5-1) м3, группа грунтов 2 (Лишний грунт) | F60: 1000 м3 грунта | G60: 0.021 | H60: 5028.78 | I60: 125.4 | J60: 4898.28 | K60: 559.88 | L60: 106 | M60: 3 | N60: 103 | O60: 12 | P60: 11.41 | Q60: 0.24 | R60: 33.09 | S60: 0.69
C61: 28 | D61: ФССЦпг03-21-01-005 | E61: Перевозка грузов автомобилями-самосвалами грузоподъемностью 10 т, работающих вне карьера, на расстояние: до 5 км I класс груза (ОП п.1.1.9Поясные коэффициенты к сметным ценам на перевозку грузов автомобильным транспортом: Свердловская область ПЗ=1,1 (ОЗП=1,1; ЭМ=1,1; ЗПМ=1,1; МАТ=1,1)) | F61: 1 т груза | G61: 43 | H61: 7.36 | J61: 7.36 | L61: 316 | N61: 316
C62: 29 | D62: ТЕР01-01-033-02 | E62: Засыпка траншей и котлованов с перемещением грунта до 5 м бульдозерами мощностью 59 кВт (80 л.с.), группа грунтов 2 | F62: 1000 м3 грунта | G62: 0.2 | H62: 822.69 | J62: 822.69 | K62: 138.55 | L62: 165 | N62: 165 | O62: 28 | R62: 8.87 | S62: 1.77
C63: 30 | D63: ТЕР01-02-061-02 | E63: Засыпка вручную траншей, пазух котлованов и ям, группа грунтов 2 | F63: 100 м3 грунта | G63: 0.062 | H63: 1027.4 | I63: 1027.4 | L63: 64 | M63: 64 | P63: 97.2 | Q63: 6.03
C64: 31 | D64: ТЕР01-02-005-01 | E64: Уплотнение грунта пневматическими трамбовками, группа грунтов 1-2 | F64: 100 м3 уплотненного грунта | G64: 2.065 | H64: 604.71 | I64: 150.49 | J64: 454.22 | K64: 47.48 | L64: 1249 | M64: 311 | N64: 938 | O64: 98 | P64: 12.53 | Q64: 25.87 | R64: 3.04 | S64: 6.28
C65: Разборка
C66: 32 | D66: ТЕРр65-1-3 | E66: Разборка трубопроводов из водогазопроводных труб диаметром до 100 мм | F66: 100 м трубопровода | G66: 0.35 | H66: 1049.41 | I66: 894.41 | J66: 18.54 | K66: 4.06 | L66: 367 | M66: 313 | N66: 6 | O66: 1 | P66: 76.38 | Q66: 26.73 | R66: 0.26 | S66: 0.09
C67: Прокладка трубопровода
C68: 33 | D68: ТЕР23-01-001-01 | E68: Устройство основания под трубопроводы песчаного | F68: 10 м3 основания | G68: 0.35 | H68: 1636.02 | I68: 117.4 | J68: 26.91 | K68: 5.47 | L68: 573 | M68: 41 | N68: 9 | O68: 2 | P68: 10.2 | Q68: 3.57 | R68: 0.35 | S68: 0.12
C69: 34 | D69: ТЕР16-04-002-08 | E69: Прокладка трубопроводов водоснабжения из напорных полиэтиленовых труб низкого давления среднего типа наружным диаметром 90 мм 3 665,96 = 8 070,39 - 9,74 x 452,20 | F69: 100 м трубопровода | G69: 0.35 | H69: 3665.96 | I69: 1943 | J69: 1627.13 | K69: 251.83 | L69: 1283 | M69: 680 | N69: 569 | O69: 88 | P69: 145 | Q69: 50.75 | R69: 14.44 | S69: 5.05
C70: Уд | D70: 1. 507-0594 | E70: Трубы напорные из полиэтилена низкого давления среднего типа, наружным диаметром 90 мм | F70: 10 м | G70: 9,74 3,409 | H70: 452.2 | L70: 1541.55
C71: 35 | D71: Прайс лист от 21.05.15 (стр.2) | E71: Стоимость: Труба ПЭ100 SDR17 ф90х5,4 | F71: кг | G71: 50.75 | H71: 29,48 195,75/1,18/5,74*1,02 | L71: 1496
C72: 36 | D72: ТЕР16-07-003-08 | E72: Врезка в действующие внутренние сети трубопроводов отопления и водоснабжения диаметром до 100 мм | F72: 1 врезка | G72: 1 | H72: 815.11 | I72: 101.08 | J72: 14.56 | K72: 0.36 | L72: 815 | M72: 101 | N72: 15 | P72: 7.46 | Q72: 7.46 | R72: 0.02 | S72: 0.02
C73: 37 | D73: ТЕР16-07-005-02 | E73: Гидравлическое испытание трубопроводов систем отопления, водопровода и горячего водоснабжения диаметром до 100 мм | F73: 100 м трубопровода | G73: 0.35 | H73: 118.06 | I73: 82.16 | J73: 15.29 | L73: 41 | M73: 29 | N73: 5 | P73: 5.01 | Q73: 1.75
C74: 38 | D74: ТЕР22-06-012-01 | E74: Устройство постоянных бетонных упоров на трубопроводе диаметром до 100 мм 453,63 = 685,04 - 0,34 x 680,63 | F74: 1 км трубопровода | G74: 0.035 | H74: 453.63 | I74: 70.83 | J74: 264.33 | K74: 24.02 | L74: 16 | M74: 2 | N74: 9 | O74: 1 | P74: 5.82 | Q74: 0.2 | R74: 1.32 | S74: 0.05
C75: Уд | D75: 1. 403-0003 | E75: Блоки бетонные для стен подвалов на цементном вяжущем сплошные М 100, объемом менее 0,3 м3 | F75: м3 | G75: 0,34 0,0119 | H75: 680.63 | L75: 8.1
C76: 39 | D76: Прайс лист от 21.05.15 (стр.4) | E76: Стоимость: Упор наружный вертикальный Ун-1 Серия 3.001.1-3 | F76: шт | G76: 1 | H76: 1554,77 10324,26/1,18/5,74*1,02 | L76: 1555
C77: Итого по разделу 2 Замена трубопровода. | L77: 12884 | Q77: 142.87 | S77: 19.1
C78: Раздел 3. Хозяйственно-бытовая канализация К-1.
C79: Земляные работы.
C80: 40 | D80: ТЕР01-01-003-08 | E80: Разработка грунта в отвал экскаваторами «драглайн» или «обратная лопата» с ковшом вместимостью 0,65 (0,5-1) м3, группа грунтов 2 | F80: 1000 м3 грунта | G80: 0.432 | H80: 3778.42 | I80: 115.18 | J80: 3663.24 | K80: 385.27 | L80: 1632 | M80: 50 | N80: 1582 | O80: 166 | P80: 10.48 | Q80: 4.53 | R80: 22.77 | S80: 9.84
C81: 41 | D81: ТЕР01-02-055-08 | E81: Разработка грунта вручную с креплениями в траншеях шириной до 2 м, глубиной до 3 м, группа грунтов 2 | F81: 100 м3 грунта | G81: 0.134 | H81: 3117.84 | I81: 3117.84 | L81: 418 | M81: 418 | P81: 264 | Q81: 35.38
C82: 42 | D82: ТЕР01-01-013-08 | E82: Разработка грунта с погрузкой на автомобили-самосвалы экскаваторами с ковшом вместимостью 0,65 (0,5-1) м3, группа грунтов 2 (Лишний грунт) | F82: 1000 м3 грунта | G82: 0.01 | H82: 5028.78 | I82: 125.4 | J82: 4898.28 | K82: 559.88 | L82: 50 | M82: 1 | N82: 49 | O82: 6 | P82: 11.41 | Q82: 0.11 | R82: 33.09 | S82: 0.33
C83: 43 | D83: ФССЦпг03-21-01-005 | E83: Перевозка грузов автомобилями-самосвалами грузоподъемностью 10 т, работающих вне карьера, на расстояние: до 5 км I класс груза (Лишний грунт) (ОП п.1.1.9Поясные коэффициенты к сметным ценам на перевозку грузов автомобильным транспортом: Свердловская область ПЗ=1,1 (ОЗП=1,1; ЭМ=1,1; ЗПМ=1,1; МАТ=1,1)) | F83: 1 т груза | G83: 20 | H83: 7.36 | J83: 7.36 | L83: 147 | N83: 147
C84: 44 | D84: ТЕР01-01-033-02 | E84: Засыпка траншей и котлованов с перемещением грунта до 5 м бульдозерами мощностью 59 кВт (80 л.с.), группа грунтов 2 | F84: 1000 м3 грунта | G84: 0.422 | H84: 822.69 | J84: 822.69 | K84: 138.55 | L84: 347 | N84: 347 | O84: 58 | R84: 8.87 | S84: 3.74
C85: 45 | D85: ТЕР01-02-061-02 | E85: Засыпка вручную траншей, пазух котлованов и ям, группа грунтов 2 | F85: 100 м3 грунта | G85: 0.13 | H85: 1027.4 | I85: 1027.4 | L85: 134 | M85: 134 | P85: 97.2 | Q85: 12.64
C86: 46 | D86: ТЕР01-02-005-01 | E86: Уплотнение грунта пневматическими трамбовками, группа грунтов 1-2 | F86: 100 м3 уплотненного грунта | G86: 4.348 | H86: 604.71 | I86: 150.49 | J86: 454.22 | K86: 47.48 | L86: 2629 | M86: 654 | N86: 1975 | O86: 206 | P86: 12.53 | Q86: 54.48 | R86: 3.04 | S86: 13.22
C87: К-1
C88: 47 | D88: ТЕР23-01-001-01 | E88: Устройство основания под трубопроводы песчаного | F88: 10 м3 основания | G88: 1.275 | H88: 1636.02 | I88: 117.4 | J88: 26.91 | K88: 5.47 | L88: 2086 | M88: 150 | N88: 34 | O88: 7 | P88: 10.2 | Q88: 13.01 | R88: 0.35 | S88: 0.45
C89: 48 | D89: ТЕР22-01-021-05 | E89: Укладка трубопроводов из полиэтиленовых труб диаметром 150 мм 8 801,15 = 151 685,85 - 101 x 1 414,70 | F89: 1 км трубопровода | G89: 0.128 | H89: 8801.15 | I89: 3707.57 | J89: 4856.62 | K89: 734.71 | L89: 1127 | M89: 475 | N89: 622 | O89: 94 | P89: 286.52 | Q89: 36.67 | R89: 42.84 | S89: 5.48
C90: Уд | D90: 1. 507-0598 | E90: Трубы напорные из полиэтилена низкого давления среднего типа, наружным диаметром 160 мм | F90: 10 м | G90: 101 12,93 | H90: 1414.7 | L90: 18292.07
C91: 49 | D91: Прайс лист от 05.03.15 (стр.6) | E91: Стоимость: Труба ПП двухслойная "ПРОГМА" Ду 160 | F91: м | G91: 124.5 | H91: 95,85 636,50/1,18/5,74*1,02 | L91: 11933
C92: 50 | D92: ТЕР23-04-008-01 | E92: Присоединение канализационных трубопроводов к существующей сети в грунтах сухих | F92: 1 врезка | G92: 1 | H92: 279.29 | I92: 215.22 | L92: 279 | M92: 215 | P92: 16.84 | Q92: 16.84
C93: 51 | D93: ТЕР23-03-001-03 | E93: Устройство круглых сборных железобетонных канализационных колодцев диаметром 1 м в сухих грунтах | F93: 10 м3 | G93: 0.56 | H93: 20216.39 | I93: 1772.46 | J93: 2930.56 | K93: 348.28 | L93: 11321 | M93: 993 | N93: 1641 | O93: 195 | P93: 138.69 | Q93: 77.67 | R93: 19.21 | S93: 10.76
C94: 52 | D94: ТСЦ-101-2536 | E94: Люки чугунные тяжелый | F94: шт. | G94: 5 | H94: 611.67 | L94: 3058
C95: 53 | D95: ТСЦ-509-3905 | E95: Скобы ходовые | F95: кг | G95: 45 | H95: 9.12 | L95: 410
C96: Итого по разделу 3 Хозяйственно-бытовая канализация К-1. | L96: 43046 | Q96: 251.33 | S96: 43.82
C97: ИТОГИ ПО СМЕТЕ:
C98: Итого прямые затраты по смете в ценах 2001г. | L98: 59850 | M98: 6497 | N98: 12497 | O98: 1365 | Q98: 523.74 | S98: 82.57
C99: Итого прямые затраты по смете с учетом коэффициентов к итогам | L99: 60188 | M99: 6776 | N99: 12556 | O99: 1424 | Q99: 523.74 | S99: 82.57
C100: В том числе, справочно:
C101: Районный к-т 4,3% (Поз. 1, 3, 5, 7, 25, 27, 29, 31, 40, 42, 44, 46, 2, 6, 26, 30, 41, 45, 8, 34, 36-37, 10-11, 13, 15, 17, 21, 24, 33, 38, 47-48, 50-51, 32) | L101: 338 | M101: 279 | N101: 59 | O101: 59
C102: Накладные расходы | L102: 8989
C103: В том числе, справочно:
C104: 74% ФОТ (от 327) (Поз. 32) | L104: 242
C105: 80% ФОТ (от 1207) (Поз. 2, 6, 26, 30, 41, 45) | L105: 966
C106: 95% ФОТ (от 2474) (Поз. 1, 3, 5, 7, 25, 27, 29, 31, 40, 42, 44, 46) | L106: 2350
...

Sheet 25834
G1: (наименование стройки) | M1: Зам.генерального директора
A2: _________________ | N2: Е.В. Гордеев
A3: " _____ " ________________ 2015 г. | M3: __________________
M4: "______ " __________2015 г.
G6: ЛОКАЛЬНЫЙ СМЕТНЫЙ РАСЧЕТ № 25834
G7: (локальная смета)
C9: на | D9: строительство кормокухни и вольеров для содержания служебных собак
D10: на кинологическом городке войсковой части 3275.
D11: Раздел: Электроснабжение
G12: (наименование работ и затрат, наименование объекта)
D14: Основание: Проект№2014/06-06-У-1-ЭС
D15: Сметная стоимость _______________________________________________________________________________________________ | J15: ___________________________60,020 | L15: тыс. руб.
D16: строительных работ _______________________________________________________________________________________________ | J16: _______________________________________________________________________________________________0,135 | L16: тыс. руб.
D17: монтажных работ _______________________________________________________________________________________________ | J17: _______________________________________________________________________________________________57,565 | L17: тыс. руб.
D18: оборудования _______________________________________________________________________________________________ | J18: _______________________________________________________________________________________________2,320 | L18: тыс. руб.
D19: Средства на оплату труда _______________________________________________________________________________________________ | J19: ___________________________4,935 | L19: тыс. руб.
D20: Сметная трудоемкость _______________________________________________________________________________________________ | J20: _______________________________________________________________________________________________276,39 | L20: чел.час
D21: Материалы_________________________________________________37,010 | L21: тыс. руб.
D22: Составлен(а) в базовых ценах 2001г. в редакции 2009г.
A24: № пп | B24: Обосно- вание | C24: Наименование | D24: Ед. изм. | E24: Кол. | F24: Стоимость единицы, руб. | J24: Общая стоимость, руб. | O24: Т/з осн. раб.на ед. | P24: Т/з осн. раб. Всего | Q24: Общая масса обору-дования, т
F25: Всего | G25: В том числе | J25: Обору- дование | K25: Всего | L25: В том числе
G26: Осн.З/п | H26: Эк.Маш | I26: З/пМех | L26: Осн.З/п | M26: Эк.Маш | N26: З/пМех
A27: 1 | B27: 2 | C27: 3 | D27: 4 | E27: 5 | F27: 6 | G27: 7 | H27: 8 | I27: 9 | J27: 10 | K27: 11 | L27: 12 | M27: 13 | N27: 14 | O27: 15 | P27: 16 | Q27: 17
A28: Раздел 1. Демонтажные работы
A29: 1 | B29: ТЕРм08-03-523-03 | C29: Демонтаж предохранителя, устанавливаемого на изоляционном основании, на ток до 400 А (из силового щита ЩС-77-5) (Демонтаж оборудования, которое не подлежит дальнейшему использованию (предназначено в лом) без разборки и резки ОЗП=0,3; ЭМ=0,3 к расх.; ЗПМ=0,3; МАТ=0 к расх.; ТЗ=0,3; ТЗМ=0,3) | D29: 1 шт. | E29: 3 | F29: 8.5 | G29: 8.35 | H29: 0.15 | K29: 26 | L29: 26 | O29: 0.549 | P29: 1.65
A30: Итого прямые затраты по разделу в ценах 2001г. | K30: 26 | L30: 26 | P30: 1.65
A31: Итого прямые затраты по разделу с учетом коэффициентов к итогам | K31: 27 | L31: 27 | P31: 1.65
A32: Накладные расходы | K32: 26
A33: Сметная прибыль | K33: 18
A34: Итого по разделу 1 Демонтажные работы | K34: 71 | P34: 1.65
A35: Раздел 2. Монтажные работы
A36: Прокладка кабеля
A37: 2 | B37: ТЕРм08-02-153-01 | C37: Короб (лоток) со стойками и полками для прокладки кабелей до 35 кВ 6 620,33 = 6 701,39 - 0,008 x 6 190,38 - 0,004 x 779,46 - 0,00026 x 41 272,77 - 0,0003 x 10 115,00 - 0,00039 x 37 595,67 (1.8.3.ОППри производстве работ на высоте свыше расстояний, указанных в вводных указаниях к разделам сборника: при высоте свыше 2 до 8 м ОЗП=1,05; ТЗ=1,05) | D37: 100 м трассы | E37: 0,8 40*2/100 | F37: 6718.57 | G37: 2062.99 | H37: 4251.18 | I37: 428.68 | K37: 5375 | L37: 1650 | M37: 3401 | N37: 343 | O37: 152.25 | P37: 121.8
A38: 3 | B38: П/л от 02.01.2015г. лист 1 | C38: Лоток перфорированный 100х80 L 2000, горячеоцинкованный (35312HDZ) | D38: шт. | E38: 40 | F38: 114,9 778,25/1,18/5,74 | K38: 4596
A39: 4 | B39: П/л от 02.01.2015г. лист 1 | C39: Крышка на лоток с заземлением осн. 100 L 2000, горячеоцинкованная (35512HDZ) | D39: шт. | E39: 40 | F39: 57,81 391,55/1,18/5,74 | K39: 2312
A40: 5 | B40: П/л от 02.01.2015г. лист 1 | C40: Угол CDSS 90 вертикальный внеш. переходник лев. осн. 100, HDZ (37022HDZ) | D40: шт. | E40: 1 | F40: 304,09 2059,65/1,18/5,74 | K40: 304
A41: 6 | B41: П/л от 02.01.2015г. лист 1 | C41: Крышка CDSD/CDSS 90 на угол вертикальный внеш. 100/100, HDZ (38282HDZ) | D41: шт. | E41: 1 | F41: 111,89 757,83/1,18/5,74 | K41: 112
A42: 7 | B42: П/л от 02.01.2015г. лист 1 | C42: Угол CPO 90 горизонтальный 90° 100х80, HDZ (36022HDZ) | D42: шт. | E42: 8 | F42: 143,82 974,15/1,18/5,74 | K42: 1151
A43: 8 | B43: П/л от 02.01.2015г. лист 1 | C43: Крышка CPO 90 на угол горизонтальный 90° осн. 100, HDZ (38002HDZ) | D43: шт. | E43: 8 | F43: 86,43 585,42/1,18/5,74 | K43: 691
A44: 9 | B44: П/л от 02.01.2015г. лист 1 | C44: Пластина PTSE для заземления (37501) | D44: шт. | E44: 80 | F44: 8,41 56,96/1,18/5,74 | K44: 673
A45: 10 | B45: П/л от 02.01.2015г. лист 1 | C45: Консоль с опорой ML облегченная осн.100, горячеоцинкованная (старый код- 34105HDZ, новый код- BBL4010HDZ) | D45: шт. | E45: 79 | F45: 64,66 437,97/1,18/5,74 | K45: 5108
A46: 11 | B46: П/л от 02.01.2015г. лист 1 | C46: Крепление к стене TM 100 для вертикального монтажа осн.100, горячеоцинкованное (старый код-30690HDZ, новый код- BMM1010HDZ) | D46: шт. | E46: 6 | F46: 67,66 458,30/1,18/5,74 | K46: 406
A47: 12 | B47: П/л от 02.01.2015г. лист 1 | C47: Усиленный анкер с болтом М10 (CM461065) | D47: шт. | E47: 172 | F47: 11,71 79,30/1,18/5,74 | K47: 2014
A48: 13 | B48: П/л от 02.01.2015г. лист 1 | C48: Винт с крестообразным шлицем М6х10 (CM010610) | D48: шт. | E48: 230 | F48: 0,38 2,58/1,18/5,74 | K48: 87
A49: 14 | B49: П/л от 02.01.2015г. лист 1 | C49: Гайка белого цвета М6 (CM110600) | D49: шт. | E49: 230 | F49: 0,17 1,12/1,18/5,74 | K49: 39
... A52: 17 | B52: П/л от 28.01.2015 лист 2 | C52: Скоба металлическая двухлапковая (СМА11-38-100) | D52: шт. | E52: 5 | F52: 0,83 5,65/1,18/5,74 | K52: 4
A53: 18 | B53: ТЕРм08-02-398-04 | C53: Провод (кабель) в лотках, сечением до 120 мм2 (1.8.3.ОППри производстве работ на высоте свыше расстояний, указанных в вводных указаниях к разделам сборника: при высоте свыше 2 до 8 м ОЗП=1,05; ТЗ=1,05) | D53: 100 м | E53: 0,8 80/100 | F53: 286.45 | G53: 71.1 | H53: 116.1 | I53: 27.75 | K53: 229 | L53: 57 | M53: 93 | N53: 22 | O53: 5.3655 | P53: 4.29
A54: 19 | B54: ТЕРм08-02-401-01 | C54: Кабель двух-четырехжильный сечением жилы до 16 мм2 с креплением накладными скобами, полосками с установкой ответвительных коробок (1.8.3.ОППри производстве работ на высоте свыше расстояний, указанных в вводных указаниях к разделам сборника: при высоте свыше 2 до 8 м ОЗП=1,05; ТЗ=1,05) | D54: 100 м | E54: 0,11 11/100 | F54: 4067.05 | G54: 717.89 | H54: 957.86 | I54: 390.47 | K54: 447 | L54: 79 | M54: 105 | N54: 43 | O54: 54.18 | P54: 5.96
A55: 20 | B55: ТЕРм08-02-149-01 | C55: Кабель до 35 кВ, подвешиваемый на тросе, масса 1 м кабеля до 1 кг 3 020,81 = 4 535,61 - 8 x 131,04 - 0,08 x 2 975,00 - 0,08 x 2 856,00 (1.8.3.ОППри производстве работ на высоте свыше расстояний, указанных в вводных указаниях к разделам сборника: при высоте свыше 2 до 8 м ОЗП=1,05; ТЗ=1,05) | D55: 100 м кабеля | E55: 0,1 10/100 | F55: 3032.4 | G55: 243.3 | H55: 2581.44 | I55: 295.76 | K55: 303 | L55: 24 | M55: 258 | N55: 30 | O55: 17.955 | P55: 1.8
A56: 21 | B56: П/л от 28.01.2015 лист 2 | C56: Хомут 3,6х250мм нейлон черные (100шт) (UHH32-D036-250-100) | D56: шт. | E56: 20 | F56: 0,2 132,73/100/1,18/5,74 | K56: 4
A57: 22 | B57: П/л от 15.05.2015г. лист 3 | C57: Муфта натяжная К800 У3 | D57: шт. | E57: 1 | F57: 25,51 172,8/1,18/5,74 | K57: 26
A58: 23 | B58: П/л от 15.05.2015г. лист 4 | C58: Анкер К675 У3 | D58: шт. | E58: 2 | F58: 16,68 113/1,18/5,74 | K58: 33
A59: 24 | B59: П/л от 15.05.2015г. лист 5 | C59: Зажим тросовый К676 У3 | D59: шт. | E59: 2 | F59: 22,88 155/1,18/5,74 | K59: 46
A60: 25 | B60: ТСЦ-508-0086 | C60: Канат двойной свивки типа ТК, конструкции 6х19(1+6+12)+1 о.с., без покрытия из проволок марки В, маркировочная группа 1770 н/мм2, диаметром 5,8 мм | D60: 10 м | E60: 1,1 11/10 | F60: 72.65 | K60: 80
A61: 26 | B61: П/л от 27.01.15 лист 6 | C61: Кабель силовой АВВГ-1,0 с алюминиевыми жилами с ПВХ изоляцией, сеч.5х95мм2 | D61: 1000м | E61: 0,104 104/1000 | F61: 100428,01 680219/1,18/5,74 | K61: 10445
A62: 27 | B62: П/л от 27.01.15 лист 6 | C62: Кабель силовой АВВГ-1,0 с алюминиевыми жилами с ПВХ изоляцией, сеч.5х120мм2 | D62: 1000м | E62: 0,003 3/1000 | F62: 120368,81 815282/1,18/5,74 | K62: 361
A63: Щит учета ЩУ-250-54 У1 (1 комплект)
A64: 28 | B64: ТЕРм08-03-599-10 | C64: Щитки осветительные, устанавливаемые на стене распорными дюбелями, масса щитка до 15 кг | D64: 1 шт. | E64: 1 | F64: 128.26 | G64: 58.25 | H64: 7.85 | I64: 0.36 | K64: 128 | L64: 58 | M64: 8 | O64: 4.17 | P64: 4.17
A65: 29 О | B65: П/л от 18.05.15 лист 7 | C65: Щит ЩУ-250-54 У1 | D65: шт. | E65: 1 | F65: 2225,48 9874/1,18/3,76 | J65: 2225 | K65: 2225
A66: 30 | B66: ТЕРм08-03-600-02 | C66: Счетчики, устанавливаемые на готовом основании трехфазные | D66: 1 шт. | E66: 1 | F66: 15.65 | G66: 12.15 | H66: 2.92 | I66: 0.18 | K66: 16 | L66: 12 | M66: 3 | O66: 0.87 | P66: 0.87
A67: 31 | B67: П/л от 01.01.2015г. лист 8 | C67: Счетчик электрической энергии трехфазный электронный СЕ 303 S31 503 Z2, многотарифный, трансформаторного включения, 3х380/220В, 5-10А, клсаа точности 0,5S | D67: шт. | E67: 1 | F67: 921,28 6240/1,18/5,74 | K67: 921
A68: 32 | B68: ТЕРм08-03-523-03 | C68: Предохранитель, устанавливаемый на изоляционном основании, на ток до 400 А | D68: 1 шт. | E68: 3 | F68: 92.59 | G68: 27.83 | H68: 0.5 | K68: 278 | L68: 83 | M68: 2 | O68: 1.83 | P68: 5.49
A69: 33 | B69: П/л от 15.05.2015г. лист 9 | C69: Предохранитель плавкий ППНИ-35, Iном.=250А, Iпл.вс.=200А, габарит 1 | D69: шт. | E69: 3 | F69: 24,22 164,03/1,18/5,74 | K69: 73
A70: 34 | B70: ТЕРм08-01-006-01 | C70: Трансформатор тока напряжением 35 кВ | D70: 1 компл. (3 фазы) | E70: 3 | F70: 1067.92 | G70: 247.97 | H70: 349.14 | I70: 27.66 | K70: 3204 | L70: 744 | M70: 1047 | N70: 83 | O70: 18.3 | P70: 54.9
A71: 35 | B71: П/л от 15.05.2015г. лист 10 | C71: Трансформатор тока опорный ТО-0,66, Iперв. 200А, Iвтор. 5А | D71: шт. | E71: 3 | F71: 88,88 602/1,18/5,74 | K71: 267
A72: Существующий щит ЩС-77-5
A73: 36 | B73: ТЕРм08-03-523-03 | C73: Предохранитель, устанавливаемый на изоляционном основании, на ток до 400 А | D73: 1 шт. | E73: 3 | F73: 92.59 | G73: 27.83 | H73: 0.5 | K73: 278 | L73: 83 | M73: 2 | O73: 1.83 | P73: 5.49
A74: 37 | B74: П/л от 15.05.2015г. лист 9 | C74: Предохранитель плавкий ППНИ-35, Iном.=250А, Iпл.вс.=250А, габарит 1 | D74: шт. | E74: 3 | F74: 24,02 162,68/1,18/5,74 | K74: 72
A75: 38 | B75: П/л от 15.05.2015г. лист 11 | C75: Держатель предохранителя плавкого ДП-35, габарит 1 | D75: шт. | E75: 3 | F75: 54,48 369/1,18/5,74 | K75: 163
A76: Муфта концевая
A77: 39 | B77: ТЕРм08-02-165-07 | C77: Муфта концевая эпоксидная для 3-жильного кабеля напряжением до 10 кВ, сечение одной жилы до 120 мм2 | D77: 1 шт. | E77: 4 | F77: 1075.97 | G77: 103.12 | H77: 967.12 | I77: 112.48 | K77: 4304 | L77: 412 | M77: 3868 | N77: 450 | O77: 7.61 | P77: 30.44
A78: 40 | B78: ТСЦ-502-0785 | C78: Муфта термоусаживаемая концевая наружной установки для кабеля с пластмассовой изоляцией на напряжение до 10 кВ, с болтовыми наконечниками | D78: компл. | E78: 4 | F78: 633.19 | K78: 2533
A79: 41 | B79: ТЕРм08-02-144-06 | C79: Присоединение к зажимам жил проводов или кабелей сечением до 150 мм2 | D79: 100 шт. | E79: 0,2 4*5/100 | F79: 392.52 | G79: 384.82 | K79: 79 | L79: 77 | O79: 28.4 | P79: 5.68
A80: 42 | B80: ТЕРм08-02-163-02 | C80: Заделка концевая с термоусаживающимися полиэтиленовыми перчатками для 3-4-жильного кабеля с бумажной изоляцией напряжением до 1 кВ, сечение одной жилы до 120 мм2 | D80: 1 шт. | E80: 4 | F80: 33.21 | G80: 23.44 | H80: 2.92 | I80: 0.18 | K80: 133 | L80: 94 | M80: 12 | N80: 1 | O80: 1.73 | P80: 6.92
A81: 43 | B81: ТСЦ-509-0816 | C81: Перчатка термоусаживаемая | D81: шт. | E81: 4 | F81: 40.8 | K81: 163
A82: 44 | B82: ТЕРм08-02-163-02 Прим. | C82: Заделка концевая с термоусаживающимися манжетами для 3-4-жильного кабеля с бумажной изоляцией напряжением до 1 кВ, сечение одной жилы до 120 мм2 | D82: 1 шт. | E82: 4 | F82: 33.21 | G82: 23.44 | H82: 2.92 | I82: 0.18 | K82: 133 | L82: 94 | M82: 12 | N82: 1 | O82: 1.73 | P82: 6.92
A83: 45 | B83: ТСЦ-509-0815 | C83: Манжета термоусаживаемая | D83: шт. | E83: 4 | F83: 40.8 | K83: 163
A84: Заземление вводно-распределительного устройства
A85: 46 | B85: ТЕР01-02-057-02 | C85: Разработка грунта вручную в траншеях глубиной до 2 м без креплений с откосами, группа грунтов 2 | D85: 100 м3 грунта | E85: 0,021 2,1/100 | F85: 1692.46 | G85: 1692.46 | K85: 36 | L85: 36 | O85: 154 | P85: 3.23
A86: 47 | B86: ТЕР01-02-061-02 | C86: Засыпка вручную траншей, пазух котлованов и ям, группа грунтов 2 | D86: 100 м3 грунта | E86: 0,021 2,1/100 | F86: 1027.4 | G86: 1027.4 | K86: 22 | L86: 22 | O86: 97.2 | P86: 2.04
A87: 48 | B87: ТЕРм08-02-471-01 | C87: Заземлитель вертикальный из угловой стали размером 50х50х5 мм | D87: 10 шт. | E87: 0,3 3/10 | F87: 933.5 | G87: 141.78 | H87: 71.23 | I87: 3.46 | K87: 280 | L87: 43 | M87: 21 | N87: 1 | O87: 10.7 | P87: 3.21
A88: 49 | B88: ТЕРм08-02-472-06 | C88: Проводник заземляющий открыто по строительным основаниям из полосовой стали сечением 100 мм2 | D88: 100 м | E88: 0,2 20/100 | F88: 1351.39 | G88: 251.75 | H88: 85.67 | I88: 3.46 | K88: 270 | L88: 50 | M88: 17 | N88: 1 | O88: 19 | P88: 3.8
A89: Проходки в стенах
A90: 50 | B90: ТЕРм08-02-374-01 | C90: Устройство ввода в здание в стальной трубе, провод сечением до 16 мм2, количество проводов в линии 2 64,89 = 499,66 - 2,79 x 155,83 (1.8.3.ОППри производстве работ на высоте свыше расстояний, указанных в вводных указаниях к разделам сборника: при высоте свыше 2 до 8 м ОЗП=1,05; ТЗ=1,05) | D90: 1 шт. | E90: 2 | F90: 67.26 | G90: 49.85 | H90: 2.92 | I90: 0.18 | K90: 135 | L90: 100 | M90: 6 | O90: 3.3705 | P90: 6.74
A91: 51 | B91: ТСЦ-103-0008 | C91: Трубы стальные сварные водогазопроводные с резьбой черные легкие (неоцинкованные) диаметр условного прохода 80 мм, толщина стенки 3,5 мм | D91: м | E91: 1 0,5*2 | F91: 68.04 | K91: 68
A92: 52 | B92: ТЕРм08-02-155-01 | C92: Герметизация проходов при вводе кабелей во взрывоопасные помещения уплотнительной массой 6,50 = 22,58 - 0,15 x 9,76 - 0,72 x 17,93 - 6E-5 x 28 510,02 (1.8.3.ОППри производстве работ на высоте свыше расстояний, указанных в вводных указаниях к разделам сборника: при высоте свыше 2 до 8 м ОЗП=1,05; ТЗ=1,05) | D92: 1 проход кабеля | E92: 2 | F92: 6.82 | G92: 6.69 | K92: 14 | L92: 13 | O92: 0.4935 | P92: 0.99
A93: 53 | B93: П/л от 02.01.2015г. лист 1 | C93: Пена однокомп. огнезащитная балл.740 мл (DF1201) | D93: бал. | E93: 1 | F93: 279,55 1893,48/1,18/5,74 | K93: 280
A94: Итого прямые затраты по разделу в ценах 2001г. | K94: 51215 | L94: 3731 | M94: 8855 | N94: 975 | P94: 274.74
A95: Итого прямые затраты по разделу с учетом коэффициентов к итогам | K95: 52118 | L95: 3891 | M95: 8897 | N95: 1017 | P95: 274.74
A96: Накладные расходы | K96: 4654
A97: Сметная прибыль | K97: 3178
A98: Итого по разделу 2 Монтажные работы | K98: 59950 | P98: 274.74
A99: ИТОГИ ПО СМЕТЕ:
A100: Итого прямые затраты по смете в ценах 2001г. | K100: 51241 | L100: 3757 | M100: 8855 | N100: 975 | P100: 276.39
A101: Итого прямые затраты по смете с учетом коэффициентов к итогам | K101: 52145 | L101: 3918 | M101: 8897 | N101: 1017 | P101: 276.39
A102: В том числе, справочно:
A103: Районный к-т 4,3% (Поз. 46-47, 1-2, 18-20, 28, 30, 32, 34, 36, 39, 41-42, 44, 48-50, 52) | K103: 203 | L103: 162 | M103: 42 | N103: 42
A104: Заготовительно-складские расходы на материалы покупные МАТ=1,02 (Поз. 3-17, 21-24, 26-27, 31, 33, 35, 37-38, 53) | K104: 606
A105: Транспортные расходы (оборудование) - согласно п.4.60 из МДС 81-35.2004 ПЗ=1,03 (ОЗП=1,03; ЭМ=1,03; МАТ=1,03) (Поз. 29) | K105: 67
A106: Заготовительно-складские расходы (оборудование) - согласно п.4.64 из МДС 81-35.2004 ПЗ=1,012 (ОЗП=1,012; ЭМ=1,012; МАТ=1,012) (Поз. 29) | K106: 28
...

Sheet 25835
A1: СОГЛАСОВАНО: | E1: ФГУП "Комбинат "Электрохимприбор" | M1: УТВЕРЖДАЮ:
G2: (наименование стройки) | M2: Зам.генерального директора
A3: _________________ | N3: Е.В. Гордеев
A4: " _____ " ________________ 2015 г. | M4: __________________
M5: "______ " __________2015 г.
G7: ЛОКАЛЬНЫЙ СМЕТНЫЙ РАСЧЕТ № 25835
G8: (локальная смета)
C10: на | D10: строительство кормокухни и вольеров для содержания служебных собак
D11: на кинологическом городке войсковой части 3275.
D12: Раздел: Cиловое электрооборудование.
D13: Основание: Проект №2014/06-06-У-1-ЭМ
D14: Сметная стоимость _______________________________________________________________________________________________ | J14: ___________________________170,303 | L14: тыс. руб.
D15: строительных работ _______________________________________________________________________________________________ | J15: _______________________________________________________________________________________________21,481 | L15: тыс. руб.
D16: монтажных работ _______________________________________________________________________________________________ | J16: _______________________________________________________________________________________________128,215 | L16: тыс. руб.
D17: оборудования _______________________________________________________________________________________________ | J17: _______________________________________________________________________________________________20,607 | L17: тыс. руб.
D18: Средства на оплату труда _______________________________________________________________________________________________ | J18: ___________________________17,374 | L18: тыс. руб.
D19: Сметная трудоемкость _______________________________________________________________________________________________ | J19: _______________________________________________________________________________________________1044,2 | L19: чел.час
D20: Материалы_________________________________________________92,517 | L20: тыс. руб.
D21: Составлен(а) в базовых ценах 2001г. в редакции 2009г.
A23: № пп | B23: Обосно- вание | C23: Наименование | D23: Ед. изм. | E23: Кол. | F23: Стоимость единицы, руб. | J23: Общая стоимость, руб. | O23: Т/з осн. раб.на ед. | P23: Т/з осн. раб. Всего | Q23: Общая масса обору-дования, т
F24: Всего | G24: В том числе | J24: Обору- дование | K24: Всего | L24: В том числе
G25: Осн.З/п | H25: Эк.Маш | I25: З/пМех | L25: Осн.З/п | M25: Эк.Маш | N25: З/пМех
A26: 1 | B26: 2 | C26: 3 | D26: 4 | E26: 5 | F26: 6 | G26: 7 | H26: 8 | I26: 9 | J26: 10 | K26: 11 | L26: 12 | M26: 13 | N26: 14 | O26: 15 | P26: 16 | Q26: 17
A27: Раздел 1. Монтажные работы
A28: Комплектные устройства
A29: Вводное устройство
A30: 1 | B30: ТЕРм08-03-572-03 | C30: Блок управления шкафного исполнения или распределительный пункт (шкаф), устанавливаемый на стене, высота и ширина до 600х600 мм | D30: 1 шт. | E30: 1 | F30: 316.86 | G30: 32.41 | H30: 36.13 | I30: 1.82 | K30: 317 | L30: 32 | M30: 36 | N30: 2 | O30: 2.32 | P30: 2.32
A31: 2 О | B31: Счет №901 от26.05.2015г. лист 1 | C31: Ящик силовой ЯРП-250-21-У4 | D31: шт. | E31: 1 | F31: 690,14 3062/1,18/3,76 | J31: 690 | K31: 690
A32: Распределительные устройства
A33: 3 | B33: ТЕРм08-03-572-07 | C33: Блок управления шкафного исполнения или распределительный пункт (шкаф), устанавливаемый на полу, высота и ширина до 1700х1100 мм | D33: 1 шт. | E33: 2 1+1 | F33: 685.88 | G33: 65.1 | H33: 129.15 | I33: 7.46 | K33: 1372 | L33: 130 | M33: 258 | N33: 15 | O33: 4.66 | P33: 9.32
A34: 4 О | B34: Счет №906 от 26.0.2015г. лист 13 | C34: Шкаф распределительный ПР11М-1086, IP21 c вводным автоматом Iн=250А без расцепителя | D34: компл. | E34: 1 | F34: 6025,96 26736/1,18/3,76 | J34: 6026 | K34: 6026
A35: 5 О | B35: Счет №906 от 26.0.2015г. лист 13 | C35: Шкаф распределительный ПР11М-1064, IP21 c вводным автоматом Iн=250А без расцепителя | D35: компл. | E35: 1 | F35: 4885,05 21674/1,18/3,76 | J35: 4885 | K35: 4885
A36: Низковольтная аппаратура:
A37: 1.Щиток распределительный ЩСтх, в комплекте:
A38: 6 | B38: ТЕРм08-03-573-04 | C38: Шкаф (пульт) управления навесной, высота, ширина и глубина до 600х600х350 мм | D38: 1 шт. | E38: 1 | F38: 99.26 | G38: 33.11 | H38: 62.05 | I38: 4.71 | K38: 99 | L38: 33 | M38: 62 | N38: 5 | O38: 2.37 | P38: 2.37
A39: 7 О | B39: П/л от 28.01.2015 лист 2 | C39: Корпус металлический ЩРн-48з-1 36 УХЛ3 IP31 (MKM14-N-48-31-Z) | D39: шт. | E39: 1 | F39: 359,99 1597,19/1,18/3,76 | J39: 360 | K39: 360
A40: 8 | B40: ТЕРм08-03-526-02 | C40: Автомат одно-, двух-, трехполюсный, устанавливаемый на конструкции на стене или колонне, на ток до 100 А (на вводе) | D40: 1 шт. | E40: 1 | F40: 215.9 | G40: 31.09 | H40: 4.53 | I40: 0.18 | K40: 216 | L40: 31 | M40: 5 | O40: 2.32 | P40: 2.32
A41: 9 О | B41: П/л от 28.01.2015 лист 2 | C41: Авт. выкл. ВА 47-100 3Р 32А Iн=100А 10 кА х-ка С (MVA40-3-032-C) | D41: шт. | E41: 1 | F41: 206,71 917,11/1,18/3,76 | J41: 207 | K41: 207
A42: 10 | B42: ТЕРм08-03-526-02 | C42: Автомат одно-, двух-, трехполюсный, устанавливаемый на конструкции на стене или колонне, на ток до 100 А (на линиях) | D42: 1 шт. | E42: 7 | F42: 215.9 | G42: 31.09 | H42: 4.53 | I42: 0.18 | K42: 1511 | L42: 218 | M42: 32 | N42: 1 | O42: 2.32 | P42: 16.24
A43: 11 О | B43: П/л от 28.01.2015 лист 2 | C43: Авт. выкл. ВА47-29 1Р 10А Iн=63А 4,5кА х-ка С (MVA20-1-010-C) | D43: шт. | E43: 7 | F43: 13,27 58,86/1,18/3,76 | J43: 93 | K43: 93
A44: 12 | B44: ТЕРм08-03-526-01 | C44: Автомат одно-, двух-, трехполюсный, устанавливаемый на конструкции на стене или колонне, на ток до 25 А | D44: 1 шт. | E44: 1 | F44: 174.77 | G44: 20.9 | H44: 1.28 | K44: 175 | L44: 21 | M44: 1 | O44: 1.56 | P44: 1.56
A45: 13 О | B45: П/л от 28.01.2015 лист 2 | C45: Диф. автомат АД12 2Р Iн=10А 30мА (MAD10-2-010-C-030) | D45: шт. | E45: 1 | F45: 111,42 494,34/1,18/3,76 | J45: 111 | K45: 111
A46: 14 | B46: ТЕРм08-03-526-02 | C46: Автомат одно-, двух-, трехполюсный, устанавливаемый на конструкции на стене или колонне, на ток до 100 А | D46: 1 шт. | E46: 1 | F46: 215.9 | G46: 31.09 | H46: 4.53 | I46: 0.18 | K46: 216 | L46: 31 | M46: 5 | O46: 2.32 | P46: 2.32
A47: 15 О | B47: П/л от 28.01.2015 лист 2 | C47: Авт. выкл. ВА47-29 3Р 10А, Iн=63А 4,5кА х-ка С (MVA20-3-010-C) | D47: шт. | E47: 1 | F47: 39,87 176,91/1,18/3,76 | J47: 40 | K47: 40
A48: 16 | B48: ТЕРм08-03-526-01 | C48: Автомат одно-, двух-, трехполюсный, устанавливаемый на конструкции на стене или колонне, на ток до 25 А | D48: 1 шт. | E48: 5 3+2 | F48: 174.77 | G48: 20.9 | H48: 1.28 | K48: 874 | L48: 105 | M48: 6 | O48: 1.56 | P48: 7.8
A49: 17 О | B49: П/л от 28.01.2015 лист 2 | C49: Диф. автомат АД12 2Р 16А 30мА (MAD10-2-016-C-030) | D49: шт. | E49: 3 | F49: 106,63 473,09/1,18/3,76 | J49: 320 | K49: 320
A50: 18 О | B50: П/л от 28.01.2015 лист 2 | C50: Диф. автомат АД12 2Р 25А 30мА (MAD10-2-025-C-030) | D50: шт. | E50: 2 | F50: 106,63 473,09/1,18/3,76 | J50: 213 | K50: 213
A51: 2.Щиток распределительный ЩС-ОВ1, в комплекте:
A52: 19 | B52: ТЕРм08-03-573-04 | C52: Шкаф (пульт) управления навесной, высота, ширина и глубина до 600х600х350 мм | D52: 1 шт. | E52: 1 | F52: 99.26 | G52: 33.11 | H52: 62.05 | I52: 4.71 | K52: 99 | L52: 33 | M52: 62 | N52: 5 | O52: 2.37 | P52: 2.37
A53: 20 О | B53: П/л от 28.01.2015 лист 2 | C53: Корпус металлический ЩРн-12з-1 36 УХЛ3 IP31 (MKM14-N-12-31-Z) | D53: шт. | E53: 1 | F53: 140,87 624,99/1,18/3,76 | J53: 141 | K53: 141
A54: 21 | B54: ТЕРм08-03-526-02 | C54: Автомат одно-, двух-, трехполюсный, устанавливаемый на конструкции на стене или колонне, на ток до 100 А (на вводе) | D54: 1 шт. | E54: 1 | F54: 215.9 | G54: 31.09 | H54: 4.53 | I54: 0.18 | K54: 216 | L54: 31 | M54: 5 | O54: 2.32 | P54: 2.32
A55: 22 О | B55: П/л от 28.01.2015 лист 2 | C55: Авт. выкл. ВА 47-100 3Р 10А Iн=100А 10 кА х-ка С (MVA40-3-010-C) | D55: шт. | E55: 1 | F55: 206,71 917,11/1,18/3,76 | J55: 207 | K55: 207
A56: 23 | B56: ТЕРм08-03-526-02 | C56: Автомат одно-, двух-, трехполюсный, устанавливаемый на конструкции на стене или колонне, на ток до 100 А (на линиях) | D56: 1 шт. | E56: 5 | F56: 215.9 | G56: 31.09 | H56: 4.53 | I56: 0.18 | K56: 1080 | L56: 155 | M56: 23 | N56: 1 | O56: 2.32 | P56: 11.6
A57: 24 О | B57: П/л от 28.01.2015 лист 2 | C57: Авт. выкл. ВА47-29 1Р 6А 4,5кА х-ка С (MVA20-1-006-C) | D57: шт. | E57: 5 | F57: 13,27 58,86/1,18/3,76 | J57: 66 | K57: 66
A58: 3.Щиток распределительный ЩС-ОВ2, в комплекте:
A59: 25 | B59: ТЕРм08-03-573-04 | C59: Шкаф (пульт) управления навесной, высота, ширина и глубина до 600х600х350 мм | D59: 1 шт. | E59: 1 | F59: 99.26 | G59: 33.11 | H59: 62.05 | I59: 4.71 | K59: 99 | L59: 33 | M59: 62 | N59: 5 | O59: 2.37 | P59: 2.37
A60: 26 О | B60: П/л от 28.01.2015 лист 2 | C60: Корпус металлический ЩРн-24з-1 36 УХЛ3 IP31 (MKM14-N-24-31-Z) | D60: шт. | E60: 1 | F60: 165,44 734,03/1,18/3,76 | J60: 165 | K60: 165
A61: 27 | B61: ТЕРм08-03-526-02 | C61: Автомат одно-, двух-, трехполюсный, устанавливаемый на конструкции на стене или колонне, на ток до 100 А (на вводе) | D61: 1 шт. | E61: 1 | F61: 215.9 | G61: 31.09 | H61: 4.53 | I61: 0.18 | K61: 216 | L61: 31 | M61: 5 | O61: 2.32 | P61: 2.32
A62: 28 О | B62: П/л от 28.01.2015 лист 2 | C62: Авт. выкл. ВА 47-100 3Р 25А Iн=100А 10 кА х-ка С (MVA40-3-025-C) | D62: шт. | E62: 1 | F62: 206,71 917,11/1,18/3,76 | J62: 207 | K62: 207
A63: 29 | B63: ТЕРм08-03-526-02 | C63: Автомат одно-, двух-, трехполюсный, устанавливаемый на конструкции на стене или колонне, на ток до 100 А (на линиях) | D63: 1 шт. | E63: 8 7+1 | F63: 215.9 | G63: 31.09 | H63: 4.53 | I63: 0.18 | K63: 1727 | L63: 249 | M63: 36 | N63: 1 | O63: 2.32 | P63: 18.56
A64: 30 О | B64: П/л от 28.01.2015 лист 2 | C64: Авт. выкл. ВА47-29 1Р 10А Iн=63А, 4,5кА х-ка С (MVA20-1-010-C) | D64: шт. | E64: 7 | F64: 13,27 58,86/1,18/3,76 | J64: 93 | K64: 93
A65: 31 О | B65: П/л от 28.01.2015 лист 2 | C65: Авт. выкл. ВА47-29 1Р 16А Iн=63А, 4,5кА х-ка С (MVA20-1-016-C) | D65: шт. | E65: 1 | F65: 13,27 58,86/1,18/3,76 | J65: 13 | K65: 13
A66: 32 | B66: ТЕРм08-03-526-01 | C66: Автомат одно-, двух-, трехполюсный, устанавливаемый на конструкции на стене или колонне, на ток до 25 А | D66: 1 шт. | E66: 2 | F66: 174.77 | G66: 20.9 | H66: 1.28 | K66: 350 | L66: 42 | M66: 3 | O66: 1.56 | P66: 3.12
A67: 33 О | B67: П/л от 28.01.2015 лист 2 | C67: Диф. автомат АД12 2Р 16А 30мА (MAD10-2-016-C-030) | D67: шт. | E67: 2 | F67: 106,63 473,09/1,18/3,76 | J67: 213 | K67: 213
A68: Приборы по месту
A69: 34 | B69: ТЕРм08-03-530-04 | C69: Пускатель магнитный общего назначения отдельно стоящий, устанавливаемый на конструкции на стене или колонне, на ток до 40 А | D69: 1 шт. | E69: 10 | F69: 168.71 | G69: 41.5 | H69: 4.2 | I69: 0.18 | K69: 1687 | L69: 415 | M69: 42 | N69: 2 | O69: 3.17 | P69: 31.7
A70: 35 | B70: П/л от 20.04.2015г. лист 6 | C70: Пускатель TeSys, закрытого исполнения, 230В, I=9А (LE1-D09P7F09) (к вентиляторам) | D70: шт. | E70: 10 | F70: 799,27 5413,62/1,18/5,74 | K70: 7993
A71: 36 | B71: ТЕРм10-02-016-06 | C71: Монтаж преобразователя или блока питания | D71: 1 шт. | E71: 1 | F71: 256.7 | G71: 157.76 | H71: 33.83 | I71: 6.87 | K71: 257 | L71: 158 | M71: 34 | N71: 7 | O71: 10.1 | P71: 10.1 | Q71: 0.001
A72: 37 О | B72: Ответ на запрос от 22.05.2015г. лист 8 | C72: ИБП марки Smart-Vision 3000N | D72: шт. | E72: 1 | F72: 5720,06 509*49,86/1,18/3,76 | J72: 5720 | K72: 5720
A73: Прокладка кабеля
A74: 38 | B74: ТЕРм08-02-413-02 | C74: Провод (кабель), количество проводов в резинобитумной трубке до 2, сечение провода до 16 мм2 (пом 109 и подводы к вентиляционному оборудованию) (1.8.3.ОППри производстве работ на высоте свыше расстояний, указанных в вводных указаниях к разделам сборника: при высоте свыше 2 до 8 м ОЗП=1,05; ТЗ=1,05) | D74: 100 м трубок | E74: 0,8 80/100 | F74: 1655.27 | G74: 390.95 | H74: 96.44 | I74: 6.01 | K74: 1324 | L74: 313 | M74: 77 | N74: 5 | O74: 29.505 | P74: 23.6
A75: 39 | B75: П/л от 02.01.2015 г. лист 3-4 | C75: Труба ПВХ гибкая гофр. д.32мм, лёгкая с протяжкой, 25м, цвет серый (91932) | D75: м | E75: 80 | F75: 3,02 20,44/1,18/5,74 | K75: 242
A76: 40 | B76: П/л от 02.01.2015 г. лист 3-4 | C76: Держатель двухкомпонентный, д.32мм (51132) | D76: шт. | E76: 67 | F76: 1,42 9,61/1,18/5,74 | K76: 95
A77: 41 | B77: ТЕРм08-02-396-01 | C77: Короб металлический на конструкциях, кронштейнах, по конструкциям чердака, длина 2 м (по чердаку, при переходе с этажа на этаж) (1.8.3.ОППри производстве работ на высоте свыше расстояний, указанных в вводных указаниях к разделам сборника: при высоте свыше 2 до 8 м ОЗП=1,05; ТЗ=1,05) | D77: 100 м | E77: 0,52 52/100 | F77: 2113.34 | G77: 523.11 | H77: 950.56 | I77: 216.12 | K77: 1099 | L77: 272 | M77: 494 | N77: 112 | O77: 39.48 | P77: 20.53
A78: 42 | B78: П/л от 02.01.2015 г. лист 3-4 | C78: Лоток 100х50 L 2000 (35012) | D78: м | E78: 52 | F78: 35,34 239,36/1,18/5,74 | K78: 1838
A79: 43 | B79: П/л от 02.01.2015 г. лист 3-4 | C79: Крышка на лоток с заземлением осн. 100 L 2000 (35512) | D79: м | E79: 52 | F79: 23,87 161,70/1,18/5,74 | K79: 1241
A80: 44 | B80: П/л от 02.01.2015 г. лист 3-4 | C80: Угол CPO 90 горизонтальный 90° 100х50 (36002) | D80: шт. | E80: 6 | F80: 93,18 631,11/1,18/5,74 | K80: 559
A81: 45 | B81: П/л от 02.01.2015 г. лист 3-4 | C81: Ответвитель DPT Т-образный горизонтальный 100х50 (36122) | D81: шт. | E81: 6 | F81: 151,26 1024,49/1,18/5,74 | K81: 908
A82: 46 | B82: П/л от 02.01.2015 г. лист 3-4 | C82: Угол CD 90 вертикальный внеш. 90° 100/50 (36782) | D82: шт. | E82: 10 | F82: 109,49 741,59/1,18/5,74 | K82: 1095
A83: 47 | B83: П/л от 02.01.2015 г. лист 3-4 | C83: Крышка DPT на ответвитель Т-образный горизонтальный осн. 100 (38042) | D83: шт. | E83: 6 | F83: 77,29 523,52/1,18/5,74 | K83: 464
A84: 48 | B84: П/л от 02.01.2015 г. лист 3-4 | C84: Крышка CPO 90 на угол горизонтальный 90° осн. 100 (38002) | D84: шт. | E84: 6 | F84: 59,71 404,40/1,18/5,74 | K84: 358
A85: 49 | B85: П/л от 02.01.2015 г. лист 3-4 | C85: Крышка CD 90 на угол вертикальный внеш. 90° осн. 100 (38242) | D85: шт. | E85: 10 | F85: 56,45 382,36/1,18/5,74 | K85: 565
A86: 50 | B86: П/л от 02.01.2015 г. лист 3-4 | C86: Крепление ТМ к стене для вертикального монтажа осн.100 (старый код -30690,новый код-BMM1010) | D86: шт. | E86: 35 | F86: 46,74 316,59/1,18/5,74 | K86: 1636
A87: 51 | B87: П/л от 02.01.2015 г. лист 3-4 | C87: Пластина крепежная GTO H50 (37301) | D87: шт. | E87: 100 | F87: 6,93 46,92/1,18/5,74 | K87: 693
A88: 52 | B88: П/л от 02.01.2015 г. лист 3-4 | C88: Пластина PTSE для заземления (37501) | D88: шт. | E88: 100 | F88: 8,41 56,96/1,18/5,74 | K88: 841
A89: 53 | B89: П/л от 02.01.2015 г. лист 3-4 | C89: Винт с крестообразным шлицем М6х10 (CM010610) | D89: шт. | E89: 445 | F89: 0,38 2,58/1,18/5,74 | K89: 169
... A92: 56 | B92: П/л от 02.01.2015 г. лист 3-4 | C92: Стандартный анкер с болтом М8 (CM430850) | D92: шт. | E92: 70 | F92: 7,34 49,73/1,18/5,74 | K92: 514
A93: 57 | B93: ТЕРм08-02-402-01 | C93: Кабель двух-четырехжильный по установленным конструкциям и лоткам с установкой ответвительных коробок в помещениях с нормальной средой сечением жилы до 10 мм2 (1.8.3.ОППри производстве работ на высоте свыше расстояний, указанных в вводных указаниях к разделам сборника: при высоте свыше 2 до 8 м ОЗП=1,05; ТЗ=1,05) | D93: 100 м | E93: 0,52 52/100 | F93: 1141.75 | G93: 212.87 | H93: 704.04 | I93: 87.33 | K93: 594 | L93: 111 | M93: 366 | N93: 45 | O93: 16.065 | P93: 8.35
A94: 58 | B94: ТЕРм08-02-401-01 | C94: Кабель двух-четырехжильный сечением жилы до 16 мм2 с креплением накладными скобами, полосками с установкой ответвительных коробок (1.8.3.ОППри производстве работ на высоте свыше расстояний, указанных в вводных указаниях к разделам сборника: при высоте свыше 2 до 8 м ОЗП=1,05; ТЗ=1,05) | D94: 100 м | E94: 3,77 377/100 | F94: 4067.05 | G94: 717.89 | H94: 957.86 | I94: 390.47 | K94: 15333 | L94: 2706 | M94: 3611 | N94: 1472 | O94: 54.18 | P94: 204.26
A95: 59 | B95: П/л от 02.01.2015 г. лист 3-4 | C95: Коробка установочная для заливки в бетон, д.70х100мм (59381) | D95: шт. | E95: 15 | F95: 7,69 52,09/1,18/5,74 | K95: 115
A96: 60 | B96: П/л от 02.01.2015 г. лист 3-4 | C96: Коробка установочная для заливки в бетон, д.70х136мм (59382) | D96: шт. | E96: 50 | F96: 9,89 66,98/1,18/5,74 | K96: 495
A97: 61 | B97: П/л от 02.01.2015 г. лист 3-4 | C97: Коробка ответвит. с кабельными вводами, IP44, 80х80х40мм (53700) | D97: шт. | E97: 150 | F97: 7,63 51,71/1,18/5,74 | K97: 1145
A98: 62 | B98: ТЕРм08-01-087-03 | C98: Металлические конструкции | D98: 1 т | E98: 0,008 (5+3)/1000 | F98: 18456.73 | G98: 842.81 | H98: 643.96 | I98: 31.67 | K98: 148 | L98: 7 | M98: 5 | O98: 62.2 | P98: 0.5
A99: 63 | B99: ТЕР46-03-011-01 | C99: Пробивка в кирпичных стенах борозд площадью сечения до 20 см2 (3.1При работах на высоте от опорной площадки более 1,5 м ОЗП=1,2; ЭМ=1,2 к расх.; ЗПМ=1,2; ТЗ=1,2; ТЗМ=1,2) | D99: 100 м борозд | E99: 8,81 881/100 | F99: 1064.57 | G99: 242.86 | H99: 821.71 | I99: 76.1 | K99: 9379 | L99: 2140 | M99: 7239 | N99: 670 | O99: 18.768 | P99: 165.35
A100: 64 | B100: ТЕРм08-02-403-03 | C100: Кабель двух-трехжильный под штукатурку по стенам или в бороздах (1.8.3.ОППри производстве работ на высоте свыше расстояний, указанных в вводных указаниях к разделам сборника: при высоте свыше 2 до 8 м ОЗП=1,05; ТЗ=1,05) | D100: 100 м | E100: 8,81 881/100 | F100: 4019.48 | G100: 514.76 | H100: 186.32 | I100: 81.9 | K100: 35412 | L100: 4535 | M100: 1641 | N100: 722 | O100: 38.85 | P100: 342.27
A101: 65 | B101: ТЕР46-03-017-05 | C101: Заделка отверстий, гнезд и борозд в стенах и перегородках бетонных площадью до 0,1 м2 | D101: 1 м3 заделки | E101: 1,8 0,002*881 | F101: 2078.32 | G101: 857.51 | H101: 44.07 | K101: 3741 | L101: 1544 | M101: 79 | O101: 75.22 | P101: 135.4
A102: 66 | B102: П/л от 21.01.2015г. лист 5 | C102: Кабель силовой ВВГнг-LS 3х1,5 кв.мм ОЖ-0,66 малодымный Dн=8мм,Р=0,12кг/м (П4029). | D102: 1000м | E102: 0,165 165/1000 | F102: 4969,59 33,66*1000/1,18/5,74 | K102: 820
A103: 67 | B103: П/л от 21.01.2015г. лист 5 | C103: Кабель силовой ВВГнг-LS 3х2,5 кв.мм ОЖ-0,66 малодымный Dн=10мм,Р=0,17кг/м (П4032). | D103: 1000м | E103: 0,65 650/1000 | F103: 7593,16 51,43*1000/1,18/5,74 | K103: 4936
A104: 68 | B104: П/л от 21.01.2015г. лист 5 | C104: Кабель силовой ВВГнг-LS 3х6,0 кв.мм ОЖ-0,66 малодымный Dн=12мм,Р=0,31кг/м (П4036). | D104: 1000м | E104: 0,04 40/1000 | F104: 16771,98 113,60*1000/1,18/5,74 | K104: 671
A105: 69 | B105: П/л от 21.01.2015г. лист 5 | C105: Кабель силовой ВВГнг-LS 5х2,5 кв.мм ОЖ-0,66 малодымный Dн=11мм,Р=0,22кг/м (П4057). | D105: 1000м | E105: 0,08 80/1000 | F105: 12627,71 85,53*1000/1,18/5,74 | K105: 1010
...

Sheet 25836
A1: СОГЛАСОВАНО: | E1: ФГУП "Комбинат "Электрохимприбор" | M1: УТВЕРЖДАЮ:
G2: (наименование стройки) | M2: Зам.генерального директора
A3: _________________ | N3: Е.В. Гордеев
A4: " _____ " ________________ 2015 г. | M4: __________________
M5: "______ " __________2015 г.
G7: ЛОКАЛЬНЫЙ СМЕТНЫЙ РАСЧЕТ № 25836
G8: (локальная смета)
C10: на | D10: строительство кормокухни и вольеров для содержания служебных собак
D11: на кинологическом городке войсковой части 3275.
D12: Раздел: Молниезащита и заземление.
G13: (наименование работ и затрат, наименование объекта)
D15: Основание: проект № 2014/06-06-У-1-ЭГ
D16: Сметная стоимость _______________________________________________________________________________________________ | J16: ___________________________38,807 | L16: тыс. руб.
D17: строительных работ _______________________________________________________________________________________________ | J17: _______________________________________________________________________________________________10,663 | L17: тыс. руб.
D18: монтажных работ _______________________________________________________________________________________________ | J18: _______________________________________________________________________________________________27,466 | L18: тыс. руб.
D19: прочих (ПНР "вхолостую") _______________________________________________________________________________________________ | J19: _______________________________________________________________________________________________0,678 | L19: тыс. руб.
D20: Средства на оплату труда _______________________________________________________________________________________________ | J20: ___________________________6,570 | L20: тыс. руб.
D21: Сметная трудоемкость _______________________________________________________________________________________________ | J21: _______________________________________________________________________________________________507,41 | L21: чел.час
D22: Составлен(а) в базовых ценах 2001г. в редакции 2009г.
A25: № пп | B25: Обосно- вание | C25: Наименование | D25: Ед. изм. | E25: Кол. | F25: Стоимость единицы, руб. | J25: Общая стоимость, руб. | N25: Т/з осн. раб.на ед. | O25: Т/з осн. раб. Всего | P25: Т/з мех. на ед. | Q25: Т/з мех. Всего
F26: Всего | G26: В том числе | J26: Всего | K26: В том числе
G27: Осн.З/п | H27: Эк.Маш | I27: З/пМех | K27: Осн.З/п | L27: Эк.Маш | M27: З/пМех
A28: 1 | B28: 2 | C28: 3 | D28: 4 | E28: 5 | F28: 6 | G28: 7 | H28: 8 | I28: 9 | J28: 10 | K28: 11 | L28: 12 | M28: 13 | N28: 14 | O28: 15 | P28: 16 | Q28: 17
A29: Раздел 1. Монтажные работы
A30: Система уравнивания потенциалов
A31: 1 | B31: ТЕРм08-03-573-04 | C31: Шкаф (ШДУП) управления навесной, высота, ширина и глубина до 600х600х350 мм | D31: 1 шт. | E31: 1 | F31: 99.26 | G31: 33.11 | H31: 62.05 | I31: 4.71 | J31: 99 | K31: 33 | L31: 62 | M31: 5 | N31: 2.37 | O31: 2.37 | P31: 0.29 | Q31: 0.29
A32: 2 | B32: П/лист от 21.05.2015г. лист 1 | C32: Ящики ШДУП Формулы цены единицы: МАТ=380/1,18/5,74 | D32: шт. | E32: 1 | F32: 56,1 380/1,18/5,74 | J32: 56
A33: 3 | B33: ТЕРм08-02-472-10 | C33: Проводник заземляющий из медной полосы 50х5мм открыто по строительным основаниям 2 206,91 = 4 732,43 - 204 x 12,38 | D33: 100 м | E33: 0,009 0,9/100 | F33: 2206.91 | G33: 617.45 | H33: 45.38 | I33: 0.55 | J33: 20 | K33: 6 | N33: 46.6 | O33: 0.42 | P33: 0.03
A34: Уд | B34: 1. 509-0038 | C34: Наконечники кабельные для электротехнических установок | D34: шт. | E34: 204 1,836 | F34: 12.38 | J34: 22.73
A35: 4 | B35: П/лист от 21.05.2015г. лист 1 | C35: Полоса медная 5х50мм Формулы цены единицы: МАТ=418/1,18/5,74 | D35: кг | E35: 1,125 0,9*0,05*0,005*5000 | F35: 61,71 418/1,18/5,74 | J35: 69
A36: 5 | B36: ТЕРм08-02-472-06 | C36: Проводник заземляющий открыто по строительным основаниям из полосовой стали сечением 100 мм2 | D36: 100 м | E36: 0,67 67/100 | F36: 1351.39 | G36: 251.75 | H36: 85.67 | I36: 3.46 | J36: 905 | K36: 169 | L36: 57 | M36: 2 | N36: 19 | O36: 12.73 | P36: 0.19 | Q36: 0.13
A37: 6 | B37: ТЕРм08-02-472-10 | C37: Проводник заземляющий из медного изолированного провода открыто по строительным основаниям | D37: 100 м | E37: 1,8 (10+110+60)/100 | F37: 4732.43 | G37: 617.45 | H37: 45.38 | I37: 0.55 | J37: 8518 | K37: 1111 | L37: 82 | M37: 1 | N37: 46.6 | O37: 83.88 | P37: 0.03 | Q37: 0.05
A38: 7 | B38: ТСЦ-502-0526 | C38: Провода силовые для электрических установок на напряжение до 450 В с медной жилой марки ПВ3, сечением 50 мм2 | D38: 1000 м | E38: 0,01 10/1000 | F38: 39875 | J38: 399
A39: 8 | B39: ТСЦ-502-0524 | C39: Провода силовые для электрических установок на напряжение до 450 В с медной жилой марки ПВ3, сечением 25 мм2 | D39: 1000 м | E39: 0,11 110/1000 | F39: 20114.99 | J39: 2213
A40: 9 | B40: ТСЦ-502-0520 | C40: Провода силовые для электрических установок на напряжение до 450 В с медной жилой марки ПВ3, сечением 6 мм2 | D40: 1000 м | E40: 0,06 60/1000 | F40: 5153 | J40: 309
A41: 10 | B41: ТСЦ-509-0043 | C41: Наконечники кабельные медные ТМ | D41: шт. | E41: 6 4+2 | F41: 3.93 | J41: 24
A42: Система заземления и молниезащиты
A43: 11 | B43: ТЕРм08-02-472-08 | C43: Проводник заземляющий открыто по строительным основаниям из круглой стали диаметром 8 мм (сетка с ячейкой 10х10м под утеплитель кровли) | D43: 100 м | E43: 2 200/100 | F43: 1055.6 | G43: 266.33 | H43: 62.29 | I43: 2 | J43: 2111 | K43: 533 | L43: 125 | M43: 4 | N43: 20.1 | O43: 40.2 | P43: 0.11 | Q43: 0.22
A44: 12 | B44: ТЕРм08-02-472-09 | C44: Проводник заземляющий открыто по строительным основаниям из круглой стали диаметром 12 мм 1 298,71 = 1 397,41 - 1,5 x 65,80 (1.8.3.ОППри производстве работ на высоте свыше расстояний, указанных в вводных указаниях к разделам сборника: при высоте свыше 2 до 8 м ОЗП=1,05; ТЗ=1,05) | D44: 100 м | E44: 0,4 40/100 | F44: 1312.82 | G44: 296.34 | H44: 85.67 | I44: 3.46 | J44: 525 | K44: 119 | L44: 34 | M44: 1 | N44: 22.365 | O44: 8.95 | P44: 0.19 | Q44: 0.08
A45: Уд | B45: 1. 509-0102 | C45: Скобы | D45: 10 шт. | E45: 1,5 0,6 | F45: 65.8 | J45: 39.48
A46: 13 | B46: П/лист от 02.2015г. | C46: Фасадный держатель,100 мм ND2307 Формулы цены единицы: МАТ=182,19/1,18/5,74 | D46: шт | E46: 27 | F46: 26,9 182,19/1,18/5,74 | J46: 726
A47: 14 | B47: П/лист от 02.2015г. | C47: Угловой коньковый зажим, 100 мм ND2202 Формулы цены единицы: МАТ=175,41/1,18/5,74 | D47: шт | E47: 16 | F47: 25,9 175,41/1,18/5,74 | J47: 414
A48: 15 | B48: П/лист от 02.2015г. | C48: Прямой держатель под черепицу, 330 мм ND2209 Формулы цены единицы: МАТ=226,17/1,18/5,74 | D48: шт | E48: 46 | F48: 33,39 226,17/1,18/5,74 | J48: 1536
A49: 16 | B49: ТЕРм08-02-471-01 | C49: Заземлитель вертикальный из угловой стали размером 50х50х5 мм 250,20 = 933,50 - 0,116 x 5 890,50 | D49: 10 шт. | E49: 1,2 12/10 | F49: 250.2 | G49: 141.78 | H49: 71.23 | I49: 3.46 | J49: 300 | K49: 170 | L49: 85 | M49: 4 | N49: 10.7 | O49: 12.84 | P49: 0.19 | Q49: 0.23
A50: Уд | B50: 1. 101-1641 | C50: Сталь угловая равнополочная, марка стали ВСт3кп2, размером 50x50x5 мм | D50: т | E50: 0,116 0,1392 | F50: 5890.5 | J50: 819.96
A51: 17 | B51: П/лист от 21.05.2015г. лист 3 | C51: Угловая сталь оцинкованная 50х50х5мм (50м) Формулы цены единицы: МАТ=67700/1,18/5,74 | D51: тн | E51: 0,189 3,77*50/1000 | F51: 9995,28 67700/1,18/5,74 | J51: 1889
A52: 18 | B52: ТЕРм08-02-472-02 | C52: Заземлитель горизонтальный из стали полосовой сечением 160 мм2 376,75 = 1 242,52 - 0,13 x 6 659,79 | D52: 100 м | E52: 1,4 140/100 | F52: 376.75 | G52: 219.95 | H52: 92.37 | I52: 4 | J52: 527 | K52: 308 | L52: 129 | M52: 6 | N52: 16.6 | O52: 23.24 | P52: 0.22 | Q52: 0.31
A53: Уд | B53: 1. 101-1889 | C53: Сталь полосовая 40х4 мм, кипящая | D53: т | E53: 0,13 0,182 | F53: 6659.79 | J53: 1212.08
A54: 19 | B54: П/лист от 21.05.2015г. лист 3 | C54: Сталь полосовая 40х5 мм, оцинкованная 140м Формулы цены единицы: МАТ=67700/1,18/5,74 | D54: тн | E54: 0,22 1,57*140/1000 | F54: 9995,28 67700/1,18/5,74 | J54: 2199
A55: Земляные работы
A56: 20 | B56: ТЕР01-02-055-03 | C56: Разработка грунта вручную с креплениями в траншеях шириной до 2 м, глубиной до 2 м, группа грунтов 3 (траншея под проводник заземления 300х500(h)мм (3.192 Разработка траншей глубиной до 2 м с вертикальными стенками без креплений ОЗП=0,8; ТЗ=0,8; 3.193 Разработка грунта в траншеях шириной менее 1 м при наличии креплений ОЗП=1,1; ТЗ=1,1) | D56: 100 м3 грунта | E56: 0,21 140*0,3*0,5/100 | F56: 2889.2 | G56: 2889.2 | J56: 607 | K56: 607 | N56: 244.64 | O56: 51.37
A57: 21 | B57: ТЕР01-02-061-02 | C57: Засыпка вручную траншей, пазух котлованов и ям, группа грунтов 2 | D57: 100 м3 грунта | E57: 0,21 140*0,3*0,5/100 | F57: 1027.4 | G57: 1027.4 | J57: 216 | K57: 216 | N57: 97.2 | O57: 20.41
A58: 22 | B58: ТЕР01-02-059-03 | C58: Рытье ям вручную глубиной 1,5 м под электрод заземления с обратной засыпкой, группа грунтов 3 | D58: 1 электрод заземления | E58: 12 | F58: 313.85 | G58: 111.65 | J58: 3766 | K58: 1340 | N58: 9.7 | O58: 116.4
A59: 23 | B59: ТЕР01-02-059-07 | C59: При изменении глубины заложения на каждые 0,5 м добавлять к расценке 01-02-059-03 (до глубины 3м ПЗ=3 (ОЗП=3; ЭМ=3 к расх.; ЗПМ=3; МАТ=3 к расх.; ТЗ=3; ТЗМ=3)) | D59: 1 электрод заземления | E59: 12 | F59: 112.23 | G59: 112.23 | J59: 1347 | K59: 1347 | N59: 9.75 | O59: 117
A60: Итого по разделу 1 Монтажные работы | J60: 38129 | O60: 489.81 | Q60: 1.31
A61: Раздел 2. Пусконаладочные работы ("вхолостую" 80%)
A62: 24 | B62: ТЕРп01-11-010-01 | C62: Измерение сопротивления растеканию тока заземлителя | D62: 1 измерение | E62: 12 | F62: 27.06 | G62: 27.06 | J62: 325 | K62: 325 | N62: 1.5 | O62: 18
A63: 25 | B63: ТЕРп01-11-010-03 | C63: Измерение сопротивления растеканию тока контура с диагональю до 200 м | D63: 1 измерение | E63: 1 | F63: 72.16 | G63: 72.16 | J63: 72 | K63: 72 | N63: 4 | O63: 4
A64: Итого по разделу 2 Пусконаладочные работы ("вхолостую" 80%) | J64: 678 | O64: 17.6
A65: ИТОГИ ПО СМЕТЕ:
A66: Итого прямые затраты по смете в ценах 2001г. | J66: 29172 | K66: 6356 | L66: 574 | M66: 23 | O66: 511.81 | Q66: 1.31
A67: Итого прямые затраты по смете с учетом коэффициентов к итогам | J67: 29759 | K67: 6546 | L67: 575 | M67: 24 | O67: 507.41 | Q67: 1.31
A68: В том числе, справочно:
A69: Районный к-т 4,3% (Поз. 20-23, 1, 3, 5-6, 11-16, 18, 24-25) | J69: 274 | K69: 273 | L69: 1 | M69: 1
A70: Заготовительно-складские расходы на материалы - согласно п.4.64 из МДС 81-35.2004 МАТ=1,02 (Поз. 1, 3, 5-6, 11-16, 18, 2, 4, 17, 19, 7-10) | J70: 396
A71: Пусконаладочные работы (вхолостую 80%) ПЗ=0,8 (ОЗП=0,8; ЭМ=0,8; ЗПМ=0,8; МАТ=0,8; ТЗ=0,8; ТЗМ=0,8) (Поз. 24-25) | J71: -83 | K71: -83 | O71: -4.4
A72: Накладные расходы | J72: 5593
A73: В том числе, справочно:
A74: 65% ФОТ (от 331) (Поз. 24-25) | J74: 215
A75: 80% ФОТ (от 3661) (Поз. 20-23) | J75: 2929
A76: 95% ФОТ (от 2578) (Поз. 1, 3, 5-6, 11-16, 18) | J76: 2449
A77: Сметная прибыль | J77: 3455
A78: В том числе, справочно:
A79: 40% ФОТ (от 331) (Поз. 24-25) | J79: 132
A80: 45% ФОТ (от 3661) (Поз. 20-23) | J80: 1647
A81: 65% ФОТ (от 2578) (Поз. 1, 3, 5-6, 11-16, 18) | J81: 1676
A82: ВСЕГО по смете | J82: 38807 | O82: 507.41 | Q82: 1.31
A83: Итого Строительные работы | J83: 10663 | O83: 305.18
A84: Итого Монтажные работы | J84: 27466 | O84: 184.63 | Q84: 1.31
A85: Итого Прочие затраты | J85: 678 | O85: 17.6
A86: Итого | J86: 38807 | O86: 507.41 | Q86: 1.31
A87: В том числе:
A88: Материалы | J88: 22638
A89: Машины и механизмы | J89: 575
A90: ФОТ | J90: 6570
A91: Накладные расходы | J91: 5593
A92: Сметная прибыль | J92: 3455
A93: ВСЕГО по смете | J93: 38807 | O93: 507.41 | Q93: 1.31
B95: Начальник отд. 078 _________________________ Т.М.Ковязина | I95: Составил ведущий инженер __________________ В.В.Воронкова
I96: 21.05.15 г.

Sheet 25837
A1: СОГЛАСОВАНО: | E1: ФГУП "Комбинат "Электрохимприбор" | M1: УТВЕРЖДАЮ:
G2: (наименование стройки) | M2: Зам.генерального директора
A3: _________________ | N3: Е.В. Гордеев
A4: " _____ " ________________ 2015 г. | M4: __________________
M5: "______ " __________2015 г.
G7: ЛОКАЛЬНЫЙ СМЕТНЫЙ РАСЧЕТ № 25837
G8: (локальная смета)
C10: на | D10: строительство кормокухни и вольеров для содержания служебных собак
D11: на кинологическом городке войсковой части 3275.
D12: Раздел: Электроосвещение
D14: Основание: Проект №2014/06-06-У-1-ЭО
D15: Сметная стоимость _______________________________________________________________________________________________ | J15: ___________________________129,284 | L15: тыс. руб.
D16: строительных работ _______________________________________________________________________________________________ | J16: _______________________________________________________________________________________________15,554 | L16: тыс. руб.
D17: монтажных работ _______________________________________________________________________________________________ | J17: _______________________________________________________________________________________________111,648 | L17: тыс. руб.
D18: оборудования _______________________________________________________________________________________________ | J18: _______________________________________________________________________________________________2,082 | L18: тыс. руб.
D19: Средства на оплату труда _______________________________________________________________________________________________ | J19: ___________________________10,696 | L19: тыс. руб.
D20: Сметная трудоемкость _______________________________________________________________________________________________ | J20: _______________________________________________________________________________________________657,54 | L20: чел.час
D21: Материалы_________________________________________________91,562 | L21: тыс. руб.
D22: Составлен(а) в базовых ценах 2001г. в редакции 2009г.
A24: № пп | B24: Обосно- вание | C24: Наименование | D24: Ед. изм. | E24: Кол. | F24: Стоимость единицы, руб. | J24: Общая стоимость, руб. | O24: Т/з осн. раб.на ед. | P24: Т/з осн. раб. Всего | Q24: Общая масса обору-дования, т
F25: Всего | G25: В том числе | J25: Обору- дование | K25: Всего | L25: В том числе
G26: Осн.З/п | H26: Эк.Маш | I26: З/пМех | L26: Осн.З/п | M26: Эк.Маш | N26: З/пМех
A27: 1 | B27: 2 | C27: 3 | D27: 4 | E27: 5 | F27: 6 | G27: 7 | H27: 8 | I27: 9 | J27: 10 | K27: 11 | L27: 12 | M27: 13 | N27: 14 | O27: 15 | P27: 16 | Q27: 17
A28: Раздел 1. Монтажные работы
A29: 1.Низковольтная аппаратура
A30: 1.1 Щиток распределительный ЩАО
A31: 1 | B31: ТЕРм08-03-573-04 | C31: Шкаф (пульт) управления навесной, высота, ширина и глубина до 600х600х350 мм | D31: 1 шт. | E31: 1 | F31: 99.26 | G31: 33.11 | H31: 62.05 | I31: 4.71 | K31: 99 | L31: 33 | M31: 62 | N31: 5 | O31: 2.37 | P31: 2.37
A32: 2 О | B32: П/л от 28.01.2015 лист 1 | C32: Корпус металлический ЩРн-12з-1 36 УХЛ3 IP31 (MKM14-N-12-31-Z) | D32: шт. | E32: 1 | F32: 140,87 624,99/1,18/3,76 | J32: 141 | K32: 141
A33: 3 | B33: ТЕРм08-03-526-02 | C33: Автомат одно-, двух-, трехполюсный, устанавливаемый на конструкции на стене или колонне, на ток до 100 А (на вводе) | D33: 1 шт. | E33: 1 | F33: 215.9 | G33: 31.09 | H33: 4.53 | I33: 0.18 | K33: 216 | L33: 31 | M33: 5 | O33: 2.32 | P33: 2.32
A34: 4 О | B34: П/л от 28.01.2015 лист 1 | C34: Авт. выкл. ВА 47-100 3Р 10А 10 кА х-ка С (MVA40-3-010-C) | D34: шт. | E34: 1 | F34: 206,71 917,11/1,18/3,76 | J34: 207 | K34: 207
A35: 5 | B35: ТЕРм08-03-526-02 | C35: Автомат одно-, двух-, трехполюсный, устанавливаемый на конструкции на стене или колонне, на ток до 100 А (на линиях) | D35: 1 шт. | E35: 4 | F35: 215.9 | G35: 31.09 | H35: 4.53 | I35: 0.18 | K35: 864 | L35: 124 | M35: 18 | N35: 1 | O35: 2.32 | P35: 9.28
A36: 6 О | B36: П/л от 28.01.2015 лист 1 | C36: Авт. выкл. ВА47-29 1Р 6А 4,5кА х-ка С (MVA20-1-006-С) | D36: шт. | E36: 1 | F36: 13,27 58,86/1,18/3,76 | J36: 13 | K36: 13
A37: 1.2 Щиток распределительный ЩО
A38: 7 | B38: ТЕРм08-03-573-04 | C38: Шкаф (пульт) управления навесной, высота, ширина и глубина до 600х600х350 мм | D38: 1 шт. | E38: 1 | F38: 99.26 | G38: 33.11 | H38: 62.05 | I38: 4.71 | K38: 99 | L38: 33 | M38: 62 | N38: 5 | O38: 2.37 | P38: 2.37
A39: 8 О | B39: П/л от 28.01.2015 лист 1 | C39: Корпус металлический ЩРн-24з-1 36 УХЛ3 IP31 (MKM14-N-24-31-Z) | D39: шт. | E39: 1 | F39: 165,44 734,03/1,18/3,76 | J39: 165 | K39: 165
A40: 9 | B40: ТЕРм08-03-526-02 | C40: Автомат одно-, двух-, трехполюсный, устанавливаемый на конструкции на стене или колонне, на ток до 100 А (на вводе) | D40: 1 шт. | E40: 1 | F40: 215.9 | G40: 31.09 | H40: 4.53 | I40: 0.18 | K40: 216 | L40: 31 | M40: 5 | O40: 2.32 | P40: 2.32
A41: 10 О | B41: П/л от 28.01.2015 лист 1 | C41: Авт. выкл. ВА 47-100 3Р 25А 10 кА х-ка С (MVA40-3-025-C) | D41: шт. | E41: 1 | F41: 206,71 917,11/1,18/3,76 | J41: 207 | K41: 207
A42: 11 | B42: ТЕРм08-03-526-02 | C42: Автомат одно-, двух-, трехполюсный, устанавливаемый на конструкции на стене или колонне, на ток до 100 А (на линиях) | D42: 1 шт. | E42: 7 | F42: 215.9 | G42: 31.09 | H42: 4.53 | I42: 0.18 | K42: 1511 | L42: 218 | M42: 32 | N42: 1 | O42: 2.32 | P42: 16.24
A43: 12 О | B43: П/л от 28.01.2015 лист 1 | C43: Авт. выкл. ВА47-29 1Р 10А 4,5кА х-ка С (MVA20-1-010-C) | D43: шт. | E43: 7 | F43: 13,27 58,86/1,18/3,76 | J43: 93 | K43: 93
A44: 13 | B44: ТЕРм08-03-526-01 | C44: Автомат одно-, двух-, трехполюсный, устанавливаемый на конструкции на стене или колонне, на ток до 25 А (на линиях) | D44: 1 шт. | E44: 3 | F44: 174.77 | G44: 20.9 | H44: 1.28 | K44: 524 | L44: 63 | M44: 4 | O44: 1.56 | P44: 4.68
A45: 14 О | B45: П/л от 28.01.2015 лист 1 | C45: Диф. автомат АД12 2Р 16А 30мА (MAD10-2-016-C-030) | D45: шт. | E45: 3 | F45: 106,63 473,09/1,18/3,76 | J45: 320 | K45: 320
A46: 1.3 Ящик с понижающим трансформатором ЯТП-025
A47: 15 | B47: ТЕРм08-03-603-01 | C47: Ящик с понижающим трансформатором | D47: 1 шт. | E47: 3 | F47: 30.68 | G47: 19.98 | H47: 6.59 | I47: 0.36 | K47: 92 | L47: 60 | M47: 20 | N47: 1 | O47: 1.43 | P47: 4.29
A48: 16 О | B48: П/л от 28.01.2015 лист 1 | C48: Ящик с понижающим трансформатором ЯТП-0,25 220/36-3 36 УХЛ4 IP30 (MTT13-036-0250) | D48: шт. | E48: 3 | F48: 283,61 1258,32/1,18/3,76 | J48: 851 | K48: 851
A49: 2. Светотехнические изделия
A50: 17 | B50: ТЕРм08-03-594-02 | C50: Светильник отдельно устанавливаемый на штырях с количеством ламп в светильнике 2 (1.8.3.ОППри производстве работ на высоте свыше расстояний, указанных в вводных указаниях к разделам сборника: при высоте свыше 2 до 8 м ОЗП=1,05; ТЗ=1,05) | D50: 100 шт. | E50: 0,22 (12+3+7)/100 | F50: 6936.16 | G50: 1701.55 | H50: 2228.22 | I50: 710.91 | K50: 1526 | L50: 374 | M50: 490 | N50: 156 | O50: 121.8 | P50: 26.8
A51: 18 | B51: П/л от 01.03.2015г. лист 2 | C51: Светильник для 2-х компактных люминесцентных ламп мощ.9Вт, потолочный, со степенью защиты IP54 K 200/209 (Артикул-1135000020, код-62020900) | D51: шт. | E51: 12 | F51: 229,1 1551,76/1,18/5,74 | K51: 2749
A52: 19 | B52: П/л от 01.03.2015г. лист 2 | C52: Светильник для 2-х люминесцентных ламп мощ.36Вт, потолочный, с ЭПРА, Кп<5%, с блоком аварийного питания, со степенью защиты IP65 LZ 236 HFR ES1 нов. (Артикул - 1073000560) | D52: шт. | E52: 3 | F52: 1339,3 9071,37/1,18/5,74 | K52: 4018
A53: 20 | B53: П/л от 01.03.2015г. лист 2 | C53: Светильник для 2-х люминесцентных ламп мощ.36Вт, потолочный, с ЭПРА, Кп<5%, со степенью защиты IP65 LZ 236 (Артикул - 1073000260, код-61223660) | D53: шт. | E53: 7 | F53: 838,58 5679,87/1,18/5,74 | K53: 5870
A54: 21 | B54: ТЕРм08-03-594-03 | C54: Светильник отдельно устанавливаемый на штырях с количеством ламп в светильнике до 4 (1.8.3.ОППри производстве работ на высоте свыше расстояний, указанных в вводных указаниях к разделам сборника: при высоте свыше 2 до 8 м ОЗП=1,05; ТЗ=1,05) | D54: 100 шт. | E54: 0,15 (10+5)/100 | F54: 8623.43 | G54: 2478.98 | H54: 3123.25 | I54: 963.82 | K54: 1294 | L54: 372 | M54: 468 | N54: 145 | O54: 177.45 | P54: 26.62
A55: 22 | B55: П/л от 01.03.2015г. лист 2 | C55: Светильник для 4-х люминесцентных ламп мощ. 18Вт, потолочный, с ЭПРА, Кп<5%, с опаловым рассеивателем, IP20 OPL/S 418 HFR (Артикул- 1057000270, код - 25241860) | D55: шт. | E55: 10 | F55: 721,22 4884,95/1,18/5,74 | K55: 7212
A56: 23 | B56: П/л от 01.03.2015г. лист 2 | C56: Светильник для 4-х люминесцентных ламп мощ. 18Вт, потолочный, с ЭПРА, Кп<5%, с опаловым рассеивателем, IP20 OPL/S 418 ES1 (Артикул - 1057000240, код - 25241841) | D56: шт. | E56: 5 | F56: 784,12 5310,97/1,18/5,74 | K56: 3921
A57: 24 | B57: ТЕРм08-03-594-17 | C57: Светильник в подвесных потолках, устанавливаемый на закладных деталях, количество ламп в светильнике до 4 (1.8.3.ОППри производстве работ на высоте свыше расстояний, указанных в вводных указаниях к разделам сборника: при высоте свыше 2 до 8 м ОЗП=1,05; ТЗ=1,05) | D57: 100 шт. | E57: 0,13 13/100 | F57: 4946.01 | G57: 2405.63 | H57: 2395.55 | I57: 918.65 | K57: 643 | L57: 313 | M57: 311 | N57: 119 | O57: 172.2 | P57: 22.39
A58: 25 | B58: П/л от 01.03.2015г. лист 2 | C58: Светильник для 4-х люминесцентных ламп мощ.18Вт, встраиваемый, с ЭПРА, Кп<5% с опаловым рассеивателем, IP 20 OPL/R 418 /605/ HF (Артикул-1027000350, код-21241830) | D58: шт. | E58: 13 | F58: 351,91 2383,57/1,18/5,74 | K58: 4575
A59: 26 | B59: ТЕРм08-03-594-02 | C59: Светильник отдельно устанавливаемый на штырях с количеством ламп в светильнике 2 (1.8.3.ОППри производстве работ на высоте свыше расстояний, указанных в вводных указаниях к разделам сборника: при высоте свыше 2 до 8 м ОЗП=1,05; ТЗ=1,05) | D59: 100 шт. | E59: 0,1 (4+6)/100 | F59: 6936.16 | G59: 1701.55 | H59: 2228.22 | I59: 710.91 | K59: 694 | L59: 170 | M59: 223 | N59: 71 | O59: 121.8 | P59: 12.18
A60: 27 | B60: П/л от 16.04.2015г. лист 3 | C60: Светильник аварийного освещения "Полет" со встроенной Ni-Cd аккумуляторной батарееей на 3 часа с линейными люминесцентными лампами 2х8Вт, IP20, электронный ПРА (BS-913-2х8) | D60: шт. | E60: 4 | F60: 531,51 3600/1,18/5,74 | K60: 2126
A61: 28 | B61: П/л от 16.04.2015г. лист 3 | C61: Пиктограмма "Выход" арт. PP-32143.03 | D61: шт. | E61: 4 | F61: 51,67 350/1,18/5,74 | K61: 207
A62: 29 | B62: П/л от 16.04.2015г. лист 3 | C62: Светильник аварийного освещения "Универсал" со встроенной Ni-Cd аккумуляторной батарееей на 3 часа с линейными люминесцентными лампами 2х8Вт, IP20, электронный ПРА (BS-943-2х8) | D62: шт. | E62: 6 | F62: 428,16 2900/1,18/5,74 | K62: 2569
A63: 30 | B63: П/л от 16.04.2015г. лист 3 | C63: Пиктограмма "Выход" арт. NPU-3110.03 | D63: шт. | E63: 6 | F63: 14,03 95/1,18/5,74 | K63: 84
A64: 31 | B64: ТЕРм08-03-594-01 | C64: Светильник отдельно устанавливаемый на штырях с количеством ламп в светильнике 1 (1.8.3.ОППри производстве работ на высоте свыше расстояний, указанных в вводных указаниях к разделам сборника: при высоте свыше 2 до 8 м ОЗП=1,05; ТЗ=1,05) | D64: 100 шт. | E64: 0,04 4/100 | F64: 5815.91 | G64: 1290.83 | H64: 1526.51 | I64: 520.21 | K64: 233 | L64: 52 | M64: 61 | N64: 21 | O64: 92.4 | P64: 3.7
A65: 32 | B65: П/л от 28.01.2015 лист 1 | C65: Светильник ЛПО3053 1х9Вт 230В G23 IP54 (LLPO0-3053-1-9-K01) | D65: шт. | E65: 4 | F65: 72,82 493,23/1,18/5,74 | K65: 291
A66: 33 | B66: П/л от 21.05.2015г. лист 4 | C66: Компактная люминесцентная лампа с цоколем G23, 9Вт | D66: шт. | E66: 4 | F66: 19,28 130,61/1,18/5,74 | K66: 77
A67: 34 | B67: П/л от 21.05.2015г. лист 4 | C67: Линейная люминесцентная лампа (Т8), мощ.18Вт, с цоколем G13, d26мм L18W. | D67: шт. | E67: 112 | F67: 75,6 512,03/1,18/5,74 | K67: 8467
A68: 35 | B68: П/л от 21.05.2015г. лист 4 | C68: Линейная люминесцентная лампа (Т8), мощ.36Вт, с цоколем G13, d26мм L36W. | D68: шт. | E68: 20 | F68: 87,92 595,53/1,18/5,74 | K68: 1758
A69: 36 | B69: П/л от 21.05.2015г. лист | C69: Компактная люминесцентная лампа, мощ. 9Вт, с цоколем G23 DULUX S9W | D69: шт. | E69: 34 | F69: 19,28 130,61/1,18/5,74 | K69: 656
A70: 37 | B70: ТЕРм08-01-087-03 | C70: Металлические конструкции (для крепления светильников) (1.8.3.ОППри производстве работ на высоте свыше расстояний, указанных в вводных указаниях к разделам сборника: при высоте свыше 2 до 8 м ОЗП=1,05; ТЗ=1,05) | D70: 1 т | E70: 0,008 (5+3)/1000 | F70: 18498.87 | G70: 884.95 | H70: 643.96 | I70: 31.67 | K70: 148 | L70: 7 | M70: 5 | O70: 65.31 | P70: 0.52
A71: Прокладка кабеля
A72: 38 | B72: ТЕРм08-02-413-02 | C72: Провод (кабель), количество проводов в резинобитумной трубке до 2, сечение провода до 16 мм2 (1.8.3.ОППри производстве работ на высоте свыше расстояний, указанных в вводных указаниях к разделам сборника: при высоте свыше 2 до 8 м ОЗП=1,05; ТЗ=1,05) | D72: 100 м трубок | E72: 0,45 45/100 | F72: 1655.27 | G72: 390.95 | H72: 96.44 | I72: 6.01 | K72: 745 | L72: 176 | M72: 43 | N72: 3 | O72: 29.505 | P72: 13.28
A73: 39 | B73: П/л от 02.01.2015 г. лист 5-6 | C73: Труба ПВХ гибкая гофр. д.25мм, лёгкая с протяжкой, 50м, цвет серый (91925) | D73: м | E73: 45 | F73: 2,12 14,38/1,18/5,74 | K73: 95
A74: 40 | B74: П/л от 02.01.2015 г. лист 5-6 | C74: Держатель оцинкованный двусторонний, д.25 - 26 мм (53357) | D74: шт. | E74: 10 | F74: 0,79 5,36/1,18/5,74 | K74: 8
A75: 41 | B75: ТЕРм08-02-396-01 | C75: Короб металлический на конструкциях, кронштейнах, по конструкциям чердака, длина 2 м (по чердаку, при переходе с этажа на этаж) (1.8.3.ОППри производстве работ на высоте свыше расстояний, указанных в вводных указаниях к разделам сборника: при высоте свыше 2 до 8 м ОЗП=1,05; ТЗ=1,05) | D75: 100 м | E75: 0,48 (24+24)/100 | F75: 2113.34 | G75: 523.11 | H75: 950.56 | I75: 216.12 | K75: 1014 | L75: 251 | M75: 456 | N75: 104 | O75: 39.48 | P75: 18.95
A76: 42 | B76: П/л от 02.01.2015 г. лист 5-6 | C76: Лоток 50х50 L 2000 (35010) | D76: м | E76: 24 | F76: 27,83 188,52/1,18/5,74 | K76: 668
A77: 43 | B77: П/л от 02.01.2015 г. лист 5-6 | C77: Крышка на лоток с заземлением осн. 50 L 2000 (35510) | D77: м | E77: 24 | F77: 18,13 122,83/1,18/5,74 | K77: 435
A78: 44 | B78: П/л от 02.01.2015 г. лист 5-6 | C78: Лоток 100х50 L 2000 (35012) | D78: м | E78: 24 | F78: 35,34 239,36/1,18/5,74 | K78: 848
A79: 45 | B79: П/л от 02.01.2015 г. лист 5-6 | C79: Крышка на лоток с заземлением осн. 100 L 2000 (35512) | D79: м | E79: 24 | F79: 23,87 161,70/1,18/5,74 | K79: 573
A80: 46 | B80: П/л от 02.01.2015 г. лист 5-6 | C80: Заглушка TC 50x50 (37240) | D80: шт. | E80: 2 | F80: 16,53 111,95/1,18/5,74 | K80: 33
A81: 47 | B81: П/л от 02.01.2015 г. лист 5-6 | C81: Ответвитель DPT Т-образный горизонтальный 50х50_x000D_ (36120) | D81: шт. | E81: 3 | F81: 139,22 942,99/1,18/5,74 | K81: 418
A82: 48 | B82: П/л от 02.01.2015 г. лист 5-6 | C82: Угол CPO 90 горизонтальный 90° 50х50 (36000) | D82: шт. | E82: 3 | F82: 80,23 543,40/1,18/5,74 | K82: 241
A83: 49 | B83: П/л от 02.01.2015 г. лист 5-6 | C83: Угол CD 90 вертикальный внеш. 90° 50/50 (36780) | D83: шт. | E83: 5 | F83: 107,46 727,82/1,18/5,74 | K83: 537
A84: 50 | B84: П/л от 02.01.2015 г. лист 5-6 | C84: Заглушка сборная ТС 100х50 (30193) | D84: шт. | E84: 2 | F84: 17,78 120,41/1,18/5,74 | K84: 36
A85: 51 | B85: П/л от 02.01.2015 г. лист 5-6 | C85: Ответвитель DPT Т-образный горизонтальный 100х50_x000D_ (36122) | D85: шт. | E85: 3 | F85: 151,26 1024,49/1,18/5,74 | K85: 454
A86: 52 | B86: П/л от 02.01.2015 г. лист 5-6 | C86: Угол CPO 90 горизонтальный 90° 100х50 (36002) | D86: шт. | E86: 3 | F86: 93,18 631,11/1,18/5,74 | K86: 280
A87: 53 | B87: П/л от 02.01.2015 г. лист 5-6 | C87: Угол CD 90 вертикальный внеш. 90° 100/50 (36782) | D87: шт. | E87: 5 | F87: 109,49 741,59/1,18/5,74 | K87: 547
